Workbook
Name \0: #REF!
Name \00: #REF!
Name \a: #REF!
Name \a: #REF!
Name \a: #REF!
Name \a: #REF!
Name \a: #REF!
Name \a: #REF!
Name \a: #REF!
Name \a: #REF!
Name \a: #REF!
Name \a: #REF!
Name \a: #REF!
Name \a: #REF!
Name \a: #REF!
Name \a: #REF!
Name \a: #REF!
Name \a: #REF!
Name \a: #REF!
Name \a: #REF!
Name \a: #REF!
Name \a: #REF!
Name \a: #REF!
Name \a: #REF!
Name \a: #REF!
Name \a: #REF!
Name \a: #REF!
Name \a: #REF!
Name \a: #REF!
Name \a: #REF!
Name \a: #REF!
Name \AA: [1]LIQUIDACION!#REF!
Name \b: [2]STRSUMM0!#REF!
Name \bb: [2]STRSUMM0!#REF!
Name \E: #REF!
Name \EE: #REF!
Name \G: #REF!
Name \k: '[3]7422CW00'!#REF!
Name \l: [4]STRSUMM0!#REF!
Name \M: #REF!
Name \ñ: '[5]7422CW00'!#REF!
Name \P: #REF!
Name \R: #REF!
Name \s: #REF!
Name \s: #REF!
Name \s: #REF!
Name \s: #REF!
Name \s: #REF!
Name \s: #REF!
Name \s: #REF!
Name \s: #REF!
Name \s: #REF!
Name \s: #REF!
Name \s: #REF!
Name \s: #REF!
Name \s: #REF!
Name \s: #REF!
Name \s: #REF!
Name \s: #REF!
Name \s: #REF!

Sheet PRESUPUESTO4
A1: MUNICIPIO DE NEIVA
A2: OBJETO: MANTENIMIENTO DE LAS INSTALACIONE DEL EDIFICO MUNICIPAL DE LA ALCADIA DE NEIVA
A4: PRESUPUESTO OFICIAL
F6: =+TODAY() -> 45860
A7: ÍTEM | B7: DESCRIPCIÓN | C7: UND | D7: CANTIDAD | E7: PRECIO UNITARIO | F7: VALOR TOTAL DIRECTO | H7: RENDIMIENTOS | I7: EQUIPO | J7: MATREIALES | K7: TRASPORTE | L7: Mno OBRA | M7: TOTAL | N7: AIU | O7: Mno Obra Calificada | P7: dias
A8: 1 | B8: PRIMER PISO
A9: 1.1 | B9: =+ANALISIS66 -> SUMINISTRO Y APLICACION PINTURA VINILICA TIPO I SOBRE MURO , (Incluye sumistro Pintura, lijado y pintura (3manos) sobre muro ) | C9: =+'2.1-7,2-10.1'!$F$7 -> M2 | D9: =175+74 -> 249 | E9: =+'2.1-7,2-10.1'!$H$45 -> 17368 | F9: =E9*D9 -> 4324632 | H9: ='1.2'!$B$54 -> 0 | I9: =D9*'1.2'!$H$16 -> 249000 | J9: =D9*'1.2'!$H$26 -> 5154300 | K9: =D9*'1.2'!$H$33 -> 0 | L9: =D9*'1.2'!$H$43 -> 5079600 | M9: =I9+J9+K9+L9 -> 10482900 | N9: =M9*30% -> 3144870 | O9: =(80000*P9) -> #DIV/0! | P9: =(D9/H9)/8 -> #DIV/0! | Q9: =+D9+D13+D18+D23+D28 -> 1095
A10: 1.2 | B10: =+ANALISIS70 -> PINTURA TIPO I SOBRE PLACA (Incluye sumistro, lijado y pintura sobre Placa o ciel raso) | C10: =+'2.4-10.4'!$F$7 -> M2 | D10: 133 | E10: =+'2.4-10.4'!$H$45 -> 18602 | F10: =E10*D10 -> 2474066 | H10: =#REF! -> #REF! | I10: =D10*#REF! -> #REF! | J10: =D10*#REF! -> #REF! | K10: =D10*#REF! -> #REF! | L10: =D10*#REF! -> #REF! | M10: =I10+J10+K10+L10 -> #REF! | N10: =M10*30% -> #REF! | O10: =(80000*P10) -> #REF! | P10: =(D10/H10)/8 -> #REF! | Q10: =+D10+D14+D19+D24 -> 568
A11: 1.3 | B11: =+ANALISIS71 -> ESTUCO Y RESANE SOBRE MUROS O PLACA (Incluye el suministro, y aplicación estuco mas lijado ) | C11: =+'2.2-7,3-10.2'!$F$7 -> M2 | D11: 200 | E11: =+'2.2-7,3-10.2'!$H$45 -> 12810 | F11: =E11*D11 -> 2562000 | H11: =#REF! -> #REF! | I11: =D11*#REF! -> #REF! | J11: =D11*#REF! -> #REF! | K11: =D11*#REF! -> #REF! | L11: =D11*#REF! -> #REF! | M11: =I11+J11+K11+L11 -> #REF! | N11: =M11*30% -> #REF! | O11: =(80000*P11) -> #REF! | P11: =(D11/H11)/8 -> #REF! | Q11: =+D11+D15+D20+D25+D29 -> 767
A12: 2 | B12: SEGUNDO PISO
A13: 2.1 | B13: =+ANALISIS66 -> SUMINISTRO Y APLICACION PINTURA VINILICA TIPO I SOBRE MURO , (Incluye sumistro Pintura, lijado y pintura (3manos) sobre muro ) | C13: =+'2.1-7,2-10.1'!$F$7 -> M2 | D13: 202 | E13: =+'2.1-7,2-10.1'!$H$45 -> 17368 | F13: =E13*D13 -> 3508336 | H13: ='1.2'!$B$54 -> 0 | I13: =D13*'1.2'!$H$16 -> 202000 | J13: =D13*'1.2'!$H$26 -> 4181400 | K13: =D13*'1.2'!$H$33 -> 0 | L13: =D13*'1.2'!$H$43 -> 4120800 | M13: =I13+J13+K13+L13 -> 8504200 | N13: =M13*30% -> 2551260 | O13: =(80000*P13) -> #DIV/0! | P13: =(D13/H13)/8 -> #DIV/0!
A14: 2.2 | B14: =+ANALISIS70 -> PINTURA TIPO I SOBRE PLACA (Incluye sumistro, lijado y pintura sobre Placa o ciel raso) | C14: =+'2.4-10.4'!$F$7 -> M2 | D14: 172 | E14: =+'2.4-10.4'!$H$45 -> 18602 | F14: =E14*D14 -> 3199544 | H14: =#REF! -> #REF! | I14: =D14*#REF! -> #REF! | J14: =D14*#REF! -> #REF! | K14: =D14*#REF! -> #REF! | L14: =D14*#REF! -> #REF! | M14: =I14+J14+K14+L14 -> #REF! | N14: =M14*30% -> #REF! | O14: =(80000*P14) -> #REF! | P14: =(D14/H14)/8 -> #REF!
A15: 2.2 | B15: =+ANALISIS71 -> ESTUCO Y RESANE SOBRE MUROS O PLACA (Incluye el suministro, y aplicación estuco mas lijado ) | C15: =+'2.2-7,3-10.2'!$F$7 -> M2 | D15: 121 | E15: =+'2.2-7,3-10.2'!$H$45 -> 12810 | F15: =E15*D15 -> 1550010 | H15: =#REF! -> #REF! | I15: =D15*#REF! -> #REF! | J15: =D15*#REF! -> #REF! | K15: =D15*#REF! -> #REF! | L15: =D15*#REF! -> #REF! | M15: =I15+J15+K15+L15 -> #REF! | N15: =M15*30% -> #REF! | O15: =(80000*P15) -> #REF! | P15: =(D15/H15)/8 -> #REF!
A16: 3.2 | B16: =+ANALISIS69 -> SUMINISTRO Y APLICACION PINTURA GUARDAESCOBA (Incluye sumistro Pintura, lijado y pintura sobre muro) | C16: =+'2.3-10.3'!$F$7 -> ML | D16: 102 | E16: =+'2.3-10.3'!$H$45 -> 7411 | F16: =E16*D16 -> 755922
A17: 3 | B17: TERCER PISO
A18: 3.1 | B18: =+ANALISIS66 -> SUMINISTRO Y APLICACION PINTURA VINILICA TIPO I SOBRE MURO , (Incluye sumistro Pintura, lijado y pintura (3manos) sobre muro ) | C18: =+'2.1-7,2-10.1'!$F$7 -> M2 | D18: 256 | E18: =+'2.1-7,2-10.1'!$H$45 -> 17368 | F18: =E18*D18 -> 4446208 | H18: =#REF! -> #REF! | I18: =D18*#REF! -> #REF! | J18: =D18*#REF! -> #REF! | K18: =D18*#REF! -> #REF! | L18: =D18*#REF! -> #REF! | M18: =I18+J18+K18+L18 -> #REF! | N18: =M18*30% -> #REF! | O18: =(80000*P18) -> #REF! | P18: =(D18/H18)/8 -> #REF!
A19: 3.2 | B19: =+ANALISIS70 -> PINTURA TIPO I SOBRE PLACA (Incluye sumistro, lijado y pintura sobre Placa o ciel raso) | C19: =+'2.4-10.4'!$F$7 -> M2 | D19: 119 | E19: =+'2.4-10.4'!$H$45 -> 18602 | F19: =E19*D19 -> 2213638 | H19: =#REF! -> #REF! | I19: =D19*#REF! -> #REF! | J19: =D19*#REF! -> #REF! | K19: =D19*#REF! -> #REF! | L19: =D19*#REF! -> #REF! | M19: =I19+J19+K19+L19 -> #REF! | N19: =M19*30% -> #REF! | O19: =(80000*P19) -> #REF! | P19: =(D19/H19)/8 -> #REF!
A20: 3.3 | B20: =+ANALISIS71 -> ESTUCO Y RESANE SOBRE MUROS O PLACA (Incluye el suministro, y aplicación estuco mas lijado ) | C20: =+'2.2-7,3-10.2'!$F$7 -> M2 | D20: 180 | E20: =+'2.2-7,3-10.2'!$H$45 -> 12810 | F20: =E20*D20 -> 2305800
A21: 3.4 | B21: =+ANALISIS69 -> SUMINISTRO Y APLICACION PINTURA GUARDAESCOBA (Incluye sumistro Pintura, lijado y pintura sobre muro) | C21: =+'2.3-10.3'!$F$7 -> ML | D21: 80 | E21: =+'2.3-10.3'!$H$45 -> 7411 | F21: =E21*D21 -> 592880
A22: 4 | B22: CUARTO PISO
A23: 4.1 | B23: =+ANALISIS66 -> SUMINISTRO Y APLICACION PINTURA VINILICA TIPO I SOBRE MURO , (Incluye sumistro Pintura, lijado y pintura (3manos) sobre muro ) | C23: =+'2.1-7,2-10.1'!$F$7 -> M2 | D23: 245 | E23: =+'2.1-7,2-10.1'!$H$45 -> 17368 | F23: =E23*D23 -> 4255160 | H23: =#REF! -> #REF! | I23: =D23*#REF! -> #REF! | J23: =D23*#REF! -> #REF! | K23: =D23*#REF! -> #REF! | L23: =D23*#REF! -> #REF! | M23: =I23+J23+K23+L23 -> #REF! | N23: =M23*30% -> #REF! | O23: =(80000*P23) -> #REF! | P23: =(D23/H23)/8 -> #REF!
A24: 4.2 | B24: =+ANALISIS70 -> PINTURA TIPO I SOBRE PLACA (Incluye sumistro, lijado y pintura sobre Placa o ciel raso) | C24: =+'2.4-10.4'!$F$7 -> M2 | D24: 144 | E24: =+'2.4-10.4'!$H$45 -> 18602 | F24: =E24*D24 -> 2678688 | H24: =#REF! -> #REF! | I24: =D24*#REF! -> #REF! | J24: =D24*#REF! -> #REF! | K24: =D24*#REF! -> #REF! | L24: =D24*#REF! -> #REF! | M24: =I24+J24+K24+L24 -> #REF! | N24: =M24*30% -> #REF! | O24: =(80000*P24) -> #REF! | P24: =(D24/H24)/8 -> #REF!
A25: 4.3 | B25: =+ANALISIS71 -> ESTUCO Y RESANE SOBRE MUROS O PLACA (Incluye el suministro, y aplicación estuco mas lijado ) | C25: =+'2.2-7,3-10.2'!$F$7 -> M2 | D25: 123 | E25: =+'2.2-7,3-10.2'!$H$45 -> 12810 | F25: =E25*D25 -> 1575630
A26: 4.4 | B26: =+ANALISIS69 -> SUMINISTRO Y APLICACION PINTURA GUARDAESCOBA (Incluye sumistro Pintura, lijado y pintura sobre muro) | C26: =+'2.3-10.3'!$F$7 -> ML | D26: 82 | E26: =+'2.3-10.3'!$H$45 -> 7411 | F26: =E26*D26 -> 607702
A27: 5 | B27: QUINTO PISO
A28: 5.1 | B28: =+ANALISIS66 -> SUMINISTRO Y APLICACION PINTURA VINILICA TIPO I SOBRE MURO , (Incluye sumistro Pintura, lijado y pintura (3manos) sobre muro ) | C28: =+'2.1-7,2-10.1'!$F$7 -> M2 | D28: 143 | E28: =+'2.1-7,2-10.1'!$H$45 -> 17368 | F28: =E28*D28 -> 2483624 | H28: =#REF! -> #REF! | I28: =D28*#REF! -> #REF! | J28: =D28*#REF! -> #REF! | K28: =D28*#REF! -> #REF! | L28: =D28*#REF! -> #REF! | M28: =I28+J28+K28+L28 -> #REF! | N28: =M28*30% -> #REF! | O28: =(80000*P28) -> #REF! | P28: =(D28/H28)/8 -> #REF!
A29: 5.3 | B29: =+ANALISIS71 -> ESTUCO Y RESANE SOBRE MUROS O PLACA (Incluye el suministro, y aplicación estuco mas lijado ) | C29: =+'2.2-7,3-10.2'!$F$7 -> M2 | D29: =+D28 -> 143 | E29: =+'2.2-7,3-10.2'!$H$45 -> 12810 | F29: =E29*D29 -> 1831830
F32: =E32*D32 -> 0 | H32: =#REF! -> #REF! | I32: =D32*#REF! -> #REF! | J32: =D32*#REF! -> #REF! | K32: =D32*#REF! -> #REF! | L32: =D32*#REF! -> #REF! | M32: =I32+J32+K32+L32 -> #REF! | N32: =M32*30% -> #REF! | O32: =(80000*P32) -> #REF! | P32: =(D32/H32)/8 -> #REF!
F33: =E33*D33 -> 0 | H33: =#REF! -> #REF! | I33: =D33*#REF! -> #REF! | J33: =D33*#REF! -> #REF! | K33: =D33*#REF! -> #REF! | L33: =D33*#REF! -> #REF! | M33: =I33+J33+K33+L33 -> #REF! | N33: =M33*30% -> #REF! | O33: =(80000*P33) -> #REF! | P33: =(D33/H33)/8 -> #REF!
B34: SUBTOTAL | F34: =SUM(F9:F29) -> 41365670
B35: VALOR TOTAL DIRECTO | F35: =F34 -> 41365670
B36: ADMINISTRACION (Porcentaje sobre los costos directos) | C36: % | E36: 0.2 | F36: =E36*F35 -> 8273134
B37: IMPREVISTOS (Porcentaje sobre los costos directos) | C37: % | E37: 0.01 | F37: =E37*F35 -> 413656.7
B38: UTILIDADES (Porcentaje sobre los costos directos) | C38: % | E38: 0.04 | F38: =E38*F35 -> 1654626.8
B39: IVA SOBRE UTILIDAD (Porcentaje sobre la utilidad) | C39: % | F39: =E39*F38 -> 0
B40: VALOR TOTAL | F40: =SUM(F35:F39) -> 51707088
B43: TOTAL COSTO | F43: =SUM(F9:F36) -> 132370144 | I43: =SUM(I9:I34) -> #REF! | J43: =SUM(J9:J34) -> #REF! | K43: =SUM(K9:K34) -> #REF! | L43: =SUM(L9:L34) -> #REF! | M43: =SUM(M9:M34) -> #REF! | N43: =M43*30% -> #REF! | O43: =SUM(O9:O34) -> #DIV/0!
B44: AIU | C44: 0.1 | F44: =ROUND(F43*C44,0) -> 13237014 | H44: MILES DE PESOS | I44: =I43/1000 -> #REF! | J44: =J43/1000 -> #REF! | K44: =K43/1000 -> #REF! | L44: =L43/1000 -> #REF! | M44: =M43/1000 -> #REF! | N44: =N43/1000 -> #REF!
B45: TOTAL PRESUPUESTO | F45: =F43 -> 132370144
F48: =F43-#REF! -> #REF!
B53: JUAN CARLOS VASQUEZ GUZMAN
B54: FUTURO CONSTRUCCIONES LTDA
B55: NIT. 900 008 526-3

Sheet Hoja1
A1: MUNICIPIO DE GARZON
A2: ANEXO No. 2
A3: VALOR TOTAL DE LA PROPUESTA
A4: LISTA DE CANTIDADES
A6: Proponente: Consorcio Éxito
A7: PROCESO DE SELECCIÓN ABREVIADA DE MENOR CUANTÍA No. 020 DE 2011 de objeto : “REALIZAR A TODO COSTO LA CONSTRUCCION DEL CERRAMIENTO EN MALLA ESLABONADA DE LA INSTITUCION EDUCATIVA AGROPECUARIO DEL HUILA SEDE PROVIDENCIA PRIMARIA DEL MUNICIPIO DE GARZON”.
A8: ITEM | B8: CODIGOS CUBS | C8: DESCRIPCION | D8: UND | E8: CANT | F8: V/UNIT | G8: V/TOTAL
A9: 1 | C9: PRELIMINARES
A10: 1.1 | B10: 3.3.1.6 | C10: Localización y replanteo manual | D10: ML | E10: 119 | F10: 2420 | G10: =F10*E10 -> 287980 | I10: =G10/'[169]Hoja1 (2)'!G9 -> 0.8900331 | J10: =1-I10 -> 0.1099669
A11: 2 | C11: MOVIMIENTO DE TIERRAS
A12: 2.1 | B12: 3.3.2.2.1 | C12: Excavación manual con retiro hasta h=2,9m | D12: M3 | E12: 23.8 | F12: 21700 | G12: =F12*E12 -> 516460 | I12: =G12/'[169]Hoja1 (2)'!G11 -> 0.99930923 | J12: =1-I12 -> 0.00069076675
A13: 3 | C13: CIMENTACIONES
A14: 3.1 | B14: 3.6.6.6.47 | C14: Concreto ciclopeo bases (60% concreto de 2500 psi y 40% piedra media zonga) | D14: M3 | E14: 14.28 | F14: 260000 | G14: =F14*E14 -> 3712800 | I14: =G14/'[169]Hoja1 (2)'!G13 -> 0.97322144 | J14: =1-I14 -> 0.026778562
A15: 3.2 | B15: 3.3.6.1 | C15: Viga sobrecimiento en concreto de 3000 psi 0,20X0,15 mts. Incluye refuerzo | D15: ML | E15: 119 | F15: 40000 | G15: =F15*E15 -> 4760000 | I15: =G15/'[169]Hoja1 (2)'!G14 -> 0.98463962 | J15: =1-I15 -> 0.015360378
A16: 4 | C16: ESTRUCTURAS EN CONCRETO
A17: 4.1 | B17: 3.3.6.6 | C17: Columna en concreto de 3000 psi S=0,20X0,15 mts. Incluye refuerzo | D17: ML | E17: 21 | F17: 48000 | G17: =F17*E17 -> 1008000 | I17: =G17/'[169]Hoja1 (2)'!G16 -> 0.99237115 | J17: =1-I17 -> 0.0076288532
A18: 5 | C18: MAMPOSTERIA
A19: 5.1 | B19: 3.3.4.2.1 | C19: Muro ladrillo tolete común e=0.12m | D19: M2 | E19: 58 | F19: 31600 | G19: =F19*E19 -> 1832800 | I19: =G19/'[169]Hoja1 (2)'!G18 -> 0.99854642 | J19: =1-I19 -> 0.0014535802
A20: 6 | C20: CARPINTERIA METALICA
A21: 6.1 | B21: 3.3.1.4 | C21: Suministro e instalación de columnas en tubería galvanizada de 2" y malla eslabonada calibre 10 en cuadro con ángulo de 1 1/2" x 1/8", incluye pintura de los elementos no galvanizados y tres hiladas de alambre de púas en la parte superior. altura de malla 2,0 mts. incluye portón en el mismo material en cada sector estipulado. | D21: ML | E21: 119 | F21: 165000 | G21: =F21*E21 -> 19635000 | I21: =G21/'[169]Hoja1 (2)'!G20 -> 0.97963546 | J21: =1-I21 -> 0.020364543
A22: 7 | C22: TRANSPORTE
A23: 7.1 | B23: 3.6.9.3 | C23: Transporte de material | D23: VJ | E23: 3 | F23: 300000 | G23: =F23*E23 -> 900000 | I23: =G23/'[169]Hoja1 (2)'!G22 -> 1 | J23: =1-I23 -> 0
D25: COSTO DIRECTO | G25: =SUM(G10:G23) -> 32653040
D26: COSTO INDIRECTO (25%) | G26: =G25*0.25 -> 8163260
D27: COSTO TOTAL DE OBRA | G27: =SUM(G25:G26) -> 40816300 | I27: =G27/'[169]Hoja1 (2)'!G26 -> 0.98104373 | J27: =1-I27 -> 0.01895627
A31: Juan Carlos Vasquez Guzman
A32: Representante Legal
A33: Consorcio Éxito
A34: Fecha: Garzon 9 septiembre de 2011

Sheet Hoja3
A1: COTIZACION MATERIAL
C2: PROVEEDOR
A3: DESCRIPCION | B3: UNDAD | C3: FERRETIRIA HORIZONTE | D3: FERRESUTIMOS | E3: JOSE D BASTO | F3: PROMEDIO | G3: PRECIO SUGERIDO
A4: PINTURA TIPO I | B4: 5 GALONES | C4: 240000 | D4: 330000 | E4: 336000 | F4: =(SUM(C4:E4))/3 -> 302000 | G4: =+E4 -> 336000
A5: PINTURA TIPO I | B5: GALON | C5: 45000 | D5: 60000 | E5: =195714/2.5 -> 78285.6 | F5: =(SUM(C5:E5))/3 -> 61095.2 | G5: =+E5 -> 78285.6
A6: ESTUCO PLASTICO | B6: 5 GALONES | C6: 60000 | E6: 99916 | F6: =(SUM(C6:E6))/3 -> 53305.333
A7: ESTUCO PLASTICO | B7: GALON | C7: 25000 | F7: =+C7 -> 25000 | G7: =+F7 -> 25000
A8: PINTRA ESMALTE | B8: GALON | D8: 90000 | E8: 118900 | F8: =SUM(C8:E8)/2 -> 104450 | G8: =+F8 -> 104450

Sheet PRESUPUESTO OFICIAL (Entidad)
C3: Formulario 1 - Propuesta económica - Licitación de obra pública de infraestructura social
C4: Código | D4: CCE-EICP-FM-116 | E4: Versión | F4: 1
C6: PRESUPUESTO OFICIAL
C7: [La Entidad puede utilizar este Formulario de detalle del Presupuesto Oficial para determinar las condiciones bajo las cuales los Proponentes analizarán y presentarán su propuesta económica de forma detallada, sin perjuicio que la Entidad pueda modificarlo o establecer la presentación de la oferta económica con un Formulario distinto al indicado.]
C9: Adicionalmente, cuando el Proceso de Contratación es estructurado por Precios Unitarios, la Entidad debe aplicar las notas 1, 2 y 3 del presente Formulario y las casillas de "Descripción", "Porcentaje" de la Administración, Imprevisto, Utilidad y total A.I.U. resaltadas en color amarillo. Tratándose de otras modalidades de precio, la Entidad puede o no configurar los mismos aspectos.
C10: =+PPTO!A2 -> MANTENIMIENTO DE LAS INSTALACIONES DEL EDIFICIO Y OTRAS DEPENDENCIA DEL MUNICIPAL DE LA ALCALDIA DE NEIVA
C11: Nº | D11: ÍTEM DE PAGO | E11: ESPECIFICACIONES | G11: DESCRIPCIÓN | H11: UND. | I11: CANTIDAD | J11: VALOR UNITARIO | K11: VALOR TOTAL
E12: GENERAL | F12: PARTICULAR
D13: =+PPTO!B6 -> MANTENIMIENTO Y/O ADECUACION DEL 2 PISO Y OTROS + CANAL PERIMETRAL EXTERNA DEL EDIFICO MUNICIPAL
D14: 1 | G14: =+PPTO!B8 -> CANALES - BAJANTES
C15: 1 | D15: 1.1 | G15: =+'1,1'!D25 -> CANAL AGUA LLUVIA METALICA DE 0,35 X 0,20,025M METALICA C.18 (Incluye Suministro e instalacion con sus accesorios) | H15: =+'1,1'!N25 -> ML | I15: =+PPTO!D9 -> 86 | J15: =+'1,1'!O69 -> 165848 | K15: =+J15*I15 -> 14262928 | N15: =+K15-PPTO!F9 -> 0
C16: 2 | D16: 1.2 | G16: =+'1,2'!D25 -> ANGULO METALICO 1 1/2 x 1/8 (Incluye suministro e instalacion y todos los accesorios necesarios para su instalacion) | H16: =+'1,2'!N25 -> UND | I16: =+PPTO!D10 -> 29 | J16: =+'1,2'!O69 -> 54730 | K16: =+J16*I16 -> 1587170 | N16: =+K16-PPTO!F10 -> 0
C17: 3 | D17: 1.3 | G17: =+'1,3'!D25 -> TUBERIA 4" SANITARIA PVC PARA BAJANTE EN FACHADA PRINCIPAL (incluye suministro e instalacion) | H17: =+'1,3'!N25 -> ML | I17: =+PPTO!D11 -> 89 | J17: =+'1,3'!O69 -> 84607 | K17: =+J17*I17 -> 7530023 | N17: =+K17-PPTO!F11 -> 0
D18: 2 | G18: =+PPTO!B14 -> ESTUCO Y PINTURA AREA COMUNES
C19: 4 | D19: 2.1 | G19: =+'2,1-7,2-10,1'!D25 -> SUMINISTRO Y APLICACION PINTURA VINILICA TIPO I SOBRE MURO , (Incluye sumistro Pintura, lijado y pintura (3manos) sobre muro ) | H19: =+'2,1-7,2-10,1'!N25 -> M2 | I19: =+PPTO!D15 -> 648 | J19: =+'2,1-7,2-10,1'!O69 -> 22578 | K19: =+J19*I19 -> 14630544 | N19: =+K19-PPTO!F15 -> 0
C20: 5 | D20: 2.2 | G20: =+'2,2-7,3-10,2'!D25 -> ESTUCO Y RESANE SOBRE MUROS O PLACA (Incluye el suministro, y aplicación estuco mas lijado ) | H20: =+'2,2-7,3-10,2'!N25 -> M2 | I20: =+PPTO!D16 -> 323 | J20: =+'2,2-7,3-10,2'!O69 -> 16653 | K20: =+J20*I20 -> 5378919 | N20: =+K20-PPTO!F16 -> 0
C21: 6 | D21: 2.3 | G21: =+'2,3-10,3'!D25 -> SUMINISTRO Y APLICACION PINTURA GUARDAESCOBA (Incluye sumistro Pintura, lijado y pintura sobre muro) | H21: =+'2,3-10,3'!N25 -> ML | I21: =+PPTO!D17 -> 279 | J21: =+'2,3-10,3'!O69 -> 9634 | K21: =+J21*I21 -> 2687886 | N21: =+K21-PPTO!F17 -> 0
C22: 7 | D22: 2.4 | G22: =+'2,4-10,4'!D25 -> PINTURA TIPO I SOBRE PLACA (Incluye sumistro, lijado y pintura sobre Placa o ciel raso) | H22: =+'2,4-10,4'!N25 -> M2 | I22: =+PPTO!D18 -> 415 | J22: =+'2,4-10,4'!O69 -> 24182 | K22: =+J22*I22 -> 10035530 | N22: =+K22-PPTO!F18 -> 0
D23: 3 | G23: =+PPTO!B19 -> CARPINTERIA METALICA, DIVISIONES Y ACCESORIOS
C24: 8 | D24: 3.1 | G24: =+'3,1'!D25 -> SUMINISTRO E INSTALACION VENTANA EN VIDRIO REFLECTIVO 4MM (Incluye todos los elementos y accesorios para su instalacion) | H24: =+'3,1'!N25 -> M2 | I24: =+PPTO!D20 -> 44.2 | J24: =+'3,1'!O69 -> 205715 | K24: =+J24*I24 -> 9092603 | N24: =+K24-PPTO!F20 -> 0
C25: 9 | D25: 3.2 | G25: =+'3,2'!D25 -> SUMINISTRO E INSTALACION POLARIZADO EN FOTO IMPRESIÓN LAMINADO | H25: =+'3,2'!N25 -> M2 | I25: =+PPTO!D21 -> 15.6 | J25: =+'3,2'!O69 -> 133775 | K25: =+J25*I25 -> 2086890 | N25: =+K25-PPTO!F21 -> 0
C26: 10 | D26: 3.3 | G26: =+'3,3'!D25 -> DIVISION EN DRY WALL (Incluye suministro e instalacion y accesorios) | H26: =+'3,3'!N25 -> M2 | I26: =+PPTO!D22 -> 3.44 | J26: =+'3,3'!O76 -> 72462 | K26: =+J26*I26 -> 249269.28 | N26: =+K26-PPTO!F22 -> 0
C27: 11 | D27: 3.4 | G27: =+'8,1- 3,4'!D25 -> SUMINISTRO E INSTALACION PUERTA EN MADERA DE 2X1M (incluye marco metalicoy chapa) | H27: =+'8,1- 3,4'!N25 -> UND | I27: =+PPTO!D23 -> 1 | J27: =+'8,1- 3,4'!O69 -> 530140 | K27: =+J27*I27 -> 530140 | N27: =+K27-PPTO!F23 -> 0
C28: 12 | D28: 3.5 | G28: =+'3,5'!D25 -> INSTALACION DE CIERRA PUERTA HIDRAULICO DE 80KG | H28: =+'3,5'!N25 -> UND | I28: =+PPTO!D24 -> 1 | J28: =+'3,5'!O69 -> 343727 | K28: =+J28*I28 -> 343727 | N28: =+K28-PPTO!F24 -> 0
C29: 13 | D29: 3.6 | G29: =+'3,6'!D25 -> SUMINISTRO E INSTALACION DE PUERTA Y DIVISION EN ALUMINIO, INCLUYE MANO DE OBRA Y ELEMENTOS | H29: =+'3,6'!N25 -> M2 | I29: =+PPTO!D25 -> 8.8 | J29: =+'3,6'!O69 -> 751644 | K29: =+J29*I29 -> 6614467.2 | N29: =+K29-PPTO!F25 -> 0
D30: 4 | G30: =+PPTO!B26 -> IMPERMEABILIZACION
C31: 14 | D31: 4.1 | G31: =+'4,1'!D25 -> IMPERMEABILIZACION CANALES MANTO ASFALTICO Y FOIL ALUMINIO | H31: =+'4,1'!N25 -> M2 | I31: =+PPTO!D27 -> 86 | J31: =+'4,1'!O69 -> 71936 | K31: =+J31*I31 -> 6186496 | N31: =+K31-PPTO!F27 -> 0
C32: SUBTOTAL OBRAS | K32: =SUM(K15:K31) -> 81216592 | N32: =+K32-PPTO!F33 -> 0
D33: =+PPTO!B39 -> INSTALACIONES ELECTRICAS - DATOS
D34: 5 | G34: =+PPTO!B40 -> DESMONTES
C35: 15 | D35: 5.1 | G35: =+'5,1-11,1'!D25 -> DESMONTE DE LUMIINARIA LED EXISTENTE | H35: =+'5,1-11,1'!N25 -> UND | I35: =+PPTO!D41 -> 60 | J35: =+'5,1-11,1'!O69 -> 17550 | K35: =+J35*I35 -> 1053000 | N35: =+K35-PPTO!F41 -> 0
D36: 6 | G36: =+PPTO!B42 -> APARATOS ELECTRICOS
C37: 16 | D37: 6.1 | G37: =+'6,1-8,2-12,1'!D25 -> SUMINISTRO E INSTALACION LAMAPRAS 60X60 , 40 INCLUYE MARCOS | H37: =+'6,1-8,2-12,1'!N25 -> UND | I37: =+PPTO!D43 -> 60 | J37: =+'6,1-8,2-12,1'!O69 -> 220647 | K37: =+J37*I37 -> 13238820 | N37: =+K37-PPTO!F43 -> 0
C38: 17 | D38: 6.2 | G38: =+'6,2'!D25 -> SUMINISTRO E INSTALACION DE CABLE UTP CAT 6A TENDIDO Y CERTIFICADO | H38: =+'6,2'!N25 -> ML | I38: =+PPTO!D44 -> 915 | J38: =+'6,2'!O69 -> 10499 | K38: =+J38*I38 -> 9606585 | N38: =+K38-PPTO!F44 -> 0
C39: 18 | D39: 6.3 | G39: =+'6,3'!D25 -> SUMINISTRO, TRANSPORTE E INSTALACIÓN DE CANALETA PLASTICA (12 X 5) CM CON DIVISIÓN | H39: =+'6,3'!N25 -> ML | I39: =+PPTO!D45 -> 70 | J39: =+'6,3'!O69 -> 111671 | K39: =+J39*I39 -> 7816970 | N39: =+K39-PPTO!F45 -> 0
C40: 19 | D40: 6.4 | G40: =+'6,4-9,2'!D25 -> SALIDA + TOMACORRIENTE DOBLE MONOFASICA - INCLUYE CAJA, TUBERIA | H40: =+'6,4-9,2'!N25 -> UND | I40: =+PPTO!D46 -> 76 | J40: =+'6,4-9,2'!O70 -> 166653 | K40: =+J40*I40 -> 12665628 | N40: =+K40-PPTO!F46 -> 0
C41: 20 | D41: 6.5 | G41: =+'6,5-9,3'!D25 -> TOMACORRIENTE DOBLE POLO A TIERRA REGULADA COLOR NARANJA EN CANALETA | H41: =+'6,5-9,3'!N25 -> UND | I41: =+PPTO!D47 -> 40 | J41: =+'6,5-9,3'!O71 -> 126439 | K41: =+J41*I41 -> 5057560 | N41: =+K41-PPTO!F47 -> 0
C42: 21 | D42: 6.6 | G42: =+'6,6'!D25 -> SUMINISTRO E INSTALACIÓN DE SALIDA LÓGICA PARA VOZ Y DATOS SENCILLO CATEGORIA 6A | H42: =+'6,6'!N25 -> UND | I42: =+PPTO!D48 -> 40 | J42: =+'6,6'!O69 -> 123046 | K42: =+J42*I42 -> 4921840 | N42: =+K42-PPTO!F48 -> 0
C43: 22 | D43: 6.7 | G43: =+'6,7'!D25 -> CABLEADO 2#12 PE HF LS TC POR TUBERÍA, CANALETA O BANDEJA | H43: =+'6,7'!N25 -> ML | I43: =+PPTO!D49 -> 600 | J43: =+'6,7'!O69 -> 12225 | K43: =+J43*I43 -> 7335000 | N43: =+K43-PPTO!F49 -> 0
C44: 23 | D44: 6.8 | G44: =+'6,8'!D25 -> SWITCH 24 PUERTOS MARCA 3COM O EQUIVALENTE (SUMINISTRO E INSTALACIÓN) INCLUYE PATCH CORD | H44: =+'6,8'!N25 -> UND | I44: =+PPTO!D50 -> 1 | J44: =+'6,8'!O69 -> 1971297 | K44: =+J44*I44 -> 1971297 | N44: =+K44-PPTO!F50 -> 0
C45: 24 | D45: 6.9 | G45: =+'6,9'!D25 -> SUMINISTRO E INSTALACION DE LUMINARIA SOBRE PONER 12W | H45: =+'6,9'!N25 -> UND | I45: =+PPTO!D51 -> 1 | J45: =+'6,9'!O69 -> 90350 | K45: =+J45*I45 -> 90350 | N45: =+K45-PPTO!F51 -> 0
C46: SUBTOTAL OBRAS | K46: =SUM(K35:K45) -> 63757050 | N46: =+K46-PPTO!F52 -> 0
D47: =+PPTO!B58 -> ADECUACION AREA DE LACTANCIA 1 PISO ALCALDIA NEIVA
D48: 7 | G48: =+PPTO!B59 -> MURO, ESTUCO Y PINTURA
C49: 25 | D49: 7.1 | G49: =+'7,1'!D25 -> SUMINISTR E INSTALACION MURO SUPERBOARD 2mm e=9cm- DOBLE CARA | H49: =+'7,1'!N25 -> M2 | I49: =+PPTO!D60 -> 17 | J49: =+'7,1'!O77 -> 123753 | K49: =+J49*I49 -> 2103801 | N49: =+K49-PPTO!F60 -> 0
C50: 26 | D50: 7.2 | G50: =+'2,1-7,2-10,1'!D25 -> SUMINISTRO Y APLICACION PINTURA VINILICA TIPO I SOBRE MURO , (Incluye sumistro Pintura, lijado y pintura (3manos) sobre muro ) | H50: =+'2,1-7,2-10,1'!N25 -> M2 | I50: =+PPTO!D61 -> 19 | J50: =+'2,1-7,2-10,1'!O69 -> 22578 | K50: =+J50*I50 -> 428982 | N50: =+K50-PPTO!F61 -> 0
C51: 27 | D51: 7.3 | G51: =+'2,2-7,3-10,2'!D25 -> ESTUCO Y RESANE SOBRE MUROS O PLACA (Incluye el suministro, y aplicación estuco mas lijado ) | H51: =+'2,2-7,3-10,2'!N25 -> M2 | I51: =+PPTO!D62 -> 10 | J51: =+'2,2-7,3-10,2'!O69 -> 16653 | K51: =+J51*I51 -> 166530 | N51: =+K51-PPTO!F62 -> 0
D52: 8 | G52: =+PPTO!B63 -> PUERTAS, DIVISIONES
C53: 29 | D53: 8.1 | G53: =+'8,1- 3,4'!D25 -> SUMINISTRO E INSTALACION PUERTA EN MADERA DE 2X1M (incluye marco metalicoy chapa) | H53: =+'8,1- 3,4'!N25 -> UND | I53: =+PPTO!D64 -> 1 | J53: =+'8,1- 3,4'!O69 -> 530140 | K53: =+J53*I53 -> 530140 | N53: =+K53-PPTO!F64 -> 0
C54: 30 | D54: 8.2 | G54: =+'6,1-8,2-12,1'!D25 -> SUMINISTRO E INSTALACION LAMAPRAS 60X60 , 40 INCLUYE MARCOS | H54: =+'6,1-8,2-12,1'!N25 -> UND | I54: =+PPTO!D65 -> 2 | J54: =+'6,1-8,2-12,1'!O69 -> 220647 | K54: =+J54*I54 -> 441294 | N54: =+K54-PPTO!F65 -> 0
C55: 31 | D55: 8.3 | G55: =+'8,3'!D25 -> DESMONTE DIVISION EN ALUMINIO Y VIDRIO h=2M | H55: =+'8,3'!N25 -> UND | I55: =+PPTO!D66 -> 1 | J55: =+'8,3'!O69 -> 130213 | K55: =+J55*I55 -> 130213 | N55: =+K55-PPTO!F66 -> 0
D56: 9 | G56: =+PPTO!B67 -> INSTALACIONES ELECTRICAS Y RED DATOS
C57: 32 | D57: 9.1 | G57: =+'9,1'!D25 -> Traslado de redes eléctricas y datos para acomodar a nueva distribución | H57: =+'9,1'!N25 -> GLB | I57: =+PPTO!D68 -> 1 | J57: =+'9,1'!O69 -> 2600000 | K57: =+J57*I57 -> 2600000 | N57: =+K57-PPTO!F68 -> 0
C58: 33 | D58: 9.2 | G58: =+'6,4-9,2'!D25 -> SALIDA + TOMACORRIENTE DOBLE MONOFASICA - INCLUYE CAJA, TUBERIA | H58: =+'6,4-9,2'!N25 -> UND | I58: =+PPTO!D69 -> 1 | J58: =+'6,4-9,2'!O70 -> 166653 | K58: =+J58*I58 -> 166653 | N58: =+K58-PPTO!F69 -> 0
C59: 34 | D59: 9.3 | G59: =+'6,5-9,3'!D25 -> TOMACORRIENTE DOBLE POLO A TIERRA REGULADA COLOR NARANJA EN CANALETA | H59: =+'6,5-9,3'!N25 -> UND | I59: =+PPTO!D70 -> 1 | J59: =+'6,5-9,3'!O71 -> 126439 | K59: =+J59*I59 -> 126439 | N59: =+K59-PPTO!F70 -> 0
C60: SUBTOTAL OBRAS | K60: =SUM(K49:K59) -> 6694052 | N60: =+K60-PPTO!F71 -> 0
D61: =+PPTO!B77 -> MANTENIMIENTO Y/O ADECUACION SECRETARIA DESARROLLO AGROPECUARIO Y MEDIO AMBIENTE
D62: 10 | G62: =+PPTO!B78 -> ESTUCO Y PINTURA AREA COMUNES
C63: 35 | D63: 10.1 | G63: =+'2,1-7,2-10,1'!D25 -> SUMINISTRO Y APLICACION PINTURA VINILICA TIPO I SOBRE MURO , (Incluye sumistro Pintura, lijado y pintura (3manos) sobre muro ) | H63: =+'2,1-7,2-10,1'!N25 -> M2 | I63: =+PPTO!D79 -> 200 | J63: =+'2,1-7,2-10,1'!O69 -> 22578 | K63: =+J63*I63 -> 4515600 | N63: =+K63-PPTO!F79 -> 0
C64: 36 | D64: 10.2 | G64: =+'2,2-7,3-10,2'!D25 -> ESTUCO Y RESANE SOBRE MUROS O PLACA (Incluye el suministro, y aplicación estuco mas lijado ) | H64: =+'2,2-7,3-10,2'!N25 -> M2 | I64: =+PPTO!D80 -> 120 | J64: =+'2,2-7,3-10,2'!O69 -> 16653 | K64: =+J64*I64 -> 1998360 | N64: =+K64-PPTO!F80 -> 0
C65: 37 | D65: 10.3 | G65: =+'2,3-10,3'!D25 -> SUMINISTRO Y APLICACION PINTURA GUARDAESCOBA (Incluye sumistro Pintura, lijado y pintura sobre muro) | H65: =+'2,3-10,3'!N25 -> ML | I65: =+PPTO!D81 -> 77 | J65: =+'2,3-10,3'!O69 -> 9634 | K65: =+J65*I65 -> 741818 | N65: =+K65-PPTO!F81 -> 0
C66: 38 | D66: 10.4 | G66: =+'2,4-10,4'!D25 -> PINTURA TIPO I SOBRE PLACA (Incluye sumistro, lijado y pintura sobre Placa o ciel raso) | H66: =+'2,4-10,4'!N25 -> M2 | I66: =+PPTO!D82 -> 97 | J66: =+'2,4-10,4'!O69 -> 24182 | K66: =+J66*I66 -> 2345654 | N66: =+K66-PPTO!F82 -> 0
D67: 11 | G67: =+PPTO!B84 -> DESMONTES
C68: 39 | D68: 11.1 | G68: =+'5,1-11,1'!D25 -> DESMONTE DE LUMIINARIA LED EXISTENTE | H68: =+'5,1-11,1'!N25 -> UND | I68: =+PPTO!D85 -> 22 | J68: =+'5,1-11,1'!O69 -> 17550 | K68: =+J68*I68 -> 386100 | N68: =+K68-PPTO!F85 -> 0
D69: 12 | G69: =+PPTO!B86 -> APARATOS ELECTRICOS
C70: 40 | D70: 12.1 | G70: =+'6,1-8,2-12,1'!D25 -> SUMINISTRO E INSTALACION LAMAPRAS 60X60 , 40 INCLUYE MARCOS | H70: =+'6,1-8,2-12,1'!N25 -> UND | I70: =+PPTO!D87 -> 22 | J70: =+'6,1-8,2-12,1'!O69 -> 220647 | K70: =+J70*I70 -> 4854234 | N70: =+K70-PPTO!F87 -> 0
C71: 41 | D71: 12.2 | G71: =+'12,2'!D25 -> CABLEADO 2#12 PE HF LS TC POR TUBERÍA, CANALETA O BANDEJA | H71: =+'12,2'!N25 -> ML | I71: =+PPTO!D88 -> 250 | J71: =+'12,2'!O69 -> 12103 | K71: =+J71*I71 -> 3025750 | N71: =+K71-PPTO!F88 -> 0
C72: SUBTOTAL OBRAS | K72: =SUM(K63:K71) -> 17867516 | N72: =+K72-PPTO!F89 -> 0
G74: SUBTOTAL OBRAS | K74: =+K72+K60+K46+K32 -> 1.6953521e+08 | N74: =+K74-PPTO!F91 -> 0
G75: SUBTOTAL OBRAS (INCLUYE IVA)
G76: VALOR TOTAL | K76: =K74 -> 1.6953521e+08
C79: NOTA 1: Se debe tener en cuenta que el PRECIO UNITARIO incluye el valor de A.I.U. | H79: DESCRIPCION | K79: PORCENTAJE
C80: NOTA 2: Cuando la fracción decimal del peso sea igual o superior a 5 se aproximará por exceso al número entero siguiente del peso y cuando la fracción decimal del peso sea inferior a 5 se aproximará por defecto al número entero del peso. | H80: ADMINISTRACIÓN | J80: A= | K80: 0.22
C81: NOTA 3: El A.I.U y su discriminación deben estar en porcentaje (%). | H81: IMPREVISTO | J81: I= | K81: 0.03
H82: UTILIDAD | J82: U= | K82: 0.05
H83: TOTAL A.I.U | J83: A.I.U.= | K83: =SUM(K80:K82) -> 0.3
H93: COSTO DIRECTO | K93: =ROUND(K74/(1+30%),0) -> 130411700
H94: ADMINISTRACION | J94: =+K80 -> 0.22 | K94: =ROUND(J94*$K$93,0) -> 28690574
H95: IMPREVISTOS | J95: =+K81 -> 0.03 | K95: =ROUND(J95*$K$93,0) -> 3912351
H96: UTILIDAD | J96: =+K82 -> 0.05 | K96: =ROUND(J96*$K$93,0) -> 6520585
H97: IVA SOBRE UTILIDAD | J97: 0.19 | K97: =ROUND(J97*K96,0) -> 1238911

Sheet PPTO
A1: MUNICIPIO DE NEIVA
A2: MANTENIMIENTO DE LAS INSTALACIONES DEL EDIFICIO Y OTRAS DEPENDENCIA DEL MUNICIPAL DE LA ALCALDIA DE NEIVA
A4: PRESUPUESTO OFICIAL
B6: MANTENIMIENTO Y/O ADECUACION DEL 2 PISO Y OTROS + CANAL PERIMETRAL EXTERNA DEL EDIFICO MUNICIPAL | F6: ANEXO 1
A7: ÍTEM | B7: DESCRIPCIÓN | C7: UND | D7: CANTIDAD | E7: PRECIO UNITARIO | F7: VALOR TOTAL DIRECTO | H7: RENDIMIENTOS | I7: EQUIPO | J7: MATREIALES | K7: TRASPORTE | L7: Mno OBRA | M7: TOTAL | N7: AIU | O7: Mno Obra Calificada | P7: dias
A8: 1 | B8: CANALES - BAJANTES
A9: 1.1 | B9: =+ANALISIS74 -> CANAL AGUA LLUVIA METALICA DE 0,35 X 0,20,025M METALICA C.18 (Incluye Suministro e instalacion con sus accesorios) | C9: =+'1.1'!F7 -> ML | D9: =+'Cant.Canal'!C16 -> 86 | E9: =+'1.1'!H53 -> 165848 | F9: =E9*D9 -> 14262928 | H9: ='1.2'!$B$54 -> 0 | I9: =D9*'1.2'!$H$16 -> 86000 | J9: =D9*'1.2'!$H$26 -> 1780200 | K9: =D9*'1.2'!$H$33 -> 0 | L9: =D9*'1.2'!$H$43 -> 1754400 | M9: =I9+J9+K9+L9 -> 3620600 | N9: =M9*30% -> 1086180 | O9: =(80000*P9) -> #DIV/0! | P9: =(D9/H9)/8 -> #DIV/0!
A10: 1.2 | B10: =+ANALISIS1 -> ANGULO METALICO 1 1/2 x 1/8 (Incluye suministro e instalacion y todos los accesorios necesarios para su instalacion) | C10: =+'1.2'!F7 -> UND | D10: 29 | E10: =+'1.2'!H53 -> 54730 | F10: =E10*D10 -> 1587170
A11: 1.3 | B11: =+ANALISIS14 -> TUBERIA 4" SANITARIA PVC PARA BAJANTE EN FACHADA PRINCIPAL (incluye suministro e instalacion) | C11: =+'1.3'!F7 -> ML | D11: 89 | E11: =+'1.3'!H53 -> 84607 | F11: =E11*D11 -> 7530023
A14: 2 | B14: ESTUCO Y PINTURA AREA COMUNES
A15: 2.1 | B15: =+ANALISIS66 -> SUMINISTRO Y APLICACION PINTURA VINILICA TIPO I SOBRE MURO , (Incluye sumistro Pintura, lijado y pintura (3manos) sobre muro ) | C15: =+'2.1-7,2-10.1'!$F$7 -> M2 | D15: =+'Cant.Resume'!B10+'Cant.Resume'!B11+'Cant.Resume'!B12+'Cant.Resume'!B15 -> 648 | E15: =+'2.1-7,2-10.1'!$H$53 -> 22578 | F15: =E15*D15 -> 14630544 | H15: ='1.2'!$B$54 -> 0 | I15: =D15*'1.2'!$H$16 -> 648000 | J15: =D15*'1.2'!$H$26 -> 13413600 | K15: =D15*'1.2'!$H$33 -> 0 | L15: =D15*'1.2'!$H$43 -> 13219200 | M15: =I15+J15+K15+L15 -> 27280800 | N15: =M15*30% -> 8184240 | O15: =(80000*P15) -> #DIV/0! | P15: =(D15/H15)/8 -> #DIV/0!
A16: 2.2 | B16: =+ANALISIS71 -> ESTUCO Y RESANE SOBRE MUROS O PLACA (Incluye el suministro, y aplicación estuco mas lijado ) | C16: =+'2.2-7,3-10.2'!$F$7 -> M2 | D16: =+'Cant.Resume'!D10+'Cant.Resume'!D11+'Cant.Resume'!D12+'Cant.Resume'!D15 -> 323 | E16: =+'2.2-7,3-10.2'!$H$53 -> 16653 | F16: =E16*D16 -> 5378919 | H16: =#REF! -> #REF! | I16: =D16*#REF! -> #REF! | J16: =D16*#REF! -> #REF! | K16: =D16*#REF! -> #REF! | L16: =D16*#REF! -> #REF! | M16: =I16+J16+K16+L16 -> #REF! | N16: =M16*30% -> #REF! | O16: =(80000*P16) -> #REF! | P16: =(D16/H16)/8 -> #REF!
A17: 2.3 | B17: =+ANALISIS69 -> SUMINISTRO Y APLICACION PINTURA GUARDAESCOBA (Incluye sumistro Pintura, lijado y pintura sobre muro) | C17: =+'2.3-10.3'!F7 -> ML | D17: =+'Cant.Resume'!F10+'Cant.Resume'!F11+'Cant.Resume'!F12+'Cant.Resume'!F15 -> 279 | E17: =+'2.3-10.3'!H53 -> 9634 | F17: =E17*D17 -> 2687886
A18: 2.4 | B18: =+ANALISIS70 -> PINTURA TIPO I SOBRE PLACA (Incluye sumistro, lijado y pintura sobre Placa o ciel raso) | C18: =+'2.4-10.4'!F7 -> M2 | D18: =+'Cant.Resume'!H10+'Cant.Resume'!H11+'Cant.Resume'!H12+'Cant.Resume'!H15 -> 415 | E18: =+'2.4-10.4'!H53 -> 24182 | F18: =E18*D18 -> 10035530
A19: 3 | B19: CARPINTERIA METALICA, DIVISIONES Y ACCESORIOS
A20: 3.1 | B20: =+ANALISIS67 -> SUMINISTRO E INSTALACION VENTANA EN VIDRIO REFLECTIVO 4MM (Incluye todos los elementos y accesorios para su instalacion) | C20: =+'3.1'!F7 -> M2 | D20: =+'Cant. Planea'!E137 -> 44.2 | E20: =+'3.1'!H53 -> 205715 | F20: =E20*D20 -> 9092603
A21: 3.2 | B21: =+ANALISIS100 -> SUMINISTRO E INSTALACION POLARIZADO EN FOTO IMPRESIÓN LAMINADO | C21: =+'3.2'!F7 -> M2 | D21: =+'Cant.Resume'!J10 -> 15.6 | E21: =+'3.2'!H53 -> 133775 | F21: =E21*D21 -> 2086890
A22: 3.3 | B22: =+ANALISIS72 -> DIVISION EN DRY WALL (Incluye suministro e instalacion y accesorios) | C22: =+'3.3'!F7 -> M2 | D22: =+'CANTIDADES VIDRIO'!E33 -> 3.44 | E22: =+'3.3'!H55 -> 72462 | F22: =E22*D22 -> 249269.28
A23: 3.4 | B23: =+B64 -> SUMINISTRO E INSTALACION PUERTA EN MADERA DE 2X1M (incluye marco metalicoy chapa) | C23: =+C64 -> UND | D23: 1 | E23: =+E64 -> 530140 | F23: =E23*D23 -> 530140
A24: 3.5 | B24: =+'3.5'!A7 -> INSTALACION DE CIERRA PUERTA HIDRAULICO DE 80KG | C24: =+'3.5'!F7 -> UND | D24: 1 | E24: =+'3.5'!H53 -> 343727 | F24: =E24*D24 -> 343727
A25: 3.6 | B25: =+'3.6'!A7 -> SUMINISTRO E INSTALACION DE PUERTA Y DIVISION EN ALUMINIO, INCLUYE MANO DE OBRA Y ELEMENTOS | C25: =+C20 -> M2 | D25: 8.8 | E25: =+'3.6'!H53 -> 751644 | F25: =E25*D25 -> 6614467.2
A26: 4 | B26: IMPERMEABILIZACION
A27: 4.1 | B27: =+ANALISIS68 -> IMPERMEABILIZACION CANALES MANTO ASFALTICO Y FOIL ALUMINIO | C27: =+'4.1'!F7 -> M2 | D27: =+'Cant.Canal'!C16 -> 86 | E27: =+'4.1'!H53 -> 71936 | F27: =E27*D27 -> 6186496
B33: SUBTOTAL | F33: =SUM(F9:F32) -> 81216592
A35: PRESUPUESTO OFICIAL ELECTRICO
F37: ANEXO 1
A38: ÍTEM | B38: DESCRIPCIÓN | C38: UND | D38: CANTIDAD | E38: PRECIO UNITARIO | F38: VALOR TOTAL DIRECTO
B39: INSTALACIONES ELECTRICAS - DATOS
A40: 5 | B40: DESMONTES
A41: 5.1 | B41: DESMONTE DE LUMIINARIA LED EXISTENTE | C41: UND | D41: =+D43 -> 60 | E41: =+'5.1-11.1'!H53 -> 17550 | F41: =E41*D41 -> 1053000
A42: 6 | B42: APARATOS ELECTRICOS
A43: 6.1 | B43: =+ANALISIS102 -> SUMINISTRO E INSTALACION LAMAPRAS 60X60 , 40 INCLUYE MARCOS | C43: =+'6.1-8.2-12.1'!F7 -> UND | D43: 60 | E43: =+'6.1-8.2-12.1'!H53 -> 220647 | F43: =E43*D43 -> 13238820
A44: 6.2 | B44: =+'6.2'!ANALISIS102 -> SUMINISTRO E INSTALACION DE CABLE UTP CAT 6A TENDIDO Y CERTIFICADO | C44: ML | D44: 915 | E44: =+'6.2'!H53 -> 10499 | F44: =E44*D44 -> 9606585
A45: 6.3 | B45: =+'6.3'!ANALISIS102 -> SUMINISTRO, TRANSPORTE E INSTALACIÓN DE CANALETA PLASTICA (12 X 5) CM CON DIVISIÓN | C45: =+C44 -> ML | D45: 70 | E45: =+'6.3'!H53 -> 111671 | F45: =E45*D45 -> 7816970
A46: 6.4 | B46: =+'6.4-9.2'!ANALISIS102 -> SALIDA + TOMACORRIENTE DOBLE MONOFASICA - INCLUYE CAJA, TUBERIA | C46: UND | D46: 76 | E46: =+'6.4-9.2'!H53 -> 166653 | F46: =E46*D46 -> 12665628
A47: 6.5 | B47: =+'6.5-9.3'!ANALISIS102 -> TOMACORRIENTE DOBLE POLO A TIERRA REGULADA COLOR NARANJA EN CANALETA | C47: UND | D47: 40 | E47: =+'6.5-9.3'!H53 -> 126439 | F47: =E47*D47 -> 5057560
A48: 6.6 | B48: =+'6.6'!ANALISIS102 -> SUMINISTRO E INSTALACIÓN DE SALIDA LÓGICA PARA VOZ Y DATOS SENCILLO CATEGORIA 6A | C48: UND | D48: 40 | E48: =+'6.6'!H53 -> 123046 | F48: =E48*D48 -> 4921840
A49: 6.7 | B49: =+'6.7'!ANALISIS102 -> CABLEADO 2#12 PE HF LS TC POR TUBERÍA, CANALETA O BANDEJA | C49: ML | D49: 600 | E49: =+'6.7'!H53 -> 12225 | F49: =E49*D49 -> 7335000
A50: 6.8 | B50: =+'6.8'!ANALISIS102 -> SWITCH 24 PUERTOS MARCA 3COM O EQUIVALENTE (SUMINISTRO E INSTALACIÓN) INCLUYE PATCH CORD | C50: UND | D50: 1 | E50: =+'6.8'!H53 -> 1971297 | F50: =E50*D50 -> 1971297
A51: 6.9 | B51: SUMINISTRO E INSTALACION DE LUMINARIA SOBRE PONER 12W | C51: UND | D51: 1 | E51: =+'6.9'!H53 -> 90350 | F51: =E51*D51 -> 90350
B52: SUBTOTAL | F52: =SUM(F41:F51) -> 63757050
A54: PRESUPUESTO OFICIAL ZONA LACTANCIA
F56: ANEXO 1
A57: ÍTEM | B57: DESCRIPCIÓN | C57: UND | D57: CANTIDAD | E57: PRECIO UNITARIO | F57: VALOR TOTAL DIRECTO
B58: ADECUACION AREA DE LACTANCIA 1 PISO ALCALDIA NEIVA
A59: 7 | B59: MURO, ESTUCO Y PINTURA
A60: 7.1 | B60: =+'7.1'!A7 -> SUMINISTR E INSTALACION MURO SUPERBOARD 2mm e=9cm- DOBLE CARA | C60: M2 | D60: =+'Cant.Resume'!N14 -> 17 | E60: =+'7.1'!H56 -> 123753 | F60: =E60*D60 -> 2103801
A61: 7.2 | B61: =+B15 -> SUMINISTRO Y APLICACION PINTURA VINILICA TIPO I SOBRE MURO , (Incluye sumistro Pintura, lijado y pintura (3manos) sobre muro ) | C61: M2 | D61: =+'Cant.Resume'!B14 -> 19 | E61: =+E15 -> 22578 | F61: =E61*D61 -> 428982
A62: 7.3 | B62: =+B16 -> ESTUCO Y RESANE SOBRE MUROS O PLACA (Incluye el suministro, y aplicación estuco mas lijado ) | C62: M2 | D62: =+'Cant.Resume'!D14 -> 10 | E62: =+E16 -> 16653 | F62: =E62*D62 -> 166530
A63: 8 | B63: PUERTAS, DIVISIONES
A64: 8.1 | B64: =+'8.1-3.4'!A7 -> SUMINISTRO E INSTALACION PUERTA EN MADERA DE 2X1M (incluye marco metalicoy chapa) | C64: =+'8.1-3.4'!F7 -> UND | D64: 1 | E64: =+'8.1-3.4'!H56 -> 530140 | F64: =E64*D64 -> 530140
A65: 8.2 | B65: =+B43 -> SUMINISTRO E INSTALACION LAMAPRAS 60X60 , 40 INCLUYE MARCOS | C65: UND | D65: 2 | E65: =+E43 -> 220647 | F65: =E65*D65 -> 441294
A66: 8.3 | B66: DESMONTE DIVISION EN ALUMINIO Y VIDRIO h=2M | C66: UND | D66: 1 | E66: =+'8.3'!H56 -> 130213 | F66: =E66*D66 -> 130213
A67: 9 | B67: INSTALACIONES ELECTRICAS Y RED DATOS
A68: 9.1 | B68: =+'9.1'!A7 -> Traslado de redes eléctricas y datos para acomodar a nueva distribución | C68: GLB | D68: 1 | E68: =+'9.1'!H56 -> 2600000 | F68: =E68*D68 -> 2600000
A69: 9.2 | B69: =+B46 -> SALIDA + TOMACORRIENTE DOBLE MONOFASICA - INCLUYE CAJA, TUBERIA | C69: UND | D69: 1 | E69: =+E46 -> 166653 | F69: =E69*D69 -> 166653
A70: 9.3 | B70: =+B47 -> TOMACORRIENTE DOBLE POLO A TIERRA REGULADA COLOR NARANJA EN CANALETA | C70: UND | D70: 1 | E70: =+E47 -> 126439 | F70: =E70*D70 -> 126439
B71: SUBTOTAL | F71: =SUM(F60:F70) -> 6694052
A73: PRESUPUESTO AREA SEDAMA
F75: ANEXO 1
A76: ÍTEM | B76: DESCRIPCIÓN | C76: UND | D76: CANTIDAD | E76: PRECIO UNITARIO | F76: VALOR TOTAL DIRECTO
B77: MANTENIMIENTO Y/O ADECUACION SECRETARIA DESARROLLO AGROPECUARIO Y MEDIO AMBIENTE
A78: 10 | B78: ESTUCO Y PINTURA AREA COMUNES
A79: 10.1 | B79: =+ANALISIS66 -> SUMINISTRO Y APLICACION PINTURA VINILICA TIPO I SOBRE MURO , (Incluye sumistro Pintura, lijado y pintura (3manos) sobre muro ) | C79: =+C15 -> M2 | D79: =+'Cant.Resume'!B13 -> 200 | E79: =+E15 -> 22578 | F79: =E79*D79 -> 4515600
A80: 10.2 | B80: =+ANALISIS71 -> ESTUCO Y RESANE SOBRE MUROS O PLACA (Incluye el suministro, y aplicación estuco mas lijado ) | C80: =+C16 -> M2 | D80: =+'Cant.Resume'!D13 -> 120 | E80: =+E16 -> 16653 | F80: =E80*D80 -> 1998360
A81: 10.3 | B81: =+ANALISIS69 -> SUMINISTRO Y APLICACION PINTURA GUARDAESCOBA (Incluye sumistro Pintura, lijado y pintura sobre muro) | C81: =+C17 -> ML | D81: =+'Cant.Resume'!F13 -> 77 | E81: =+E17 -> 9634 | F81: =E81*D81 -> 741818
A82: 10.4 | B82: =+ANALISIS70 -> PINTURA TIPO I SOBRE PLACA (Incluye sumistro, lijado y pintura sobre Placa o ciel raso) | C82: =+C18 -> M2 | D82: =+'Cant.Resume'!H13 -> 97 | E82: =+E18 -> 24182 | F82: =E82*D82 -> 2345654
A84: 11 | B84: DESMONTES
A85: 11.1 | B85: DESMONTE DE LUMIINARIA LED EXISTENTE | C85: UND | D85: 22 | E85: =+E41 -> 17550 | F85: =E85*D85 -> 386100
A86: 12 | B86: APARATOS ELECTRICOS
A87: 12.1 | B87: =+ANALISIS102 -> SUMINISTRO E INSTALACION LAMAPRAS 60X60 , 40 INCLUYE MARCOS | C87: =+C43 -> UND | D87: =+D85 -> 22 | E87: =+E43 -> 220647 | F87: =E87*D87 -> 4854234
A88: 12.2 | B88: CABLEADO 2#12 PE HF LS TC POR TUBERÍA, CANALETA O BANDEJA | C88: ML | D88: 250 | E88: =+'12.2'!H56 -> 12103 | F88: =E88*D88 -> 3025750
B89: SUBTOTAL | F89: =SUM(F78:F88) -> 17867516
B91: VALOR TOTAL | F91: =+F52+F33+F71+F89 -> 1.6953521e+08 | Q91: =+F91/(1+30%) -> 1.304117e+08
B92: ADMINISTRACION (Porcentaje sobre los costos directos) | C92: % | E92: 0.22 | F92: A | Q92: =E92*Q91 -> 28690574
B93: IMPREVISTOS (Porcentaje sobre los costos directos) | C93: % | E93: 0.03 | F93: I | Q93: =E93*Q91 -> 3912351
B94: UTILIDADES (Porcentaje sobre los costos directos) | C94: % | E94: 0.05 | F94: U | Q94: =E94*Q91 -> 6520585
B95: IVA 19% SOBRE UTILIDAD | C95: % | E95: 0.19 | F95: IVA | Q95: =E95*Q94 -> 1238911.2
B96: VALOR TOTAL | F96: =F91+Q95 -> 1.7077412e+08 | R96: 170377252
B99: TOTAL COSTO | F99: =SUM(F15:F92) -> 4.8522551e+08 | I99: =SUM(I15:I33) -> #REF! | J99: =SUM(J15:J33) -> #REF! | K99: =SUM(K15:K33) -> #REF! | L99: =SUM(L15:L33) -> #REF! | M99: =SUM(M15:M33) -> #REF! | N99: =M99*30% -> #REF! | O99: =SUM(O15:O33) -> #DIV/0!
B100: AIU | C100: 0.1 | F100: =ROUND(F99*C100,0) -> 48522551 | H100: MILES DE PESOS | I100: =I99/1000 -> #REF! | J100: =J99/1000 -> #REF! | K100: =K99/1000 -> #REF! | L100: =L99/1000 -> #REF! | M100: =M99/1000 -> #REF! | N100: =N99/1000 -> #REF!
B101: TOTAL PRESUPUESTO | F101: =F99 -> 4.8522551e+08
F104: =F99-#REF! -> #REF!
B109: _________________________
B112: MP

Sheet A.I.U
B3: REPUBLICA DE COLOMBIA
B4: DEPARTAMENTO DEL HUILA
B5: MUNICIPIO DE NEIVA
B6: =+PPTO!A2 -> MANTENIMIENTO DE LAS INSTALACIONES DEL EDIFICIO Y OTRAS DEPENDENCIA DEL MUNICIPAL DE LA ALCALDIA DE NEIVA
B7: DISCRIMINACIÓN DEL A.I.U.
B8: COSTO DIRECTO DE LA OBRA | H8: =+PPTO!F91 -> 1.6953521e+08
B9: 1. GASTOS PERSONAL Y ADMINISTRATIVOS
B10: Personal Profesional | C10: Dedicacion | D10: Cantidad | E10: Sueldo básico Mes | F10: Factor Prestacional | G10: Cantidad Meses | H10: Valor Total
B11: Residente de Obra | C11: 1 | D11: 1 | E11: 3600000 | F11: =+FP!F55 -> 1.67 | G11: 1 | H11: =ROUND(C11*D11*E11*F11*G11,0) -> 6012000
B12: Total Personal Profesional con Factor Prestacional | H12: =SUM(H11:H11) -> 6012000
B13: Personal Técnico | C13: Dedicacion | D13: Cantidad | E13: Sueldo básico Mes | F13: Factor Prestacional | G13: Cantidad Meses | H13: Valor Total
B14: Tecnólogo en Seguridad Industrial y Salud Ocupacional | C14: 1 | D14: 1 | E14: 2100000 | F14: =+F11 -> 1.67 | G14: =+G11 -> 1 | H14: =ROUND(C14*D14*E14*F14*G14,0) -> 3507000
B15: Total Personal Técnico con Factor Prestacional | H15: =SUM(H14) -> 3507000
B16: Personal Administrativo | C16: Dedicacion | D16: Cantidad | E16: Sueldo básico Mes | F16: Factor Prestacional | G16: Cantidad Meses | H16: Valor Total
B17: Contador | C17: 0.2 | D17: 1 | E17: 1800000 | F17: =+F14 -> 1.67 | G17: 1 | H17: =ROUND(C17*D17*E17*F17*G17,0) -> 601200
B18: Total Personal Administrativo con Factor Prestacional | H18: =SUM(H17:H17) -> 601200
B19: Total Gastos Personal Profesional, Técnico y Administrativo con Factor Prestacional (A) | H19: =H18+H15+H12 -> 10120200
B21: 2. GASTOS ADMINISTRATIVOS Y OPERACIONALES
B22: Especialidad | C22: und | D22: Tarifa/Mes | F22: Total Meses | G22: Costo Total
B23: Comunicaciones | C23: Mes | D23: 210000 | F23: =+G17 -> 1 | G23: =D23*F23 -> 210000
B24: Transportes | C24: Mes | D24: 500297.6 | F24: =+F23 -> 1 | G24: =D24*F24 -> 500297.6
B25: Edición de informes | C25: Mes | D25: 215000 | F25: =+F23 -> 1 | G25: =D25*F25 -> 215000
B26: Total Gastos Administrativos y Operacionales (B) | G26: =SUM(G23:H25) -> 925297.6
B28: 3. GASTOS DE LEGALIZACIÓN
B29: DESCRIPCION | C29: UND | D29: TARIFA | F29: CANTIDAD | G29: COSTO TOTAL
B30: ESTAMPILLAS | C30: % | D30: =D31 -> 1.6953521e+08 | F30: 0.06 | G30: =ROUND(F30*D30,0) -> 10172113
B31: OTROS GASTOS | C31: % | D31: =H8 -> 1.6953521e+08 | F31: 0.038287605 | G31: =ROUND(F31*D31,0) -> 6491097
B32: Total Gastos de Legalizacion (C) | G32: =SUM(G30:H31) -> 16663210
B34: 4. GASTOS POLIZAS DE GARANTIA
B35: DESCRIPCION | C35: UND | D35: TARIFA | F35: CANTIDAD | G35: COSTO TOTAL
B36: POLIZAS Y GARANTIAS | C36: % | D36: =H8 -> 1.6953521e+08 | F36: 0.01 | G36: =ROUND(F36*D36,0) -> 1695352
B37: Total Gastos de Legalizacion (C) | G37: =SUM(G36:H36) -> 1695352
B39: PRESUPUESTO TOTAL AIU
B40: DESCRIPCION | E40: Tarifa | G40: % | H40: COSTO TOTAL
B41: TOTAL ADMINISTRACIÓN (A+B+C) | E41: =H8 -> 1.6953521e+08 | F41: 1801151265 | G41: =(H19+G26+G32+G37)/H8 -> 0.17343925 | H41: =E41*G41 -> 29404060 | I41: =+PPTO!F92 -> A | J41: =+I41-H41 -> #VALUE!
B42: IMPREVISTOS ( Costo Directo Obra) | E42: =E41 -> 1.6953521e+08 | F42: 1801151265 | G42: 0.03 | H42: =ROUND(E42*G42,) -> 5086056 | I42: =+PPTO!F93 -> I
B43: UTILIDAD (Costo Directo Obra) | E43: =E42 -> 1.6953521e+08 | F43: 1801151265 | G43: 0.05 | H43: =ROUND(E43*G43,) -> 8476761 | I43: =+PPTO!F94 -> U
B44: TOTAL AIU | G44: =SUM(G41:G43) -> 0.25343925 | H44: =SUM(H41:H43) -> 42966877
C49: =+PPTO!B110 -> 0
C50: =+PPTO!B111 -> 0
C51: =+PPTO!B112 -> MP

Sheet FP
B2: REPUBLICA DE COLOMBIA
B3: DEPARTAMENTO DEL HUILA
B4: MUNICIPIO DE NEIVA
B5: =+PPTO!A2 -> MANTENIMIENTO DE LAS INSTALACIONES DEL EDIFICIO Y OTRAS DEPENDENCIA DEL MUNICIPAL DE LA ALCALDIA DE NEIVA
B6: ANALISIS FACTOR PRESTACIONAL
B8: Salario mínimo legal mensual para el año 2025 | C8: 1423500
B9: Subsidio de transporte | C9: 200000
D11: AFECTACIÓN PRESTACIONAL ANUAL
D12: MAYOR A 2 VECES SMMLV | F12: HASTA 2 VECES SMMLV
D13: 4000000 | F13: 1800000
B14: SALARIO | E14: % | G14: %
B15: Mensual | D15: =D13 -> 4000000 | F15: =F13 -> 1800000
B16: Subsidio de transporte | D16: =IF(D15<=2*$C$8,$C$9,0) -> 0 | F16: =IF(F15<=2*$C$8,$C$9,0) -> 200000
B17: Total mensual | D17: =D15+D16 -> 4000000 | F17: =F15+F16 -> 2000000
B18: JORNAL | D18: =ROUND(D17/30,0) -> 133333 | F18: =ROUND(F17/30,0) -> 66667
B19: Total anual (A/30*360) | C19: 12 | D19: =ROUND(D15*$C$19,0) -> 48000000 | E19: 1 | F19: =ROUND(F15*$C$19,0) -> 21600000 | G19: 1
B20: Subsidio de transporte anual | C20: 12 | D20: =D16*$C$20 -> 0 | F20: =F16*$C$20 -> 2400000
B21: Salario anual con sub. de transporte | D21: =D19+D20 -> 48000000 | F21: =F19+F20 -> 24000000
B22: PRESTACIONES SOCIALES | E22: % | G22: %
B23: Cesantias anuales | C23: 0.08333333 | D23: =ROUND(+$C$23*D21,0) -> 4000000 | E23: =D23/D19 -> 0.083333333 | F23: =ROUND(+$C$23*F21,0) -> 2000000 | G23: =F23/F19 -> 0.092592593
B24: Interes sobre cesantia | C24: 0.12 | D24: =ROUND(+D23*$C$24,0) -> 480000 | E24: =D24/D19 -> 0.01 | F24: =ROUND(+F23*$C$24,0) -> 240000 | G24: =F24/F19 -> 0.011111111
B25: Prima - 30 días | C25: 1 | D25: =ROUND(+$C$25*D17,0) -> 4000000 | E25: =D25/D19 -> 0.083333333 | F25: =ROUND(+$C$25*F17,0) -> 2000000 | G25: =F25/F19 -> 0.092592593
B26: Vacaciones - 15 días | C26: 0.5 | D26: =ROUND(+D17*$C$26,0) -> 2000000 | E26: =D26/D19 -> 0.041666667 | F26: =ROUND(+F17*$C$26,0) -> 1000000 | G26: =F26/F19 -> 0.046296296
B27: SUBTOTAL PRESTACIONES SOCIALES | D27: =SUM(D23:D26) -> 10480000 | F27: =SUM(F23:F26) -> 5240000
B28: SEGURIDAD SOCIAL | E28: % | G28: %
B29: Pensiones | C29: 0.12 | D29: =ROUND(+$C$29*D19,0) -> 5760000 | E29: =D29/D19 -> 0.12 | F29: =ROUND(+$C$29*F19,0) -> 2592000 | G29: =F29/F19 -> 0.12
B30: Salud (Afectado por la reforma tributaria) | C30: 0.085 | D30: =ROUND(+$C$30*D19,0) -> 4080000 | E30: =D30/D19 -> 0.085 | F30: =ROUND(+$C$30*F19,0) -> 1836000 | G30: =F30/F19 -> 0.085
B31: Riesgos Profesionales (ARL) | C31: 0.522% - 6.96% | D31: =ROUND(+E31*D19,0) -> 3340800 | E31: 0.0696 | F31: =ROUND(+G31*F19,0) -> 1503360 | G31: 0.0696
B32: SUBTOTAL SEGURIDAD SOCIAL | D32: =SUM(D29:D31) -> 13180800 | F32: =SUM(F29:F31) -> 5931360
B33: APORTES PARAFISCALES | E33: % | G33: %
B34: SENA (Afectado por la reforma tributaria) - asumido por el CREE | C34: 0.02 | D34: =ROUND(+$C$34*D19,0) -> 960000 | E34: =D34/D19 -> 0.02 | F34: =ROUND(+$C$34*F19,0) -> 432000 | G34: =F34/F19 -> 0.02
B35: ICBF (Afectado por la reforma tributaria) - asumido por el CREE | C35: 0.03 | D35: =ROUND(+$C$35*D19,0) -> 1440000 | E35: =D35/D19 -> 0.03 | F35: =ROUND(+$C$35*F19,0) -> 648000 | G35: =F35/F19 -> 0.03
B36: Caja de compensación familiar | C36: 0.04 | D36: =ROUND($C$36*D19,0) -> 1920000 | E36: =D36/D19 -> 0.04 | F36: =ROUND($C$36*F19,0) -> 864000 | G36: =F36/F19 -> 0.04
B37: FIC (Fondo Nacional de Formación Profesional de la Industria de la Construcción) | C37: 15 | D37: =ROUND($C$37/40*$C$8,0) -> 533813 | E37: =D37/D19 -> 0.011121104 | F37: =ROUND($C$37/40*$C$8,0) -> 533813 | G37: =F37/F19 -> 0.024713565
B38: SUBTOTAL PARAFISCALES | D38: =SUM(D34:D37) -> 4853813 | F38: =SUM(F34:F37) -> 2477813
B39: DOTACIÓN | E39: % | G39: %
B40: Dotación | E40: =D40/D19 -> 0 | F40: 450000 | G40: =F40/F19 -> 0.020833333
B41: Implementos de Seguridad | D41: 300000 | E41: =D41/D19 -> 0.00625 | F41: 300000 | G41: =F41/F19 -> 0.013888889
B42: SUBTOTAL DOTACIÓN | D42: 0 | F42: =F40+F41 -> 750000
B43: VALOR REAL DEL SALARIO | D43: =SUM(D42,D38,D32,D27,D21) -> 76514613 | E43: =SUM(E19:E42) -> 1.6003044 | F43: =SUM(F42,F38,F32,F27,F21) -> 38399173 | G43: =SUM(G19:G42) -> 1.6666284
D45: RECUPERACIÓN PRESTACIONAL ANUAL
B46: TIEMPO PRODUCTIVO
B47: Domingos | D47: 52 | F47: 52
B48: Festivos | D48: 18 | F48: 18
B49: Permisos | D49: 8 | F49: 8
B50: Numero de días | D50: 78 | F50: 78
B51: HORAS HÁBILES LABORALES | D51: =365*8-(D50*8) -> 2296 | F51: =365*8-(F50*8) -> 2296
B52: RECUPERACIÓN SALARIAL
B53: Valor hora efectiva (FP + FR) | D53: =ROUND(D43/D51,0) -> 33325 | F53: =ROUND(F43/F51,0) -> 16724
B54: Valor real del salario | D54: =ROUND(D53*8*30,0) -> 7998000 | F54: =ROUND(F53*8*30,0) -> 4013760
B55: FACTOR PRESTACIONAL | D55: =ROUND(+E43,2) -> 1.6 | F55: =ROUND(+G43,2) -> 1.67

Sheet FM
B3: REPUBLICA DE COLOMBIA
B4: DEPARTAMENTO DEL HUILA
B5: MUNICIPIO DE NEIVA
B6: =+'A.I.U'!B6 -> MANTENIMIENTO DE LAS INSTALACIONES DEL EDIFICIO Y OTRAS DEPENDENCIA DEL MUNICIPAL DE LA ALCALDIA DE NEIVA
B7: ANALISIS FACTOR PRESTACIONAL
B8: ÍTEM | C8: DESCRIPCIÓN | E8: %
B9: A | C9: SALARIO BÁSICO | E9: 1
B10: B | C10: PRESTACIONES SOCIALES | E10: =SUM(E11:E14) -> 0.21833327
C11: Primas de Servicio | E11: 0.083333333
C12: Cesantías | E12: 0.083333333
C13: Intereses sobre cesantías | E13: 0.01
C14: Vacaciones | E14: 0.0416666
B15: C | C15: SISTEMA DE SEGURIDAD SOCIAL INTEGRAL | E15: =SUM(E16:E18) -> 0.2746
C16: Salud | E16: 0.085
C17: Riesgos Profesionales | E17: 0.0696
C18: Pensiones | E18: 0.12
B19: D | C19: APORTES PARAFISCALES | E19: =SUM(E20:E22) -> 0.09
C20: Fondo de la Industria de la Construcción (SENA) | E20: 0.02
C21: Subsidio Familiar | E21: 0.04
C22: I.C.B.F. | E22: 0.03
B23: E | C23: OTROS | E23: =SUM(E24) -> 0.05
C24: Dotación de ley | E24: 0.05
C25: SUB-TOTAL B + C | E25: =+E10+E15 -> 0.49293327
C26: SUB-TOTAL A + B + C + D + E | E26: =+E9+E10+E15+E19+E23 -> 1.6329333
B27: ÍTEM | C27: DESCRIPCIÓN | E27: %
B28: F | C28: COSTOS INDIRECTOS
B29: F1 | C29: GASTOS GENERALES Y DE ADMINISTRACIÓN | E29: =SUM(E30:E40) -> 0.265
C30: Gastos directos no reembolsables | E30: 0.05
C31: Arriendos oficinas | E31: 0.02
C32: Servcios públicos | E32: 0.02
C33: Mantenimiento y operación de oficinas | E33: 0.02
C34: Utiles y papelería | E34: 0.01
C35: Gastos legales y bancarios | E35: 0.04
C36: Gastos de tranporte y vehículos | E36: 0.03
C37: Sistematización y Administración | E37: 0.02
C38: Salarios y Prestaciones no reembolsables | E38: 0.015
C39: Personal administrativo | E39: 0.02
C40: Preparación de propuesta | E40: 0.02
B41: F2 | C41: OTROS GASTOS | E41: =SUM(E42:E44) -> 0.04
C42: Seguros | E42: 0.02
C43: Relaciones públicas y Gastos de representación | E43: 0.01
C44: Asesoría legal | E44: 0.01
C45: SUB-TOTAL F1 + F2 | E45: =+E41+E29 -> 0.305
B46: ÍTEM | C46: DESCRIPCIÓN | E46: %
B47: G | C47: HONORARIOS (20%; INCLUYE GASTOS CONTINGENTES) | E47: =0.2*(E45+E26) -> 0.38758665
B48: FACTOR MULTIPLICADOR
C49: FACTOR MULTIPLICADOR (A + B + C + D + E + F+ G) | E49: =+E47+E45+E26 -> 2.3255199
C50: FACTOR MULTIPLICADOR (AJUSTADO) | E50: =ROUND(E49,2) -> 2.33

Sheet ESTUDIO DE MERCADO-V2
B2: REPUBLICA DE COLOMBIA
B3: DEPARTAMENTO DEL HUILA
B4: MUNICIPIO DE NEIVA
B5: =+PPTO!A2 -> MANTENIMIENTO DE LAS INSTALACIONES DEL EDIFICIO Y OTRAS DEPENDENCIA DEL MUNICIPAL DE LA ALCALDIA DE NEIVA
B6: ESTUDIO DE MERCADO
B7: ITEM | C7: DESCRIPCIÓN | D7: UND | E7: VALOR MÍNIMO | F7: VALOR PROVEEDOR 1 | G7: VALOR PROVEEDOR 2 | H7: VALOR PROVEEDOR 3 | I7: OBSERVACIONES
B8: 1 | C8: (TOPEROL) LOSETA PREFABRICADA TACTIL 20X20cm | D8: UND | E8: =MIN(F8:H8) -> 0
B9: 2 | C9: ACERO A-40 Liso/Rect 3/4" | D9: ML | E9: =MIN(F9:H9) -> 0
B10: 3 | C10: ACERO Fy= 4200 Kg/cm2 | D10: KG | E10: =MIN(F10:H10) -> 0
B11: 4 | C11: ADAPTADOR PRESION Macho ½" | D11: UND | E11: =MIN(F11:H11) -> 540 | F11: 594 | G11: 595 | H11: 540 | I11: PAVCO, GERFOR, DURMAN
B12: 5 | C12: ADOQUIN DE CEMENTO GRIS 20X10X6 | D12: UND | E12: =MIN(F12:H12) -> 1100 | F12: 1100 | I12: HOMECENTER
B13: 6 | C13: Adoquin de cemento gris 20x10x8 Gris (trafico pesado) | D13: UND | E13: =MIN(F13:H13) -> 1600 | F13: 1600 | I13: HOMECENTER
B14: 7 | C14: ADOQUIN HEXAGONAL 20X20X8 COLOR GRIS | D14: UND | E14: =MIN(F14:H14) -> 0
B15: 8 | C15: ADOQUIN PEATONAL 40X40 (LISO -ROJO) | D15: UND | E15: =MIN(F15:H15) -> 0
B16: 9 | C16: ALAMBRE NEGRO Cal. 18 | D16: KG | E16: =MIN(F16:H16) -> 6218 | F16: 6218 | I16: HOMECENTER
B17: 10 | C17: ANGULO 1/8" x 1" (2.5mm x 25mm) | D17: ML | E17: =MIN(F17:H17) -> 6200 | F17: 6200 | I17: HOMECENTER
B18: 11 | C18: ANGULO GALVANIZADO 0,2X0,25 (2,44M) CAL. 26 | D18: UND | E18: =MIN(F18:H18) -> 2698 | F18: 2698 | I18: HOMECENTER
B19: 12 | C19: Angulo 6m x 1-1/2 x 3/16 pulg | D19: ML | E19: =MIN(F19:H19) -> 16700 | F19: 16700 | I19: HOMECENTER
B20: 13 | C20: ANTICORROSIVO DE ALTA CALIDAD | D20: GL | E20: =MIN(F20:H20) -> 78100 | F20: 78100 | I20: HOMECENTER
B21: 14 | C21: ANTISOL BLANCO 20 KILOS | D21: KG | E21: =MIN(F21:H21) -> 13045 | F21: 13045 | I21: HOMECENTER
B22: 15 | C22: Arandela 2x2 | D22: UND | E22: =MIN(F22:H22) -> 0
B23: 16 | C23: ARENA DE PLANTA | D23: M3 | E23: =MIN(F23:H23) -> 0
B24: 17 | C24: ARENA FINA | D24: M3 | E24: =MIN(F24:H24) -> 0
B25: 18 | C25: BARRA DE SEGURIDAD EN ACERO INOXIDABLE ABATIBLE | D25: UND | E25: =MIN(F25:H25) -> 411900 | F25: 411900 | I25: HOMECENTER
B26: 19 | C26: BARRA DE SEGURIDAD EN ACERO INOXIDABLE FIJA | D26: UND | E26: =MIN(F26:H26) -> 179900 | F26: 179900 | I26: HOMECENTER
B27: 20 | C27: BASE GRANULAR TIPO INVIAS INC. TRANSP | D27: M3 | E27: =MIN(F27:H27) -> 0
B28: 21 | C28: BLOQUE 5 33x23x11.5 | D28: UND | E28: =MIN(F28:H28) -> 1900 | F28: 1900 | I28: HOMECENTER
B29: 22 | C29: BLOQUE ESTRUCTURAL No. 5 12X20X30 cm | D29: UND | E29: =MIN(F29:H29) -> 1450 | F29: 1450 | I29: HOMECENTER
B30: 23 | C30: Bolardo en Concreto 0.30x0.80 Mts sin Cuello | D30: UND | E30: =MIN(F30:H30) -> 84980 | F30: 84980 | I30: HOMECENTER
B31: 24 | C31: BORDILLO PREFABRICADO B-20 (20x10x80cm) | D31: UND | E31: =MIN(F31:H31) -> 23980 | F31: 23980 | I31: HOMECENTER
B32: 25 | C32: BOTE DE BASURA TIPO MILAN TRIPLE O SIMILAR | D32: UND | E32: =MIN(F32:H32) -> 0
B33: 26 | C33: BOTE DE BASURA TIPO PILA 1 O SIMILAR | D33: UND | E33: =MIN(F33:H33) -> 0
B34: 27 | C34: BOUGAINVILLEA AMARILLA O MORADA | D34: UND | E34: =MIN(F34:H34) -> 19800 | F34: 19800 | I34: HOMECENTER
B35: 28 | C35: Breaker enchufable 1x20a | D35: UND | E35: =MIN(F35:H35) -> 20150 | F35: 20150 | I35: HOMECENTER
B36: 29 | C36: Breaker industrial 3x125a | D36: UND | E36: =MIN(F36:H36) -> 865100 | F36: 865100 | I36: HOMECENTER
B37: 30 | C37: Breaker industrial 3x60a | D37: UND | E37: =MIN(F37:H37) -> 183900 | F37: 183900 | I37: HOMECENTER
B38: 31 | C38: Breaker tipo riel 1x30a | D38: UND | E38: =MIN(F38:H38) -> 0
B39: 32 | C39: Brocha 2" | D39: UND | E39: =MIN(F39:H39) -> 12900 | F39: 12900 | I39: HOMECENTER
B40: 33 | C40: BUJE PVC P 3/4" A 1/2" | D40: UND | E40: =MIN(F40:H40) -> 759 | F40: 835 | G40: 840 | H40: 759 | I40: PAVCO, GERFOR, DURMAN
B41: 34 | C41: Cable acsr 1/0 | D41: ML | E41: =MIN(F41:H41) -> 0
B42: 35 | C42: Cable al serie 8000 # 2 | D42: ML | E42: =MIN(F42:H42) -> 0
B43: 36 | C43: Cable al serie 8000 # 6 | D43: ML | E43: =MIN(F43:H43) -> 0
B44: 37 | C44: Cable cu # 12 | D44: ML | E44: =MIN(F44:H44) -> 2444 | F44: 2444 | I44: HOMECENTER
B45: 38 | C45: Cable cu #10 | D45: ML | E45: =MIN(F45:H45) -> 3839 | F45: 3839 | I45: HOMECENTER
B46: 39 | C46: Cable desnudo 1/0 | D46: ML | E46: =MIN(F46:H46) -> 0
B47: 40 | C47: Cable encauchetado 4x12 | D47: ML | E47: =MIN(F47:H47) -> 0
B48: 41 | C48: Cable vehicular # 12 | D48: ML | E48: =MIN(F48:H48) -> 0
B49: 42 | C49: Caja de policarbonato macromedidor | D49: UND | E49: =MIN(F49:H49) -> 0
B50: 43 | C50: Caja de policarbonato medidor trifasico | D50: UND | E50: =MIN(F50:H50) -> 0
B51: 44 | C51: CAJA PARA MEDIDOR | D51: UND | E51: =MIN(F51:H51) -> 0
B52: 45 | C52: Caja pvc 2400 | D52: UND | E52: =MIN(F52:H52) -> 3800 | F52: 4181 | G52: 4370 | H52: 3800 | I52: PAVCO, GERFOR, DURMAN
B53: 46 | C53: Canastilla metalica para pedestal 0,4x0,4 en varilla de 1/2" y esparrago 5/8" | D53: UND | E53: =MIN(F53:H53) -> 0
B54: 47 | C54: Capacete 2" | D54: UND | E54: =MIN(F54:H54) -> 0
B55: 48 | C55: CARGA TIRO A TIRO RAMSET AMARILLO | D55: UND | E55: =MIN(F55:H55) -> 269 | F55: 269 | I55: HOMECENTER
B56: 49 | C56: CEMENTO BLANCO | D56: KG | E56: =MIN(F56:H56) -> 1772.5 | F56: 1772.5 | I56: HOMECENTER
B57: 50 | C57: CEMENTO GRIS | D57: KG | E57: =MIN(F57:H57) -> 600 | F57: 600 | I57: HOMECENTER
B58: 51 | C58: Cierra puerta de 80kg | D58: UND | E58: =MIN(F58:H58) -> 198864 | F58: 199900 | G58: 198864 | H58: 230000
B59: 52 | C59: Cinta aislante 3m | D59: UND | E59: =MIN(F59:H59) -> 6000 | F59: 6000 | I59: HOMECENTER
B60: 53 | C60: Cinta bandit 5/8" | D60: ML | E60: =MIN(F60:H60) -> 0
B61: 54 | C61: Cinta de enmascarar 36mm | D61: ML | E61: =MIN(F61:H61) -> 422.5 | F61: 422.5 | I61: HOMECENTER
B62: 55 | C62: CINTA DE PAPEL SUPERCINTA 250 | D62: UND | E62: =MIN(F62:H62) -> 0
B63: 56 | C63: Cinta peligro 500m | D63: UND | E63: =MIN(F63:H63) -> 70900 | F63: 70900 | I63: HOMECENTER
B64: 57 | C64: CIRCUITO PROGRAMA DE ENTRENAMIENTO PARQUE 16 REFERENCIA CINTURON TRIPLE | D64: UND | E64: =MIN(F64:H64) -> 1910000 | F64: 1910000 | I64: GOFER
B65: 58 | C65: CIRCUITO PROGRAMA DE ENTRENAMIENTO PARQUE 17 REFERENCIA PONY | D65: UND | E65: =MIN(F65:H65) -> 2000000 | F65: 2000000 | I65: GOFER
B66: 59 | C66: CIRCUITO PROGRAMA DE ENTRENAMIENTO PARQUE 18 REFERENCIA PATINES | D66: UND | E66: =MIN(F66:H66) -> 2200000 | F66: 2200000 | I66: GOFER
B67: 60 | C67: CIRCUITO PROGRAMA DE ENTRENAMIENTO PARQUE 19 REFERENCIA VOLANTE | D67: UND | E67: =MIN(F67:H67) -> 2150000 | F67: 2150000 | I67: GOFER
B68: 61 | C68: CIRCUITO PROGRAMA DE ENTRENAMIENTO PARQUE 20 REFERENCIA TIMON | D68: UND | E68: =MIN(F68:H68) -> 1925000 | F68: 1925000 | I68: GOFER
B69: 62 | C69: CIRCUITO PROGRAMA DE ENTRENAMIENTO PARQUE 21 REFERENCIA BARRAS | D69: UND | E69: =MIN(F69:H69) -> 1450000 | F69: 1450000 | I69: GOFER
B70: 63 | C70: CIRCUITO PROGRAMA DE ENTRENAMIENTO PARQUE 22 REFERENCIA SURF | D70: UND | E70: =MIN(F70:H70) -> 2072000 | F70: 2072000 | I70: GOFER
B71: 64 | C71: COCINA INTEGRAL DE MADERA DE 1,80 METROS | D71: UND | E71: =MIN(F71:H71) -> 1689900 | F71: 1689900 | I71: HOMECENTER
B72: 65 | C72: CODO 45° PRESION 3/4" | D72: UND | E72: =MIN(F72:H72) -> 2069 | F72: 2276 | G72: 2290 | H72: 2069 | I72: PAVCO, GERFOR, DURMAN
B73: 66 | C73: CODO 45° SANITARIO DE 2" | D73: UND | E73: =MIN(F73:H73) -> 4825 | F73: 5308 | G73: 5290 | H73: 4825 | I73: PAVCO, GERFOR, DURMAN
B74: 67 | C74: CODO 45° SANITARIO DE 3" | D74: UND | E74: =MIN(F74:H74) -> 10370 | F74: 11408 | G74: 11390 | H74: 10370 | I74: PAVCO, GERFOR, DURMAN
B75: 68 | C75: CODO 45° SANITARIO DE 4" | D75: UND | E75: =MIN(F75:H75) -> 18264 | F75: 20092 | G75: 19700 | H75: 18264 | I75: PAVCO, GERFOR, DURMAN
B76: 69 | C76: CODO 90° PRESION ½" | D76: UND | E76: =MIN(F76:H76) -> 784 | F76: 863 | G76: 860 | H76: 784 | I76: PAVCO, GERFOR, DURMAN
B77: 70 | C77: CODO 90° PRESION 3/4" PAVCO | D77: UND | E77: =MIN(F77:H77) -> 1255 | F77: 1381 | G77: 1380 | H77: 1255 | I77: PAVCO, GERFOR, DURMAN
B78: 71 | C78: CODO 90° SANITARIO 2" PAVCO | D78: UND | E78: =MIN(F78:H78) -> 4031 | F78: 4434 | G78: 4450 | H78: 4031 | I78: PAVCO, GERFOR, DURMAN
B79: 72 | C79: CODO 90° SANITARIO 3" PAVCO | D79: UND | E79: =MIN(F79:H79) -> 9336 | F79: 10270 | G79: 10300 | H79: 9336 | I79: PAVCO, GERFOR, DURMAN
B80: 73 | C80: CODO 90° SANITARIO 4" PAVCO | D80: UND | E80: =MIN(F80:H80) -> 16234 | F80: 17859 | G80: 17800 | H80: 16234 | I80: PAVCO, GERFOR, DURMAN
B81: 74 | C81: Collarin doble salida 6-8 | D81: UND | E81: =MIN(F81:H81) -> 0
B82: 75 | C82: Collarin reforzado 250 mm | D82: UND | E82: =MIN(F82:H82) -> 0
B83: 76 | C83: COMBO BAÑOS SANITARIO CORONA | D83: UND | E83: =MIN(F83:H83) -> 399900 | F83: 399900 | I83: HOMECENTER
B84: 77 | C84: Conector operación en caliente | D84: UND | E84: =MIN(F84:H84) -> 0
B85: 78 | C85: Conector varilla tierra 5/8" | D85: UND | E85: =MIN(F85:H85) -> 0
B86: 79 | C86: Contactor 220v - 60a | D86: UND | E86: =MIN(F86:H86) -> 169900 | F86: 169900 | I86: HOMECENTER
B87: 80 | C87: Coraza americana 1" | D87: ML | E87: =MIN(F87:H87) -> 12980 | F87: 12980 | I87: HOMECENTER
B88: 81 | C88: Corta circuitos 13,2kv | D88: UND | E88: =MIN(F88:H88) -> 0
B89: 82 | C89: Cruceta metalica 2m | D89: UND | E89: =MIN(F89:H89) -> 0
B90: 83 | C90: Ct's tipo ventana 150/5a | D90: UND | E90: =MIN(F90:H90) -> 0
B91: 84 | C91: CUNETA PREFABRICADA A-30 | D91: UND | E91: =MIN(F91:H91) -> 0
B92: 85 | C92: Curva imc 2" | D92: UND | E92: =MIN(F92:H92) -> 0
B93: 86 | C93: Curva pvc 1" | D93: UND | E93: =MIN(F93:H93) -> 4401 | F93: 4842 | G93: 4990 | H93: 4401 | I93: PAVCO, GERFOR, DURMAN
B94: 87 | C94: Curva pvc 1/2" | D94: UND | E94: =MIN(F94:H94) -> 1452 | F94: 1598 | G94: 1670 | H94: 1452 | I94: PAVCO, GERFOR, DURMAN
B95: 88 | C95: Curva PVC 2" | D95: UND | E95: =MIN(F95:H95) -> 20706 | F95: 22778 | G95: 23800 | H95: 20706 | I95: PAVCO, GERFOR, DURMAN
B96: 89 | C96: Curva pvc 3/4" | D96: UND | E96: =MIN(F96:H96) -> 2322 | F96: 2555 | G96: 2690 | H96: 2322 | I96: PAVCO, GERFOR, DURMAN
B97: 90 | C97: Diagonal 68 cm | D97: UND | E97: =MIN(F97:H97) -> 0
B98: 91 | C98: DISCO ABRASIVO CORTE METAL 7 PULGADAS | D98: UND | E98: =MIN(F98:H98) -> 8950 | F98: 8950 | I98: HOMECENTER
B99: 92 | C99: DISCO DIAMANTADO SEGMENTADO 16" | D99: UND | E99: =MIN(F99:H99) -> 508900 | F99: 508900 | I99: HOMECENTER
B100: 93 | C100: Disolvente para pintura | D100: GL | E100: =MIN(F100:H100) -> 136667 | F100: 136667 | I100: HOMECENTER
B101: 94 | C101: ENCHAPE 0,20x0,20 | D101: M2 | E101: =MIN(F101:H101) -> 39900 | F101: 39900 | I101: HOMECENTER
...

Sheet EQUIPOS
A1: =+PPTO!A2 -> MANTENIMIENTO DE LAS INSTALACIONES DEL EDIFICIO Y OTRAS DEPENDENCIA DEL MUNICIPAL DE LA ALCALDIA DE NEIVA
A4: AIU | B4: AIU | C4: % | D4: =SUM(D5:D7) -> 0.3
A5: A | B5: ADMISTRACION | C5: % | D5: =+PPTO!E92 -> 0.22
A6: I | B6: IMPREVISTOS | C6: % | D6: =+PPTO!E93 -> 0.03
A7: U | B7: UTILIDAD | C7: % | D7: =+PPTO!E94 -> 0.05
A9: codigo | B9: Nombre | C9: Undad | D9: Valor
A11: EQPO2 | B11: EQUIPO TOPOGRAFIA COMPLETA | C11: DIA | D11: 300000
A12: EQPO4 | B12: CAMABAJA. | C12: GLOBAL | D12: 1000000
A13: EQPO5 | B13: RETROCARGADOR | C13: HORA | D13: =D11 -> 300000
A14: EQPO6 | B14: VOLQUETA,. | C14: VIAJE | D14: 300000
A15: EQPO7 | B15: VIBROCOMPACTADOR | C15: HORA | D15: 90000
A16: EQPO8 | B16: COMPACTADOR (TIPO RANA) | C16: DIA | D16: 25000
A17: EQPO9 | B17: CAMION | C17: GLOBAL | D17: 1000000
A18: EQPO10 | B18: VIBRADOR CONCRETO | C18: HORA | D18: =30000/8 -> 3750
A19: EQPO11 | B19: EQUIPO SOLDADURA | C19: HORA | D19: 10000
A20: EQPO12 | B20: CAMIONETA | C20: DIA | D20: 150000
A21: EQPO13 | B21: EQUIPO PARA PINTURA | C21: DIA | D21: 45000
A22: EQPO14 | B22: MEZCLADOR DE CONCRETO | C22: HORA | D22: 10000
A27: OBRE1 | B27: OBRERO AYUDANTE | C27: DIA | D27: 68000
A28: OBRE2 | B28: OFICIAL | C28: DIA | D28: 85000
A29: OBRE3 | B29: SUPERVISOR | C29: DIA | D29: 35000
A30: OBRE4 | B30: SOLDADOR | C30: DIA | D30: 25000
A31: OBRE5 | B31: ELECTRICISTA | C31: DIA | D31: 90000
A34: MATER1 | B34: ANDAMIO SECCION | C34: DIA | D34: 40000
A35: MATER2 | B35: CONCRETO 2500 PSI | C35: M3 | D35: 332900
A36: MATER3 | B36: HERRAMIENTA MENOR | C36: GLOBAL | D36: 1000
... A39: MATER6 | B39: ALAMBRE GALVANIZADO | C39: KG | D39: 1500
A40: MATER7 | B40: PIEDRA PARA GAVION | C40: M3 | D40: =200000/5 -> 40000
A41: MATER8 | B41: PIEDRA MEDIA ZONGA | C41: M3 | D41: 80000
A42: MATER9 | B42: CONCRETO 3000 PSI | C42: M3 | D42: 380000
A43: MATER10 | B43: ACCESORIOS ELECTRICOS | C43: UND | D43: 1000
A44: MATER11 | B44: MORTERO 1:4 | C44: M3 | D44: 300000
A45: MATER12 | B45: LADRILLO TOLETE | C45: UND | D45: 270
A46: MATER13 | B46: TANQUE DE 500LITROS PARA GUA POTABLE | C46: UND | D46: 140000
A47: MATER14 | B47: TEJA No.4 | C47: M2 | D47: 10000
A48: MATER15 | B48: PINTURA ESMLTE (ACEITE) | C48: GALON | D48: 94400
A49: MATER16 | B49: PINTURA EN VINILO TIPO 1 INTERIORES | C49: Galon | D49: 69900
A50: MATER17 | B50: ESTUCO PLASTICO | C50: GALON | D50: =+Hoja3!G7 -> 25000
A51: MATER18 | B51: MALLA ELECTROSOLDA Q3 | C51: M2 | D51: =2750*2 -> 5500
A52: MATER19 | B52: ALAMBRE DE AMARRE | C52: KG | D52: 2200
A53: MATER20 | B53: ACCESORIO PVC | C53: UND | D53: 1000
A54: MATER21 | B54: TUBERIA PRESION 1/2 PULGADA | C54: ML | D54: 2100
A55: MATER22 | B55: TUBERIA SANITARIA 4" | C55: ML | D55: 11200
A56: MATER23 | B56: TUBERIA SANITARIA 2" | C56: ML | D56: 5300
A57: MATER24 | B57: COMBO SANITARIO POPULAR BLANCO (GRIFERIA, TAPA Y ACCESORIOS) | C57: UND | D57: 165000
A58: MATER25 | B58: BALDOSA ENCHAPE 20x20 CM | C58: M2 | D58: 15000
A59: MATER26 | B59: CEMENTO PORTLAN TIPO 1 | C59: KG | D59: =19000/50 -> 380
A60: MATER27 | B60: CEMENTO BLANCO | C60: KG | D60: =19500/50 -> 390
A61: MATER28 | B61: BALDOSA PISO 30x30CM | C61: M2 | D61: 16000
A62: MATER29 | B62: VIDRIO 4MM TEMPLADO CRUDO | C62: M2 | D62: 50000
A63: MATER30 | B63: PERFILERIA ALUMINIO | C63: ML | D63: 28000
A64: MATER31 | B64: VIDRIO REFLECTIVO TIPO ESPEJO 4MM | C64: M2 | D64: 100000
A65: MATER32 | B65: CONCRETO 2000 PSI | C65: M3 | D65: 290000
A66: MATER33 | B66: ALAMBRE NEGRO Cal.18 | C66: KG | D66: 2300
A67: MATER34 | B67: ACERO DE REFUERZO . | C67: KG | D67: 3800
A68: MATER35 | B68: LONA CERRAMIENTO VERDE | C68: M2 | D68: 2680
A69: MATER36 | B69: MATERIAL SELECIONADO | C69: M3 | D69: 17000
A70: MATER37 | B70: POLARIZADO IMPRESIÓN DIGITAL | C70: M2 | D70: 90000
A71: MATER38 | B71: INTERUPTOR SENCILLO | C71: UND | D71: 5200
A72: MATER39 | B72: ACCESORIOS ELECTRICOS | C72: UND | D72: 5000
... A89: MATER56 | B89: WIN PLASTICO DE 2 ALA SENCILLO | C89: ML | D89: 1264.54
A90: MATER57 | B90: MORTERO PARA SOLADO 1:4 | C90: M3 | D90: =9901.8/0.04 -> 247545
A91: MATER58 | B91: MORTERO PARA PAÑETE 3CM | C91: M3 | D91: 300000
A92: MATER59 | B92: DUCHA SENCILLA | C92: UND | D92: 2000
A93: MATER60 | B93: LLAVE PASO DUCHA | C93: UND | D93: 20000
A94: MATER61 | B94: MARCO PARA PUERTAS 2x1 MADERA | C94: UND | D94: 100000
A95: MATER62 | B95: CHAPA DE SEGURIDAD TIPO C999 | C95: UND | D95: 120000
A96: MATER63 | B96: MORTERO PARA BAJO PLACA 1:3 | C96: M3 | D96: 350000
A97: MATER64 | B97: SIKA 1 | C97: KG | D97: 6000
A98: MATER65 | B98: ANCLAJE QUIMICO RE500X330ML | C98: UND | D98: 68300
A99: MATER66 | B99: PUERTA ECONOMICA MACIZA | C99: UND | D99: 65200
A100: MATER67 | B100: MINERAL FINO | C100: KG | D100: 5000
A101: MATER68 | B101: MALLE ELECTRSOLDADA Q-3. | C101: M2 | D101: =60000/14 -> 4285.7143
A102: MATER69 | B102: CERRADURA ENTRADA PRINCIPAL PLATINUM DORADA | C102: UND | D102: 64210
A103: MATER70 | B103: MARCO CALIBRE 20 | C103: UND | D103: 40000
A104: MATER71 | B104: PUERTA METALICA CAL. 23 (HASTA 2x1) COLLROLET | C104: UND | D104: 156000
A105: MATER72 | B105: LAVAMANOS | C105: UND | D105: 45000
A106: MATER73 | B106: ACCESORIOS. | C106: UND | D106: 10000
A107: MATER74 | B107: TEJA No. 8 | C107: M2 | D107: 16000
A108: MATER75 | B108: TEJA TRANSLUCIDA | C108: M2 | D108: =14750*1.16 -> 17110
A109: MATER76 | B109: CANAL METALICA C.18 DE 0.30X0.20X0.25M | C109: ML | D109: 85000
A110: MATER77 | B110: TEJA No.6 | C110: M2 | D110: 15000
A111: MATER78 | B111: VENTANA METALICA | C111: UND | D111: =180095/1.1 -> 163722.73
A112: MATER79 | B112: VIDRIOS | C112: M2 | D112: 34554
A113: MATER80 | B113: PATERNIT | C113: GLOBAL | D113: =14247/1.1 -> 12951.818
A114: MATER81 | B114: ARENA | C114: M3 | D114: 90000
A115: MATER82 | B115: TRITURADO | C115: M3 | D115: 90000
A116: MATER83 | B116: CABALLETE_ | C116: ML | D116: 22500
A117: MATER84 | B117: CHAZOS METALICOS 2 1/2" | C117: UND | D117: 2000
A118: MATER85 | B118: TEJA ZINC | C118: M2 | D118: 6500
A119: MATER86 | B119: LAMINA PVC 9mm X 30CM X 1M | C119: ML | D119: 7000
A120: MATER87 | B120: ACCESORIOS LAMINA PVC | C120: GLOBAL | D120: 10000
A121: MATER88 | B121: PUNTO SANITARIA 2" | C121: UND | D121: 8000
A122: MATER89 | B122: PEGANTE PVC | C122: GALON | D122: =3500*8 -> 28000
A123: MATER90 | B123: PEGANTE PARA BALDOSA CERAMICA DE PISO Y PARED | C123: KG | D123: =15000/25 -> 600
A124: MATER91 | B124: TUBO SANITARIO 4" PVC SANITARIO | C124: ML | D124: 18366
A125: MATER92 | B125: ACCESORIO PVC 4" | C125: UND | D125: 15000
A126: MATER93 | B126: LAVAMANOS POPULAR BLANCO | C126: UND | D126: 35000
A127: MATER94 | B127: LLAVE JARDIN O SIMILAR PARA LAVAPLATOS | C127: UND | D127: 20000
A128: MATER95 | B128: PUERTA MADERA TAMBORADA | C128: UND | D128: 100000
...

Sheet SecopII
D1: MUNICIPIO DE NEIVA
D2: MANTENIMIENTO DE LAS INSTALACIONES DEL EDIFICIO Y OTRAS DEPENDENCIA DEL MUNICIPAL DE LA ALCALDIA DE NEIVA
D4: PRESUPUESTO OFICIAL
D6: MANTENIMIENTO Y/O ADECUCAIONES DE PLANEACION , VIVENDA, PROSPECTIVIDAD Y OTROS , INCLUIDO CANAL PERIMETRAL EXTERNE DEL EDIFICIO MUNICIPAL
E7: ESPECIFICACIONES
C8: Nº | D8: ÍTEM PAGO | E8: GENERAL | F8: PARTICULAR | G8: DESCRIPCIÓN | H8: UND | I8: CANTIDAD | J8: VALOR UNITARIO | K8: VALOR TOTAL | M8: RENDIMIENTOS | N8: EQUIPO | O8: MATREIALES | P8: TRASPORTE | Q8: Mno OBRA | R8: TOTAL | S8: AIU | T8: Mno Obra Calificada | U8: dias
D9: 1 | G9: CANALES - BAJANTES
D10: 1.1 | G10: =+ANALISIS74 -> CANAL AGUA LLUVIA METALICA DE 0,35 X 0,20,025M METALICA C.18 (Incluye Suministro e instalacion con sus accesorios) | H10: =+'1.1'!F7 -> ML | I10: =+PPTO!D9 -> 86 | J10: =+'1.1'!H53 -> 165848 | K10: =J10*I10 -> 14262928 | M10: ='1.2'!$B$54 -> 0 | N10: =I10*'1.2'!$H$16 -> 86000 | O10: =I10*'1.2'!$H$26 -> 1780200 | P10: =I10*'1.2'!$H$33 -> 0 | Q10: =I10*'1.2'!$H$43 -> 1754400 | R10: =N10+O10+P10+Q10 -> 3620600 | S10: =R10*30% -> 1086180 | T10: =(80000*U10) -> #DIV/0! | U10: =(I10/M10)/8 -> #DIV/0!
D11: 1.2 | G11: =+ANALISIS1 -> ANGULO METALICO 1 1/2 x 1/8 (Incluye suministro e instalacion y todos los accesorios necesarios para su instalacion) | H11: =+'1.2'!F7 -> UND | I11: =+PPTO!D10 -> 29 | J11: =+'1.2'!H53 -> 54730 | K11: =J11*I11 -> 1587170
D12: 1.3 | G12: =+ANALISIS14 -> TUBERIA 4" SANITARIA PVC PARA BAJANTE EN FACHADA PRINCIPAL (incluye suministro e instalacion) | H12: =+'1.3'!F7 -> ML | I12: =+PPTO!D11 -> 89 | J12: =+'1.3'!H53 -> 84607 | K12: =J12*I12 -> 7530023
D15: 2 | G15: ESTUCO Y PINTURA AREA COMUNES
D16: 2.1 | G16: =+ANALISIS66 -> SUMINISTRO Y APLICACION PINTURA VINILICA TIPO I SOBRE MURO , (Incluye sumistro Pintura, lijado y pintura (3manos) sobre muro ) | H16: =+'2.1-7,2-10.1'!$F$7 -> M2 | I16: =+PPTO!D15 -> 648 | J16: =+'2.1-7,2-10.1'!$H$53 -> 22578 | K16: =J16*I16 -> 14630544 | M16: ='1.2'!$B$54 -> 0 | N16: =I16*'1.2'!$H$16 -> 648000 | O16: =I16*'1.2'!$H$26 -> 13413600 | P16: =I16*'1.2'!$H$33 -> 0 | Q16: =I16*'1.2'!$H$43 -> 13219200 | R16: =N16+O16+P16+Q16 -> 27280800 | S16: =R16*30% -> 8184240 | T16: =(80000*U16) -> #DIV/0! | U16: =(I16/M16)/8 -> #DIV/0!
D17: 2.2 | G17: =+ANALISIS71 -> ESTUCO Y RESANE SOBRE MUROS O PLACA (Incluye el suministro, y aplicación estuco mas lijado ) | H17: =+'2.2-7,3-10.2'!$F$7 -> M2 | I17: =+PPTO!D16 -> 323 | J17: =+'2.2-7,3-10.2'!$H$53 -> 16653 | K17: =J17*I17 -> 5378919 | M17: =#REF! -> #REF! | N17: =I17*#REF! -> #REF! | O17: =I17*#REF! -> #REF! | P17: =I17*#REF! -> #REF! | Q17: =I17*#REF! -> #REF! | R17: =N17+O17+P17+Q17 -> #REF! | S17: =R17*30% -> #REF! | T17: =(80000*U17) -> #REF! | U17: =(I17/M17)/8 -> #REF!
D18: 2.3 | G18: =+ANALISIS69 -> SUMINISTRO Y APLICACION PINTURA GUARDAESCOBA (Incluye sumistro Pintura, lijado y pintura sobre muro) | H18: =+'2.3-10.3'!F7 -> ML | I18: =+PPTO!D17 -> 279 | J18: =+'2.3-10.3'!H53 -> 9634 | K18: =J18*I18 -> 2687886
D19: 2.4 | G19: =+ANALISIS70 -> PINTURA TIPO I SOBRE PLACA (Incluye sumistro, lijado y pintura sobre Placa o ciel raso) | H19: =+'2.4-10.4'!F7 -> M2 | I19: =+PPTO!D18 -> 415 | J19: =+'2.4-10.4'!H53 -> 24182 | K19: =J19*I19 -> 10035530
D20: 3 | G20: CARPINTERIA METALICA, DIVISIONES Y ACCESORIOS
D21: 3.1 | G21: =+ANALISIS67 -> SUMINISTRO E INSTALACION VENTANA EN VIDRIO REFLECTIVO 4MM (Incluye todos los elementos y accesorios para su instalacion) | H21: =+'3.1'!F7 -> M2 | I21: =+PPTO!D20 -> 44.2 | J21: =+'3.1'!H53 -> 205715 | K21: =J21*I21 -> 9092603
D22: 3.2 | G22: =+ANALISIS100 -> SUMINISTRO E INSTALACION POLARIZADO EN FOTO IMPRESIÓN LAMINADO | H22: =+'3.2'!F7 -> M2 | I22: =+PPTO!D21 -> 15.6 | J22: =+'3.2'!H53 -> 133775 | K22: =J22*I22 -> 2086890
D23: 3.3 | G23: =+ANALISIS72 -> DIVISION EN DRY WALL (Incluye suministro e instalacion y accesorios) | H23: =+'3.3'!F7 -> M2 | I23: =+PPTO!D22 -> 3.44 | J23: =+'3.3'!H55 -> 72462 | K23: =J23*I23 -> 249269.28
D24: 3.4 | G24: =+G65 -> SUMINISTRO E INSTALACION PUERTA EN MADERA DE 2X1M (incluye marco metalicoy chapa) | H24: =+'3,4'!F7 -> UND | I24: =+PPTO!D23 -> 1 | J24: =+J65 -> 530140 | K24: =J24*I24 -> 530140
D25: 3.5 | G25: =+'3.5'!A7 -> INSTALACION DE CIERRA PUERTA HIDRAULICO DE 80KG | H25: =+H65 -> M2 | I25: =+PPTO!D24 -> 1 | J25: =+'3.5'!H53 -> 343727 | K25: =J25*I25 -> 343727
D26: 3.6 | G26: =+'3.6'!A7 -> SUMINISTRO E INSTALACION DE PUERTA Y DIVISION EN ALUMINIO, INCLUYE MANO DE OBRA Y ELEMENTOS | H26: =+H21 -> M2 | I26: =+PPTO!D25 -> 8.8 | J26: =+'3.6'!H53 -> 751644 | K26: =J26*I26 -> 6614467.2
D27: 4 | G27: IMPERMEABILIZACION
D28: 4.1 | G28: =+ANALISIS68 -> IMPERMEABILIZACION CANALES MANTO ASFALTICO Y FOIL ALUMINIO | H28: =+'4.1'!F7 -> M2 | I28: =+PPTO!D27 -> 86 | J28: =+'4.1'!H53 -> 71936 | K28: =J28*I28 -> 6186496
G34: SUBTOTAL | K34: =SUM(K10:K33) -> 81216592
D36: PRESUPUESTO OFICIAL ELECTRICO
E38: =+E7 -> ESPECIFICACIONES
C39: Nº | D39: =+D8 -> ÍTEM PAGO | E39: =+E8 -> GENERAL | F39: =+F8 -> PARTICULAR | G39: DESCRIPCIÓN | H39: UND | I39: CANTIDAD | J39: =+J8 -> VALOR UNITARIO | K39: =+K8 -> VALOR TOTAL
G40: INSTALACIONES ELECTRICAS - DATOS
D41: 5 | G41: DESMONTES
D42: 5.1 | G42: DESMONTE DE LUMIINARIA LED EXISTENTE | H42: UND | I42: =+PPTO!D41 -> 60 | J42: =+'5.1-11.1'!H53 -> 17550 | K42: =J42*I42 -> 1053000
D43: 6 | G43: APARATOS ELECTRICOS
D44: 6.1 | G44: =+ANALISIS102 -> SUMINISTRO E INSTALACION LAMAPRAS 60X60 , 40 INCLUYE MARCOS | H44: =+'6.1-8.2-12.1'!F7 -> UND | I44: =+PPTO!D43 -> 60 | J44: =+'6.1-8.2-12.1'!H53 -> 220647 | K44: =J44*I44 -> 13238820
D45: 6.2 | G45: =+'6.2'!ANALISIS102 -> SUMINISTRO E INSTALACION DE CABLE UTP CAT 6A TENDIDO Y CERTIFICADO | H45: ML | I45: =+PPTO!D44 -> 915 | J45: =+'6.2'!H53 -> 10499 | K45: =J45*I45 -> 9606585
D46: 6.3 | G46: =+'6.3'!ANALISIS102 -> SUMINISTRO, TRANSPORTE E INSTALACIÓN DE CANALETA PLASTICA (12 X 5) CM CON DIVISIÓN | H46: =+H45 -> ML | I46: =+PPTO!D45 -> 70 | J46: =+'6.3'!H53 -> 111671 | K46: =J46*I46 -> 7816970
D47: 6.4 | G47: =+'6.4-9.2'!ANALISIS102 -> SALIDA + TOMACORRIENTE DOBLE MONOFASICA - INCLUYE CAJA, TUBERIA | H47: UND | I47: =+PPTO!D46 -> 76 | J47: =+'6.4-9.2'!H53 -> 166653 | K47: =J47*I47 -> 12665628
D48: 6.5 | G48: =+'6.5-9.3'!ANALISIS102 -> TOMACORRIENTE DOBLE POLO A TIERRA REGULADA COLOR NARANJA EN CANALETA | H48: UND | I48: =+PPTO!D47 -> 40 | J48: =+'6.5-9.3'!H53 -> 126439 | K48: =J48*I48 -> 5057560
D49: 6.6 | G49: =+'6.6'!ANALISIS102 -> SUMINISTRO E INSTALACIÓN DE SALIDA LÓGICA PARA VOZ Y DATOS SENCILLO CATEGORIA 6A | H49: UND | I49: =+PPTO!D48 -> 40 | J49: =+'6.6'!H53 -> 123046 | K49: =J49*I49 -> 4921840
D50: 6.7 | G50: =+'6.7'!ANALISIS102 -> CABLEADO 2#12 PE HF LS TC POR TUBERÍA, CANALETA O BANDEJA | H50: ML | I50: =+PPTO!D49 -> 600 | J50: =+'6.7'!H53 -> 12225 | K50: =J50*I50 -> 7335000
D51: 6.8 | G51: =+'6.8'!ANALISIS102 -> SWITCH 24 PUERTOS MARCA 3COM O EQUIVALENTE (SUMINISTRO E INSTALACIÓN) INCLUYE PATCH CORD | H51: UND | I51: =+PPTO!D50 -> 1 | J51: =+'6.8'!H53 -> 1971297 | K51: =J51*I51 -> 1971297
D52: 6.9 | G52: SUMINISTRO E INSTALACION DE LUMINARIA SOBRE PONER 12W | H52: UND | I52: =+PPTO!D51 -> 1 | J52: =+'6.9'!H53 -> 90350 | K52: =J52*I52 -> 90350
G53: SUBTOTAL | K53: =SUM(K42:K52) -> 63757050
D55: PRESUPUESTO OFICIAL ZONA LACTANCIA
E57: =+E38 -> ESPECIFICACIONES
C58: Nº | D58: =+D39 -> ÍTEM PAGO | E58: =+E39 -> GENERAL | F58: =+F39 -> PARTICULAR | G58: DESCRIPCIÓN | H58: UND | I58: CANTIDAD | J58: =+J39 -> VALOR UNITARIO | K58: =+K39 -> VALOR TOTAL
G59: ADECUACION AREA DE LACTANCIA 1 PISO ALCALDIA NEIVA
D60: 7 | G60: MURO, ESTUCO Y PINTURA
D61: 7.1 | G61: =+'7.1'!A7 -> SUMINISTR E INSTALACION MURO SUPERBOARD 2mm e=9cm- DOBLE CARA | H61: M2 | I61: =+PPTO!D60 -> 17 | J61: =+'7.1'!H56 -> 123753 | K61: =J61*I61 -> 2103801
D62: 7.2 | G62: =+G16 -> SUMINISTRO Y APLICACION PINTURA VINILICA TIPO I SOBRE MURO , (Incluye sumistro Pintura, lijado y pintura (3manos) sobre muro ) | H62: M2 | I62: =+PPTO!D61 -> 19 | J62: =+J16 -> 22578 | K62: =J62*I62 -> 428982
D63: 7.3 | G63: =+G17 -> ESTUCO Y RESANE SOBRE MUROS O PLACA (Incluye el suministro, y aplicación estuco mas lijado ) | H63: M2 | I63: =+PPTO!D62 -> 10 | J63: =+J17 -> 16653 | K63: =J63*I63 -> 166530
D64: 8 | G64: ESTUCO Y PINTURA AREA COMUNES
D65: 8.1 | G65: =+'8.1-3.4'!A7 -> SUMINISTRO E INSTALACION PUERTA EN MADERA DE 2X1M (incluye marco metalicoy chapa) | H65: M2 | I65: =+PPTO!D64 -> 1 | J65: =+'8.1-3.4'!H56 -> 530140 | K65: =J65*I65 -> 530140
D66: 8.2 | G66: =+G44 -> SUMINISTRO E INSTALACION LAMAPRAS 60X60 , 40 INCLUYE MARCOS | H66: UND | I66: =+PPTO!D65 -> 2 | J66: =+J44 -> 220647 | K66: =J66*I66 -> 441294
D67: 8.3 | G67: DESMONTE DIVISION EN ALUMINIO Y VIDRIO h=2M | H67: UND | I67: =+PPTO!D66 -> 1 | J67: =+'8.3'!H56 -> 130213 | K67: =J67*I67 -> 130213
D68: 9 | G68: INSTALACIONES ELECTRICAS Y RED DATOS
D69: 9.1 | G69: =+'9.1'!A7 -> Traslado de redes eléctricas y datos para acomodar a nueva distribución | H69: GLB | I69: =+PPTO!D68 -> 1 | J69: =+'9.1'!H56 -> 2600000 | K69: =J69*I69 -> 2600000
D70: 9.2 | G70: =+G47 -> SALIDA + TOMACORRIENTE DOBLE MONOFASICA - INCLUYE CAJA, TUBERIA | H70: UND | I70: =+PPTO!D69 -> 1 | J70: =+J47 -> 166653 | K70: =J70*I70 -> 166653
D71: 9.3 | G71: =+G48 -> TOMACORRIENTE DOBLE POLO A TIERRA REGULADA COLOR NARANJA EN CANALETA | H71: UND | I71: =+PPTO!D70 -> 1 | J71: =+J48 -> 126439 | K71: =J71*I71 -> 126439
G72: SUBTOTAL | K72: =SUM(K61:K71) -> 6694052
D74: PRESUPUESTO AREA SEDAMA
E76: =+E57 -> ESPECIFICACIONES
C77: Nº | D77: =+D58 -> ÍTEM PAGO | E77: =+E58 -> GENERAL | F77: =+F58 -> PARTICULAR | G77: DESCRIPCIÓN | H77: UND | I77: CANTIDAD | J77: =+J58 -> VALOR UNITARIO | K77: =+K58 -> VALOR TOTAL
G78: AREA SEDAMA
D79: 10 | G79: ESTUCO Y PINTURA AREA COMUNES
D80: 10.1 | G80: =+ANALISIS66 -> SUMINISTRO Y APLICACION PINTURA VINILICA TIPO I SOBRE MURO , (Incluye sumistro Pintura, lijado y pintura (3manos) sobre muro ) | H80: =+H16 -> M2 | I80: =+PPTO!D79 -> 200 | J80: =+J16 -> 22578 | K80: =J80*I80 -> 4515600
D81: 10.2 | G81: =+ANALISIS71 -> ESTUCO Y RESANE SOBRE MUROS O PLACA (Incluye el suministro, y aplicación estuco mas lijado ) | H81: =+H17 -> M2 | I81: =+PPTO!D80 -> 120 | J81: =+J17 -> 16653 | K81: =J81*I81 -> 1998360
D82: 10.3 | G82: =+ANALISIS69 -> SUMINISTRO Y APLICACION PINTURA GUARDAESCOBA (Incluye sumistro Pintura, lijado y pintura sobre muro) | H82: =+H18 -> ML | I82: =+PPTO!D81 -> 77 | J82: =+J18 -> 9634 | K82: =J82*I82 -> 741818
D83: 10.4 | G83: =+ANALISIS70 -> PINTURA TIPO I SOBRE PLACA (Incluye sumistro, lijado y pintura sobre Placa o ciel raso) | H83: =+H19 -> M2 | I83: =+PPTO!D82 -> 97 | J83: =+J19 -> 24182 | K83: =J83*I83 -> 2345654
D85: 11 | G85: DESMONTES
D86: 11.1 | G86: DESMONTE DE LUMIINARIA LED EXISTENTE | H86: UND | I86: =+PPTO!D85 -> 22 | J86: =+J42 -> 17550 | K86: =J86*I86 -> 386100
D87: 12 | G87: APARATOS ELECTRICOS
D88: 12.1 | G88: =+ANALISIS102 -> SUMINISTRO E INSTALACION LAMAPRAS 60X60 , 40 INCLUYE MARCOS | H88: =+H44 -> UND | I88: =+PPTO!D87 -> 22 | J88: =+J44 -> 220647 | K88: =J88*I88 -> 4854234
D89: 12.2 | G89: CABLEADO 2#12 PE HF LS TC POR TUBERÍA, CANALETA O BANDEJA | H89: ML | I89: =+PPTO!D88 -> 250 | J89: =+'12.2'!H56 -> 12103 | K89: =J89*I89 -> 3025750
G90: SUBTOTAL | K90: =SUM(K79:K89) -> 17867516
G92: SUBTOTAL OBRAS ADECUACIONES | K92: =+K53+K34+K72+K90 -> 1.6953521e+08 | V92: =+K92/(1+30%) -> 1.304117e+08
G93: VALOR TOTAL | K93: =+K92 -> 1.6953521e+08
D95: NOTA 1: Se debe tener en cuenta que el PRECIO UNITARIO incluye el valor de A.I.U. | H95: DESCRIPCION | K95: PORCENTAJE
D96: NOTA 2: Cuando la fracción decimal del peso sea igual o superior a 5 se aproximará por exceso al número entero siguiente del peso y cuando la fracción decimal del peso sea inferior a 5 se aproximará por defecto al número entero del peso. | H96: ADMINISTRACIÓN | J96: A= | K96: =+PPTO!E92 -> 0.22
D97: NOTA 3: El A.I.U y su discriminación deben estar en porcentaje (%). | H97: IMPREVISTO | J97: I= | K97: =+PPTO!E93 -> 0.03
H98: UTILIDAD | J98: U= | K98: =+PPTO!E94 -> 0.05
E99: PROPONENTE | H99: TOTAL A.I.U | J99: A.I.U.= | K99: =SUM(K96:K98) -> 0.3
G114: ADMINISTRACION (Porcentaje sobre los costos directos) | H114: % | J114: 0.22 | K114: A | V114: =J114*V92 -> 28690574
G115: IMPREVISTOS (Porcentaje sobre los costos directos) | H115: % | J115: 0.03 | K115: I | V115: =J115*V92 -> 3912351
G116: UTILIDADES (Porcentaje sobre los costos directos) | H116: % | J116: 0.05 | K116: U | V116: =J116*V92 -> 6520585
G117: IVA 19% SOBRE UTILIDAD | H117: % | J117: 0.19 | K117: IVA | V117: =J117*V116 -> 1238911.2
G118: VALOR TOTAL | K118: =K92+V117 -> 1.7077412e+08 | W118: 170377252
G121: TOTAL COSTO | K121: =SUM(K16:K114) -> 6.5476072e+08 | N121: =SUM(N16:N34) -> #REF! | O121: =SUM(O16:O34) -> #REF! | P121: =SUM(P16:P34) -> #REF! | Q121: =SUM(Q16:Q34) -> #REF! | R121: =SUM(R16:R34) -> #REF! | S121: =R121*30% -> #REF! | T121: =SUM(T16:T34) -> #DIV/0!
G122: AIU | H122: 0.1 | K122: =ROUND(K121*H122,0) -> 65476072 | M122: MILES DE PESOS | N122: =N121/1000 -> #REF! | O122: =O121/1000 -> #REF! | P122: =P121/1000 -> #REF! | Q122: =Q121/1000 -> #REF! | R122: =R121/1000 -> #REF! | S122: =S121/1000 -> #REF!
G123: TOTAL PRESUPUESTO | K123: =K121 -> 6.5476072e+08
K126: =K121-#REF! -> #REF!

Sheet Cant.Resume
A9: PINTURA SOBRE MURO | B9: CANT. PINTURA | C9: UND | D9: CANT. ESTUCO | E9: UND | F9: CANT. GUARDAESCOBA | G9: UND | H9: CANT. PLACA | I9: UND | J9: CANT. Fto impresión | K9: UND | L9: CANT. Vidrio reflectivo | M9: UND | N9: CANT. Super board | O9: UND
A10: PLANEACION | B10: =+'Cant. Planea'!G105 -> 373 | C10: M2 | D10: =+'Cant. Planea'!G106 -> 186 | E10: M2 | F10: =+'Cant. Planea'!G109 -> 164 | G10: ML | H10: =+'Cant. Planea'!G111 -> 259 | I10: M2 | J10: =+'Cant. Planea'!E123 -> 15.6 | K10: M2 | L10: =+'Cant. Planea'!E137 -> 44.2 | M10: M2
A11: PROSPECTIVIDAD | B11: =+'Cant.Prospe'!G49 -> 111 | C11: M2 | D11: =+'Cant.Prospe'!G50 -> 55 | E11: M2 | F11: =+'Cant.Prospe'!G53 -> 49 | G11: ML | H11: =+'Cant.Prospe'!G55 -> 63 | I11: M2
A12: TIC | B12: =+'Cant. TIC'!G43 -> 94 | C12: M2 | D12: =+'Cant. TIC'!G44 -> 47 | E12: M2 | F12: =+'Cant. TIC'!G47 -> 33 | G12: ML | H12: =+'Cant. TIC'!G49 -> 40 | I12: M2
A13: DAMA | B13: =+'Cant. Dama'!G55 -> 200 | C13: M2 | D13: =+'Cant. Dama'!G56 -> 120 | E13: M2 | F13: =+'Cant. Dama'!G59 -> 77 | G13: ML | H13: =+'Cant. Dama'!G61 -> 97 | I13: M2
A14: LACTANCIA | B14: =+'Cant.Lacta'!G49 -> 19 | C14: M2 | D14: =+'Cant.Lacta'!G50 -> 10 | E14: M2 | F14: =+'Cant.Lacta'!G53 -> 6 | G14: ML | H14: =+'Cant.Lacta'!G55 -> 6 | I14: M2 | N14: =+'Cant.Lacta'!E37 -> 17 | O14: M2
A15: VIVIENDA | B15: =+'Cant. Vivienda'!G36 -> 70 | C15: M2 | D15: =+'Cant. Vivienda'!G37 -> 35 | E15: M2 | F15: =+'Cant. Vivienda'!G40 -> 33 | G15: ML | H15: =+'Cant. Vivienda'!G42 -> 53 | I15: M2
A16: TOTAL | B16: =SUM(B10:B15) -> 867 | C16: =+C14 -> M2

Sheet CANTIDADES OBRA
B2: PISO 2 - ALCALDIA
B4: AMBIENTE | C4: VIVIENDA 1
C5: LONGITUD PARED | D5: ALTURA | E5: AREA PAREDES | F5: GUARDA ESCOBA | G5: AREA PLACA | H5: AREA PLACA
B6: Antepecho 1 | C6: 5.13 | D6: 0.8 | E6: 4.3092 | F6: 5.13 | G6: 33.28815 | H6: 33.28815
B7: Antepecho 2 | C7: 6.18 | D7: 0.8 | E7: 5.1912 | F7: 6.18
B8: Pared 1 | C8: 6.18 | D8: 3.5 | E8: 22.7115 | F8: 6.18
B9: Pared 2 | C9: 5.13 | D9: 3.5 | E9: 18.85275 | F9: 5.13
B10: SUBTOTAL | E10: =SUM(E6:E9) -> 51.06465 | F10: =SUM(F6:F9) -> 22.62
B11: AMBIENTE | C11: VIVIENDA 2
B12: Pared 1 | C12: 5.85 | D12: 3.5 | E12: 21.49875 | F12: 5.85 | G12: 35.18865 | H12: 35.18865
B13: Pared 2 | C13: 5.74 | D13: 3.5 | E13: 21.0945 | F13: 5.74
B14: Pared 3 | C14: 5.85 | D14: 3.5 | E14: 21.49875 | F14: 5.85
B15: Antepecho 1 | C15: 5.7 | D15: 0.8 | E15: 4.788 | F15: 5.7
B16: SUBTOTAL | E16: =SUM(E12:E15) -> 68.88 | F16: =SUM(F12:F15) -> 23.14
B17: AMBIENTE | C17: DESPACHO PLANEACION
B18: Pared 1 | C18: 7.29 | D18: 3.5 | E18: 26.79075 | F18: 7.29 | G18: 40.6707 | H18: 40.6707
B19: Pared 2 | C19: 5.6 | D19: 3.5 | E19: 20.58 | F19: 5.6
B20: Antepecho 1 | C20: 5.06 | D20: 0.9 | E20: 4.7817 | F20: 5.06
B21: SUBTOTAL | E21: =SUM(E18:E20) -> 52.15245 | F21: =SUM(F18:F20) -> 17.95
B22: AMBIENTE | C22: CONTRALORIA
B23: Antepecho 1 | C23: 5.37 | D23: 0.9 | E23: 5.07465 | F23: 5.37 | G23: 29.60265 | H23: 29.60265
B24: Pared 1 | C24: 5.25 | D24: 3.5 | E24: 19.29375 | F24: 5.25
B25: Pared 2 | C25: 5.25 | D25: 3.5 | E25: 19.29375 | F25: 5.25
B26: SUBTOTAL | E26: =SUM(E23:E25) -> 43.66215
B27: AMBIENTE | C27: PLANEACION
B28: Antepecho 1 | C28: 12.3 | D28: 0.9 | E28: 11.6235 | F28: 12.3 | G28: 93.30825 | H28: 93.30825
B29: Pared 1 | C29: 5.4 | D29: 3.5 | E29: 19.845 | F29: 5.4
B30: Pared 2 | C30: 7.29 | D30: 3.5 | E30: 26.79075 | F30: 7.29
B31: SUBTOTAL | E31: =SUM(E28:E30) -> 58.25925 | F31: =SUM(F28:F30) -> 24.99
B32: AMBIENTE | C32: PROSPECTIVA
B33: Antepecho 1 | C33: 5.14 | D33: 0.9 | E33: 4.8573 | F33: 5.14 | G33: 20.4897 | H33: 20.4897
B34: Pared 1 | C34: =+C33 -> 5.14 | D34: 3 | E34: =+C34*D34 -> 15.42 | F34: 3.76
B35: Pared 2 | C35: 3.76 | D35: 3 | E35: =+C35*D35 -> 11.28 | F35: 3.76
B36: SUBTOTAL | E36: =SUM(E33:E35) -> 31.5573 | F36: =SUM(F33:F35) -> 12.66
B37: AMBIENTE | C37: OFICINA TIC´S
B38: Antepecho 1 | C38: 4.048 | D38: 0.9 | E38: 3.82536 | F38: 4.048 | G38: 43.16655 | H38: 43.16655
B39: Pared 1 | C39: 2.11 | D39: 3.5 | E39: 7.75425 | F39: 2.11
B40: Pared 2 | C40: 6.12 | D40: 3.5 | E40: 22.491 | F40: 6.12
B41: Pared 3 | C41: 3.37 | D41: 3.5 | E41: 12.38475 | F41: 3.37
B42: Pared 4 | C42: 4.75 | D42: 3.5 | E42: 17.45625 | F42: 4.75
B43: Pared 5 | C43: 7.39 | D43: 3.5 | E43: 27.15825 | F43: 7.39
B44: Pared 6 | C44: 4.43 | D44: 3.5 | E44: 16.28025 | F44: 4.43
B45: Pared 7 | C45: 0.9 | D45: 3.5 | E45: 3.3075 | F45: 0.9
B46: Pared 8 | C46: 0.84 | D46: 3.5 | E46: 3.087 | F46: 0.84
B47: Pared 9 | C47: 2.72 | D47: 3.5 | E47: 9.996 | F47: 2.72
B48: SUBTOTAL | E48: =SUM(E38:E47) -> 123.74061 | F48: =SUM(F38:F47) -> 36.678
B50: TOTAL | E50: =(E10+E16+E21+E26+E31+E36+E48)*1.05 -> 450.78223 | F50: =(F10+F16+F21+F26+F31+F36+F48)*1.05 -> 144.9399 | G50: =(G6+G12+G18+G23+G28+G33+G38)*1.05 -> 310.50038 | H50: =(H6+H12+H18+H23+H28+H33+H38)*1.05 -> 310.50038
B52: CANAL METALICO | C52: FACHADA PRINCIPAL | D52: 52
C53: FACHADA LATERAL | D53: 32
D54: =SUM(D52:D53) -> 84
B56: ANGULOS | C56: CANAL METALICO | D56: =+ROUND((D54/3),0)+1 -> 29
B58: TUBERIA BAJANTE ALL | C58: 9 | D58: =+C58 -> 9
C59: =+C58 -> 9 | D59: =+C59 -> 9
C60: =+C59 -> 9 | D60: =+C60 -> 9
C61: =+C60 -> 9 | D61: =+C61 -> 9
C62: 53.5 | D62: =+C62 -> 53.5
D63: =SUM(D58:D62) -> 89.5
B65: CANAL MANTO | C65: FACHADA PRINCIPAL | D65: =52*2 -> 104 | E65: =+D65*0.4 -> 41.6
C66: FACHADA LATERAL | D66: =+D53*2 -> 64 | E66: =+D66*0.4 -> 25.6
D67: =SUM(D65:D66) -> 168 | E67: =SUM(E65:E66) -> 67.2
B69: PUERTA ALUMINIO | C69: 1.96 | D69: 2.18 | E69: =+C69*D69 -> 4.2728
C70: 2.18 | D70: 1 | E70: =+C70*D70 -> 2.18
C71: 2.18 | D71: 1.1 | E71: =+C71*D71 -> 2.398
D72: =SUM(D69:D71) -> 4.28 | E72: =SUM(E69:E71) -> 8.8508

Sheet CANTIDADES OBRA2
A1: PISO 2 - SECRETARIA DE AMBIENTE
A3: AMBIENTE | B3: SEDAMA
B4: LONGITUD PARED | C4: ALTURA | D4: AREA PAREDES | E4: AREA PLACA
A5: Antepecho 1 | B5: 7.82 | C5: 0.8 | D5: =C5*B5 -> 6.256 | E5: 48.68
A6: Pared 1 | B6: 6.35 | C6: 3.5 | D6: =C6*B6 -> 22.225
A7: Pared 2 | B7: 2.55 | C7: 3.5 | D7: =C7*B7 -> 8.925
A8: Pared 3 | B8: 1.35 | C8: 3.5 | D8: =C8*B8 -> 4.725
A9: Pared 4 | B9: 2.97 | C9: 3.5 | D9: =C9*B9 -> 10.395
A10: Pared 5 | B10: 1.79 | C10: 3.5 | D10: =C10*B10 -> 6.265
A11: Pared 6 | B11: 0.55 | C11: 3.5 | D11: =C11*B11 -> 1.925
A12: SUBTOTAL | D12: =SUM(D5:D11) -> 60.716
A13: AMBIENTE | B13: OFICINA 1
B14: LONGITUD PARED | C14: ALTURA | D14: AREA PAREDES | E14: AREA PLACA
A15: Antepecho 1 | B15: 3.5 | C15: 0.8 | D15: =C15*B15 -> 2.8 | E15: 15.64
A16: Antepecho 2 | B16: 3.34 | C16: 0.8 | D16: =C16*B16 -> 2.672
A17: Pared 1 | B17: 2.91 | C17: 3.5 | D17: =C17*B17 -> 10.185
A18: Pared 2 | B18: 4 | C18: 3.5 | D18: =C18*B18 -> 14
A19: Pared 3 | B19: 0.75 | C19: 3.5 | D19: =C19*B19 -> 2.625
A20: SUBTOTAL | D20: =SUM(D15:D19) -> 32.282
A21: AMBIENTE | B21: OFICINA 2
B22: LONGITUD PARED | C22: ALTURA | D22: AREA PAREDES | E22: AREA PLACA
A23: Antepecho 1 | B23: 3.1 | C23: 0.8 | D23: =C23*B23 -> 2.48 | E23: 12.54
A24: Pared 1 | B24: 4 | C24: 3.5 | D24: =C24*B24 -> 14
A25: Pared 2 | B25: 4 | C25: 3.5 | D25: =C25*B25 -> 14
A26: Pared 3 | B26: 3.1 | C26: 3.5 | D26: =C26*B26 -> 10.85
A27: SUBTOTAL | D27: =SUM(D23:D26) -> 41.33
A28: AMBIENTE | B28: OFICINA 3
B29: LONGITUD PARED | C29: ALTURA | D29: AREA PAREDES | E29: AREA PLACA
A30: Antepecho 1 | B30: 4.03 | C30: 0.8 | D30: =C30*B30 -> 3.224 | E30: 14.4
A31: Antepecho 2 | B31: 3.5 | C31: 0.8 | D31: =C31*B31 -> 2.8
A32: Pared 1 | B32: 4 | C32: 3.5 | D32: =C32*B32 -> 14
A33: Pared 2 | B33: 3.49 | C33: 3.5 | D33: =C33*B33 -> 12.215
A34: SUBTOTAL | D34: =SUM(D30:D33) -> 32.239
D35: AREA PAREDES | E35: AREA PLACA
A36: TOTAL | D36: =(D12+D20+D27+D34)*1.05 -> 174.89535 | E36: =(E5+E15+E23+E30)*1.05 -> 95.823
A38: AMBIENTE | B38: GUARDA ESCOBA
B39: LONGITUD PARED | C39: ALTURA | D39: AREA PAREDES | E39: AREA PLACA
B40: =+(B33+B32+B31+B30+B26+B25+B24+B23+B15+B16+B17+B18+B19+B5+B6+B7+B8+B9+B10+B11)*2 -> 134.2
A42: PISO 2 - OFICINAS DAP Y ARCHIVO
A44: AMBIENTE | B44: SEDAMA
B45: LONGITUD PARED | C45: ALTURA | D45: AREA PAREDES | E45: AREA PLACA
A46: Pared 1 | B46: 14.28 | C46: 3.5 | D46: =C46*B46 -> 49.98 | E46: 48.47
A47: Pared 2 | B47: 14.28 | C47: =+C46 -> 3.5 | D47: =C47*B47 -> 49.98
A48: Transversal | B48: 3.43 | C48: 3.5 | D48: =C48*B48 -> 12.005
B49: 3.43 | C49: 3.5 | D49: =C49*B49 -> 12.005
B50: 3.43 | C50: 3.5 | D50: =C50*B50 -> 12.005
B51: 3.43 | C51: 3.5 | D51: =C51*B51 -> 12.005
B52: 3.43 | C52: 3.5 | D52: =C52*B52 -> 12.005
A53: SUBTOTAL | D53: =SUM(D46:D52) -> 159.985 | E53: =SUM(E46:E52) -> 48.47
D54: =+B46+B47+B48+B49+B50+B51+B52+B52+B52 -> 52.57

Sheet MATERIAL
A10: DESCRIPCION | B10: UND | C10: SUR MATERIAL | D10: F. HORIZONTE | E10: F. MEDELLIN | F10: F.SURTIMOS | G10: DEPOSITO C | H10: FERROCED | I10: PINTUMAX | J10: RAPILLAVES | K10: LUZ MARINA | L10: F. MAGRETH | M10: HOMECENTER | N10: PROMEDIO
A11: =MATER76 -> CANAL METALICA C.18 DE 0.30X0.20X0.25M | P11: =+A11 -> CANAL METALICA C.18 DE 0.30X0.20X0.25M
A12: =MATER104 -> ANGULO metalico 1 1/2 x 1/8 x (25x40)cm | P12: =+A12 -> ANGULO metalico 1 1/2 x 1/8 x (25x40)cm
A13: =MATER84 -> CHAZOS METALICOS 2 1/2" | P13: =+A13 -> CHAZOS METALICOS 2 1/2"
A14: TUBO PVC AGUA LLUVIAS 4" | B14: TUBO 6M | D14: 230000 | F14: 177000 | G14: =45000*6 -> 270000 | N14: =AVERAGE(C14:M14) -> 225666.67 | O14: =+N14/6 -> 37611.111 | P14: =+A14 -> TUBO PVC AGUA LLUVIAS 4"
A15: =MATER89 -> PEGANTE PVC | B15: 1/4 | D15: 160000 | F15: 150000 | G15: 72000 | N15: =AVERAGE(C15:M15) -> 127333.33 | O15: =+N15*4 -> 509333.33 | P15: =+A15 -> PEGANTE PVC
A16: =MATER16 -> PINTURA EN VINILO TIPO 1 INTERIORES | B16: CANECA 5 GALONES | C16: 325000 | D16: 250000 | F16: 360000 | G16: =45000*5 -> 225000 | H16: 265000 | I16: 210000 | K16: =31600*5 -> 158000 | L16: 270000 | N16: =AVERAGE(C16:M16) -> 257875 | O16: =+N16/5 -> 51575 | P16: =+A16 -> PINTURA EN VINILO TIPO 1 INTERIORES
A17: PINTURA ESMALTE | B17: GALON | G17: 65000 | M17: 118900 | N17: =AVERAGE(C17:M17) -> 91950 | P17: =+A17 -> PINTURA ESMALTE
A18: disovente tinner | B18: GALON | M18: 36900 | N18: =AVERAGE(C18:M18) -> 36900 | P18: =+A18 -> disovente tinner
A19: ESTUCO PLASTICO | B19: CANECA 5 GALONES | D19: 55000 | F19: 60000 | G19: 20000 | H19: 65000 | I19: 45000 | K19: 52000 | L19: 55000 | N19: =AVERAGE(C19:M19) -> 50285.714 | O19: =+N19/5 -> 10057.143 | P19: =+A19 -> ESTUCO PLASTICO
A20: =MATER49 -> LIJA | B20: PLIEGO | D20: 1800 | G20: 2000 | N20: =AVERAGE(C20:M20) -> 1900 | P20: =+A20 -> LIJA
A21: =mater97 -> RODILLO FELPA 4" | D21: 7800 | F21: 6000 | G21: 4500 | I21: 8000 | N21: =AVERAGE(C21:M21) -> 6575 | P21: =+A21 -> RODILLO FELPA 4"
A22: LAMINA DRYWALL 6mm | B22: LAMINA | G22: 55000 | K22: 42900 | L22: 46800 | N22: =AVERAGE(C22:M22) -> 48233.333 | O22: =+N22/3 -> 16077.778 | P22: =+A22 -> LAMINA DRYWALL 6mm
A23: OMEGAS X 2.44 ML | B23: 2.44ML | G23: 5000 | L23: 3800 | N23: =AVERAGE(C23:M23) -> 4400 | O23: =N23/2.44 -> 1803.2787 | P23: =+A23 -> OMEGAS X 2.44 ML
A24: VIGETA X 2.44 ML | B24: 2.44ML | G24: 5000 | K24: 2350 | L24: 3800 | N24: =AVERAGE(C24:M24) -> 3716.6667 | O24: =N24/2.44 -> 1523.224 | P24: =+A24 -> VIGETA X 2.44 ML
A25: TORNILLERIA LAMINA 6*1" pa | B25: UND | G25: 100 | N25: =AVERAGE(C25:M25) -> 100 | P25: =+A25 -> TORNILLERIA LAMINA 6*1" pa
A26: TORNILLERIA ESTRUCTURA P.A 7*7/16 | B26: UND | G26: 150 | N26: =AVERAGE(C26:M26) -> 150 | P26: =+A26 -> TORNILLERIA ESTRUCTURA P.A 7*7/16
A27: CINTA PAPEL DE 40M | B27: ROLLO | G27: 10000 | K27: 6800 | N27: =AVERAGE(C27:M27) -> 8400 | P27: =+A27 -> CINTA PAPEL DE 40M
A28: PUERTA EN ALUMINIO + MARCO | P28: =+A28 -> PUERTA EN ALUMINIO + MARCO
A29: ELEMENTOS FIJACION | P29: =+A29 -> ELEMENTOS FIJACION
A30: CHAPA BOLA METALICA | E30: 20500 | N30: =AVERAGE(C30:M30) -> 20500 | P30: =+A30 -> CHAPA BOLA METALICA
A31: MANTO ASFALTICO | B31: ML | G31: 30000 | N31: =AVERAGE(C31:M31) -> 30000 | P31: =+A31 -> MANTO ASFALTICO
A32: EMULSION ASFALTICA | B32: GALON | G32: 42000 | L32: 38000 | N32: =AVERAGE(C32:M32) -> 40000 | P32: =+A32 -> EMULSION ASFALTICA
A33: =MATER42 -> LAMAPARA 60X60 DE 48W | P33: =+A33 -> LAMAPARA 60X60 DE 48W
A34: =+MATER50 -> MARCO ALUMINIO DE 60X60 | P34: =+A34 -> MARCO ALUMINIO DE 60X60
A35: LUMINARIA SOBREPONER 12W | P35: =+A35 -> LUMINARIA SOBREPONER 12W
A36: lamina SUPERBOARD MAD 6mm 244x122cm 24.72kg aprox | B36: LAMINA | G36: 65000 | K36: 55700 | L36: 58200 | N36: =AVERAGE(C36:M36) -> 59633.333 | O36: =+N36/(2.44*1.22) -> 20032.697 | P36: =+A36 -> lamina SUPERBOARD MAD 6mm 244x122cm 24.72kg aprox
A37: CANAL BASE 9cm | B37: 2.44 ML | G37: 9000 | K37: 8550 | N37: =AVERAGE(C37:M37) -> 8775 | O37: =N37/2.44 -> 3596.3115 | P37: =+A37 -> CANAL BASE 9cm
A38: PARAL BASE 9cm | B38: 2.44 ML | G38: 10000 | K38: 9850 | N38: =AVERAGE(C38:M38) -> 9925 | O38: =N38/2.44 -> 4067.623 | P38: =+A38 -> PARAL BASE 9cm
P39: =+A39 -> 0
A40: TORNILLO LAMINA 6X1" AGUDA | B40: UND | G40: 100 | K40: 32 | N40: =AVERAGE(C40:M40) -> 66 | P40: =+A40 -> TORNILLO LAMINA 6X1" AGUDA
A41: TORNILLO ESTRUCTURA P. A 7*7/16 | G41: 150 | K41: 31 | N41: =AVERAGE(C41:M41) -> 90.5 | P41: =+A41 -> TORNILLO ESTRUCTURA P. A 7*7/16
A42: LIJA | K42: 1400 | N42: =AVERAGE(C42:M42) -> 1400 | P42: =+A42 -> LIJA
A43: MASILLA SUPERMASTICK O SIMILAR | N43: =AVERAGE(C43:M43) -> #DIV/0! | P43: =+A43 -> MASILLA SUPERMASTICK O SIMILAR
A44: PINTURA EN VINILO TIPO 1 INTERIORES | N44: =AVERAGE(C44:M44) -> #DIV/0! | P44: =+A44 -> PINTURA EN VINILO TIPO 1 INTERIORES
A45: CHASOS PLASTICO 2" | N45: =AVERAGE(C45:M45) -> #DIV/0! | P45: =+A45 -> CHASOS PLASTICO 2"
A46: CERRADURA POMA METALICA | B46: UND | J46: 28000 | N46: =AVERAGE(C46:M46) -> 28000 | P46: =+A46 -> CERRADURA POMA METALICA
A47: MARCO PARA PUERTAS 2x1 MADERA | N47: =AVERAGE(C47:M47) -> #DIV/0! | P47: =+A47 -> MARCO PARA PUERTAS 2x1 MADERA

Sheet Cant. Planea
L3: 9 M h= 3,50m
A4: PISO 2 - ALCALDIA | J4: h=3,50 | K4: 2,2 M h= 3,50m
J5: 2,7 M
N6: 5 M h= 0,80m
B7: VIVIENDA
B8: Orden | C8: Longitud (m) | D8: altura (h) (m) | E8: Total m2 | H8: h= 3m | I8: 2,80M
B9: 1 | C9: 5 | D9: 0.8 | E9: =D9*C9 -> 4
B10: 2 | C10: 9 | D10: 3.5 | E10: =D10*C10 -> 31.5
B11: 3 | C11: 2.2 | D11: 3.5 | E11: =D11*C11 -> 7.7 | K11: 11,70 M | L11: h= 0,80
B12: 4 | C12: 2.7 | D12: 3.5 | E12: =D12*C12 -> 9.45
B13: 5 | C13: 2.8 | D13: 3 | E13: =D13*C13 -> 8.4
B14: 6 | C14: 11.7 | D14: 0.8 | E14: =D14*C14 -> 9.36
D15: TOTAL | E15: =SUM(E9:E14) -> 70.41 | F15: M2
K21: 6 M h=0,80 m
B23: PLANEACION DESPACHO
B24: Orden | C24: Longitud (m) | D24: altura (h) (m) | E24: Total m2
B25: 1 | C25: 7.5 | D25: 3.5 | E25: =D25*C25 -> 26.25 | K25: despacho planeacion
B26: 2 | C26: 6 | D26: 0.8 | E26: =D26*C26 -> 4.8 | M26: 7,50 m h=3,50m
B27: 3 | C27: 7.5 | D27: 3.5 | E27: =D27*C27 -> 26.25
B28: 4 | C28: 6 | D28: 3.5 | E28: =D28*C28 -> 21
D29: TOTAL | E29: =SUM(E25:E28) -> 78.3 | F29: M2
C31: Ancho | D31: Longitud | E31: Total m2
B32: PLACA | C32: 6 | D32: 7.5 | E32: =D32*C32 -> 45
C33: Total Placa | E33: =SUM(E32) -> 45 | F33: M2
B36: RECEPCION DESPACHO
B37: Orden | C37: Longitud (m) | D37: altura (h) (m) | E37: Total m2 | K37: 2,50 M h= 3,50m
B38: 1 | C38: 3.2 | D38: 2 | E38: =D38*C38 -> 6.4
B39: 2 | C39: 2.5 | D39: 3.5 | E39: =D39*C39 -> 8.75
B40: 3 | C40: 3.2 | D40: 3.5 | E40: =D40*C40 -> 11.2
B41: 4 | C41: 2.5 | D41: 2 | E41: =D41*C41 -> 5 | K41: RECEPCION
D42: TOTAL | E42: =SUM(E38:E41) -> 31.35 | F42: M2 | H42: h= 3,50 | I42: 3,20m | M42: 3,20 h=2m
C45: Ancho | D45: Longitud | E45: Total m2
B46: PLACA | C46: 2.5 | D46: 3.2 | E46: =D46*C46 -> 8
C47: Total Placa | E47: =SUM(E46) -> 8 | F47: M2
K48: 2,50m h= 2m
M54: (2)
M55: 17 m h= 0,80m
B57: OFICINA PLANEACION
B58: Orden | C58: Longitud (m) | D58: altura (h) (m) | E58: Total m2 | K58: 5,40 h=2,9m
B59: (1) | C59: 11.5 | D59: 3.5 | E59: =D59*C59 -> 40.25 | K59: (4) | L59: (3)
B60: pared frontal | C60: 11.5 | D60: 3.5 | E60: =D60*C60 -> 40.25 | L60: 4.10 m h=0.90
B61: (2) | C61: 17 | D61: 0.8 | E61: =D61*C61 -> 13.6
B62: (3) | C62: 4.1 | D62: 0.9 | E62: =D62*C62 -> 3.69 | K62: 5,9 h= 2.90
B63: pared interna | C63: 4.1 | D63: 0.9 | E63: =D63*C63 -> 3.69 | K63: (5) | L63: h=0.80 h= 3,5 | Q63: (1)
B64: (4) | C64: 5.4 | D64: 2.9 | E64: =D64*C64 -> 15.66 | L64: 2.7m 0,80 | M64: h=0.80 | N64: (12) | Q64: 11.50 h 3,50
B65: pared interna | C65: 5.4 | D65: 2.9 | E65: =D65*C65 -> 15.66 | L65: (9) (10) | M65: 3m
B66: (5) | C66: 5.9 | D66: 2.9 | E66: =D66*C66 -> 17.11 | J66: 4,60m h=3,5m
B67: pared interna | C67: 5.9 | D67: 2.9 | E67: =D67*C67 -> 17.11 | J67: (6) | N67: (13)
B68: (6) | C68: 4.6 | D68: 3.5 | E68: =D68*C68 -> 16.1 | K68: h=0.80 4m | L68: 4 h=3.50m | M68: 4,3 h=3,5m | N68: 4 h=3,5m
B69: (7) | C69: 4 | D69: 0.8 | E69: =D69*C69 -> 3.2 | K69: (7) | L69: (8) | M69: (11) | N69: 4.6 h=3,5
B70: pared interna | C70: 4 | D70: 0.8 | E70: =D70*C70 -> 3.2 | N70: (14)
B71: (8) | C71: 4 | D71: 3.5 | E71: =D71*C71 -> 14
B72: (9) | C72: 2.7 | D72: 0.8 | E72: =D72*C72 -> 2.16 | K72: (15) | L72: 19,30 m h=0,80
B73: (10) | C73: 0.8 | D73: 3.5 | E73: =D73*C73 -> 2.8
B74: (11) | C74: 4.3 | D74: 3.5 | E74: =D74*C74 -> 15.05
B75: (12) | C75: 3 | D75: 0.8 | E75: =D75*C75 -> 2.4
B76: (13) | C76: 4 | D76: 3.5 | E76: =D76*C76 -> 14
B77: (14) | C77: 4.6 | D77: 3.5 | E77: =D77*C77 -> 16.1
B78: pared interna | C78: 4.6 | D78: 3.5 | E78: =D78*C78 -> 16.1
B79: (15) | C79: 19.3 | D79: 0.8 | E79: =D79*C79 -> 15.44
B80: MENOS
B81: VENTANA SUPERIOR | C81: -7.6 | D81: 0.6 | E81: =D81*C81 -> -4.56
B82: VENTANA SUPERIOR | C82: -7.6 | D82: 0.6 | E82: =D82*C82 -> -4.56
B83: PUERTA | C83: -2.15 | D83: 3.15 | E83: =D83*C83 -> -6.7725
B84: VENTANA SUPERIOR | C84: -7.6 | D84: 0.6 | E84: =D84*C84 -> -4.56
B85: PUERTA | C85: -2 | D85: 2 | E85: =D85*C85 -> -4
D86: TOTAL | E86: =SUM(E59:E85) -> 263.1175 | F86: M2
C89: Ancho | D89: Longitud | E89: Total m2
B90: PLACA | C90: 17 | D90: 11.5 | E90: =D90*C90 -> 195.5
B91: PLACA | C91: 2.3 | D91: 4.6 | E91: =D91*C91 -> 10.58
C92: Total Placa | E92: =SUM(E90:E91) -> 206.08 | F92: M2
B100: TOTAL PINTURA Y ESTUCO PLANEACION
B101: =+B23 -> PLANEACION DESPACHO | E101: =+E29 -> 78.3 | F101: M2
B102: =+B36 -> RECEPCION DESPACHO | E102: =+E42 -> 31.35 | F102: M2
B103: =+B57 -> OFICINA PLANEACION | E103: =+E86 -> 263.1175 | F103: M2
G104: REDONDEAR
B105: TOTAL PINTURA | E105: =SUM(E101:E104) -> 372.7675 | F105: =+F101 -> M2 | G105: =ROUND(E105,0) -> 373 | H105: M2
B106: TOTAL ESTUCO | D106: 0.5 | E106: =E105*D106 -> 186.38375 | F106: =+F105 -> M2 | G106: =ROUND(E106,0) -> 186 | H106: M2
B109: TOTAL GUARDAESCOBA | E109: =+SUM(C25:C28)+SUM(C38:C41)+SUM(C59:C79)-D83-D85 -> 163.95 | F109: ML | G109: =ROUND(E109,0) -> 164 | H109: =+F109 -> ML
B111: TOTAL PINTURA Y ESTUCO PLACA | E111: =+E33+E47+E92 -> 259.08 | F111: M2 | G111: =ROUND(E111,0) -> 259 | H111: =+F111 -> M2
B120: FOTO IMPRESIÓN VIDRIO
B121: Orden | C121: Longitud (m) | D121: altura (h) (m) | E121: Total m2
B122: 1 | C122: 6 | D122: 2.6 | E122: =D122*C122 -> 15.6
C123: Total foto impresión | E123: =SUM(E122) -> 15.6 | F123: M2 | N123: 2,6 M
L126: 6 M
B134: VIDRIO REFLECTIVO
B135: Orden | C135: Longitud (m) | D135: altura (h) (m) | E135: Total m2
B136: 1 | C136: 17 | D136: 2.6 | E136: =D136*C136 -> 44.2
C137: Total VIDRIO REFLECTIVO | E137: =SUM(E136) -> 44.2 | F137: M2 | P137: 2,60 m
L141: 17 m

Sheet Cant. Vivienda
L3: 9 M h= 3,50m
A4: PISO 2 - ALCALDIA | J4: h=3,50 | K4: 2,2 M h= 3,50m
J5: 2,7 M
N6: 5 M h= 0,80m
B7: VIVIENDA
B8: Orden | C8: Longitud (m) | D8: altura (h) (m) | E8: Total m2 | H8: h= 3m | I8: 2,80M
B9: 1 | C9: 5 | D9: 0.8 | E9: =D9*C9 -> 4
B10: 2 | C10: 9 | D10: 3.5 | E10: =D10*C10 -> 31.5
B11: 3 | C11: 2.2 | D11: 3.5 | E11: =D11*C11 -> 7.7 | K11: 11,70 M | L11: h= 0,80
B12: 4 | C12: 2.7 | D12: 3.5 | E12: =D12*C12 -> 9.45
B13: 5 | C13: 2.8 | D13: 3 | E13: =D13*C13 -> 8.4
B14: 6 | C14: 11.7 | D14: 0.8 | E14: =D14*C14 -> 9.36
D15: TOTAL | E15: =SUM(E9:E14) -> 70.41 | F15: M2
C20: Ancho | D20: Longitud | E20: Total m2
B21: PLACA | C21: 5 | D21: 11.7 | E21: =D21*C21 -> 58.5
B22: PLACA | C22: -2.7 | D22: 2.2 | E22: =D22*C22 -> -5.94
C23: Total Placa | E23: =SUM(E21:E22) -> 52.56 | F23: M2
B31: TOTAL PINTURA Y ESTUCO PLANEACION
B32: =+B7 -> VIVIENDA | E32: =+E15 -> 70.41 | F32: M2
G35: REDONDEAR
B36: TOTAL PINTURA | E36: =SUM(E32:E35) -> 70.41 | F36: =+F32 -> M2 | G36: =ROUND(E36,0) -> 70 | H36: M2
B37: TOTAL ESTUCO | D37: 0.5 | E37: =E36*D37 -> 35.205 | F37: =+F36 -> M2 | G37: =ROUND(E37,0) -> 35 | H37: M2
B40: TOTAL GUARDAESCOBA | E40: =+C9+C10+C11+C12+C13+C14 -> 33.4 | F40: ML | G40: =ROUND(E40,0) -> 33 | H40: =+F40 -> ML
B42: TOTAL PINTURA Y ESTUCO PLACA | E42: =+E23 -> 52.56 | F42: M2 | G42: =ROUND(E42,0) -> 53 | H42: =+F42 -> M2
B51: FOTO IMPRESIÓN VIDRIO
B52: Orden | C52: Longitud (m) | D52: altura (h) (m) | E52: Total m2
B53: 1 | C53: 6 | D53: 2.6 | E53: =D53*C53 -> 15.6
C54: Total foto impresión | E54: =SUM(E53) -> 15.6 | F54: M2 | N54: 2,6 M
L57: 6 M
B65: VIDRIO REFLECTIVO
B66: Orden | C66: Longitud (m) | D66: altura (h) (m) | E66: Total m2
B67: 1 | C67: 17 | D67: 2.6 | E67: =D67*C67 -> 44.2
C68: Total VIDRIO REFLECTIVO | E68: =SUM(E67) -> 44.2 | F68: M2 | P68: 2,60 m
L72: 17 m

Sheet Cant.Prospe
J13: (3)
J14: 5,50 h= 0,80 m
J18: (4)
J19: 4,5m h=2,90
B20: PROSPECTIVIDAD DEPACHO
B21: Orden | C21: Longitud (m) | D21: altura (h) (m) | E21: Total m2 | I21: 1m h=2m
B22: (1) | C22: 11.5 | D22: 3.5 | E22: =D22*C22 -> 40.25 | H22: (2) | L22: 11,5 h= 3,50
B23: menos | C23: -7.6 | D23: 0.6 | E23: =D23*C23 -> -4.56 | L23: (1)
B24: (2) | C24: 11.5 | D24: 3.5 | E24: =D24*C24 -> 40.25
B25: menos | C25: -7.6 | D25: 0.6 | E25: =D25*C25 -> -4.56
B26: (3) | C26: 5.5 | D26: 0.8 | E26: =D26*C26 -> 4.4
B27: (4) | C27: 4.5 | D27: 2.9 | E27: =D27*C27 -> 13.05
C28: 4.5 | D28: 2.9 | E28: =D28*C28 -> 13.05
B29: (5) | C29: 5.5 | D29: 0.8 | E29: =D29*C29 -> 4.4
C30: 5.5 | D30: 0.8 | E30: =D30*C30 -> 4.4
D31: TOTAL | E31: =SUM(E22:E30) -> 110.68 | F31: M2 | J31: h=0,80
J32: (5)
C36: Ancho | D36: Longitud | E36: Total m2
B37: PLACA | C37: 11.5 | D37: 5.5 | E37: =D37*C37 -> 63.25
C39: Total Placa | E39: =SUM(E37:E38) -> 63.25 | F39: M2
B44: TOTAL PINTURA Y ESTUCO PROSPECTIVIDAD
B45: =+B20 -> PROSPECTIVIDAD DEPACHO | E45: =+E31 -> 110.68 | F45: M2
G48: REDONDEAR
B49: TOTAL PINTURA | E49: =SUM(E45:E48) -> 110.68 | F49: =+F45 -> M2 | G49: =ROUND(E49,0) -> 111 | H49: M2
B50: TOTAL ESTUCO | D50: 0.5 | E50: =E49*D50 -> 55.34 | F50: =+F49 -> M2 | G50: =ROUND(E50,0) -> 55 | H50: M2
B53: TOTAL GUARDAESCOBA | E53: =+C22+C24+C26+C27+C28+C29+C30 -> 48.5 | F53: ML | G53: =ROUND(E53,0) -> 49 | H53: =+F53 -> ML
B55: TOTAL PINTURA Y ESTUCO PLACA | E55: =+E39 -> 63.25 | F55: M2 | G55: =ROUND(E55,0) -> 63 | H55: =+F55 -> M2

Sheet Cant. TIC
O1: (2)
O2: 3.77 h=0,80m
N6: (3)
N7: 5m h=3,50 | P7: (1)
B8: T.I.C | P8: 6,57 h=3,50m
B9: Orden | C9: Longitud (m) | D9: altura (h) (m) | E9: Total m2
B10: (1) | C10: 6.57 | D10: 3.5 | E10: =D10*C10 -> 22.995 | K10: (4)
B11: (2) | C11: 3.77 | D11: 0.8 | E11: =D11*C11 -> 3.016 | K11: 3,67 h=3,50
B12: (3) | C12: 5 | D12: 3.5 | E12: =D12*C12 -> 17.5
B13: (4) | C13: 3.6 | D13: 3.5 | E13: =D13*C13 -> 12.6
B14: Menos | C14: -2.4 | D14: 0.6 | E14: =D14*C14 -> -1.44
B15: (5) | C15: 6.6 | D15: 3.5 | E15: =D15*C15 -> 23.1 | O15: 4.40 h= 3,50m
C16: 6.6 | D16: 3.5 | E16: =D16*C16 -> 23.1 | I16: 6,65 h=3,5m
B17: Menos | C17: -7.6 | D17: 0.6 | E17: =D17*C17 -> -4.56 | I17: (5)
B18: Menos puerta | C18: -1.56 | D18: 2.16 | E18: =D18*C18 -> -3.3696
B19: (6) | C19: 1.3 | D19: 0.8 | E19: =D19*C19 -> 1.04
D22: TOTAL | E22: =SUM(E10:E21) -> 93.9814 | F22: M2 | K22: (6)
K23: 1,30 h=0,80
K26: 2,3m
C28: Ancho | D28: Longitud | E28: Total m2
B29: PLACA | C29: 6.6 | D29: =1.3+1 -> 2.3 | E29: =D29*C29 -> 15.18
B30: PLACA | C30: 3.77 | D30: 6.57 | E30: =D30*C30 -> 24.7689
B31: PLACA | C31: 1.47 | D31: 1.3 | E31: =D31*C31 -> 1.911
C32: Total Placa | E32: =SUM(E29:E30) -> 39.9489 | F32: M2
B38: TOTAL PINTURA Y ESTUCO TIC
B39: =+B8 -> T.I.C | E39: =+E22 -> 93.9814 | F39: M2
G42: REDONDEAR
B43: TOTAL PINTURA | E43: =SUM(E39:E42) -> 93.9814 | F43: =+F39 -> M2 | G43: =ROUND(E43,0) -> 94 | H43: M2
B44: TOTAL ESTUCO | D44: 0.5 | E44: =E43*D44 -> 46.9907 | F44: =+F43 -> M2 | G44: =ROUND(E44,0) -> 47 | H44: M2
B47: TOTAL GUARDAESCOBA | E47: =+C10+C11+C12+C13+C15+C16+C19 -> 33.44 | F47: ML | G47: =ROUND(E47,0) -> 33 | H47: M2
B49: TOTAL PINTURA Y ESTUCO PLACA | E49: =+E32 -> 39.9489 | G49: =ROUND(E49,0) -> 40 | H49: M2

Sheet Cant. Dama
B12: T.I.C
B13: Orden | C13: Longitud (m) | D13: altura (h) (m) | E13: Total m2
B14: (1) | C14: 6.16 | D14: 3.5 | E14: =D14*C14 -> 21.56
B15: (2) | C15: 11.5 | D15: 1 | E15: =D15*C15 -> 11.5 | L15: =7.5+4 -> 11.5
B16: (3) | C16: 3.9 | D16: 1 | E16: =D16*C16 -> 3.9
B17: (4) | C17: 4 | D17: 3.4 | E17: =D17*C17 -> 13.6 | M17: (2)
C18: 4 | D18: 3.4 | E18: =D18*C18 -> 13.6 | J18: 4 h=1m | M18: 7.5 | N18: h= 1m
B19: (5) | C19: 3.4 | D19: 1 | E19: =D19*C19 -> 3.4
B20: (6) | C20: 4 | D20: 3.4 | E20: =D20*C20 -> 13.6
C21: 4 | D21: 3.4 | E21: =D21*C21 -> 13.6
B22: (7) | C22: 3.9 | D22: 1 | E22: =D22*C22 -> 3.9 | I22: (3)
C23: 3.9 | D23: 3.4 | E23: =D23*C23 -> 13.26 | I23: 3,9 h= 1
C24: 3.9 | D24: 3.4 | E24: =D24*C24 -> 13.26
B25: (8) | C25: 4 | D25: 1 | E25: =D25*C25 -> 4 | L25: (14)
B26: (9) | C26: 1.57 | D26: 3.5 | E26: =D26*C26 -> 5.495 | L26: 6 m h=3,5 | P26: (1)
B27: (10) | C27: 1.71 | D27: 3.5 | E27: =D27*C27 -> 5.985 | P27: 6,18 h=3,5
B28: (11) | C28: 3.45 | D28: 3.5 | E28: =D28*C28 -> 12.075 | J28: 4 h= 3,4
B29: (12) | C29: 1.53 | D29: 3.5 | E29: =D29*C29 -> 5.355 | J29: (4)
B30: (13) | C30: 2.2 | D30: 3.5 | E30: =D30*C30 -> 7.7 | I30: (5)
B31: (14) | C31: 6 | D31: 3.5 | E31: =D31*C31 -> 21 | I31: 3,40 h=1
C32: 6 | D32: 3.5 | E32: =D32*C32 -> 21
B33: MENOS
B34: PUERTA | C34: -4 | D34: 2 | E34: =D34*C34 -> -8 | O34: (13)
D35: TOTAL | E35: =SUM(E14:E34) -> 199.79 | F35: M2 | L35: (9) | O35: 2,2 h=3,5
J36: 4 h= 3,4 | L36: 1,57 h=3,5
J37: (6) | M37: 1,71 h=3,5 | O37: 1,53 h=3,50
I38: (7) | M38: (10) | O38: (12)
I39: 3,90 h=1m | M39: 3.45 | N39: h=3,5
C40: Ancho | D40: Longitud | E40: Total m2 | M40: (11)
B41: PLACA | C41: 4 | D41: =3.9+3.4+3.9 -> 11.2 | E41: =D41*C41 -> 44.8 | J41: (8)
B42: PLACA | C42: 6.18 | D42: 7.5 | E42: =D42*C42 -> 46.35 | J42: 4 h=1m
B43: PLACA | C43: 3.45 | D43: 1.7 | E43: =D43*C43 -> 5.865
C44: Total Placa | E44: =SUM(E41:E43) -> 97.015 | F44: M2
B50: TOTAL PINTURA Y ESTUCO TIC
B51: =+B12 -> T.I.C | E51: =+E35 -> 199.79 | F51: M2
G54: REDONDEAR
B55: TOTAL PINTURA | E55: =SUM(E51:E54) -> 199.79 | F55: =+F51 -> M2 | G55: =ROUND(E55,0) -> 200 | H55: M2
B56: TOTAL ESTUCO | D56: 0.6 | E56: =E55*D56 -> 119.874 | F56: =+F55 -> M2 | G56: =ROUND(E56,0) -> 120 | H56: M2
B59: TOTAL GUARDAESCOBA | E59: =+C14+C15+C16+C17+C18+C19+C20+C21+C22+C23+C24+C25+C26+C27+C28+C29+C30+C31+C32-D34 -> 77.12 | F59: ML | G59: =ROUND(E59,0) -> 77 | H59: =+F59 -> ML
B61: TOTAL PINTURA Y ESTUCO PLACA | E61: =+E44 -> 97.015 | F61: M2 | G61: =ROUND(E61,0) -> 97 | H61: =+F61 -> M2

Sheet Cant.Lacta
K9: (2)
B10: LACTANCIA PINTURA | K10: 1,27 h= 3,43m | M10: vidrio
B11: Orden | C11: Longitud (m) | D11: altura (h) (m) | E11: Total m2
B12: (2) | C12: 1.27 | D12: 3.43 | E12: =D12*C12 -> 4.3561
B13: (4) | C13: 4.4 | D13: 3.43 | E13: =D13*C13 -> 15.092
D15: TOTAL | E15: =SUM(E12:E14) -> 19.4481 | F15: M2
L19: muro
B20: PLACA AEREA | L20: super board
C21: Ancho | D21: Longitud | E21: Total m2 | J21: (4) | M21: 4,4m h=3,43
B22: PLACA | C22: 1.27 | D22: 4.4 | E22: =D22*C22 -> 5.588 | M22: (1)
C25: Total Placa | E25: =SUM(E22:E24) -> 5.588 | F25: M2
B31: MURO SUPER BOARD
C32: Ancho | D32: Longitud | E32: Total m2
B33: super board | C33: 4.4 | D33: 3.43 | E33: =D33*C33 -> 15.092
B34: super board | C34: 1.27 | D34: =3.43-2 -> 1.43 | E34: =D34*C34 -> 1.8161
C36: Total SUPER BOARD | E36: =SUM(E33:E35) -> 16.9081 | F36: M2
C37: REDONDEAR | E37: =ROUND(E36,0) -> 17 | F37: M2
B44: TOTAL PINTURA Y ESTUCO TIC
B45: =+B10 -> LACTANCIA PINTURA | E45: =+E15 -> 19.4481 | F45: M2
G48: REDONDEAR
B49: TOTAL PINTURA | E49: =SUM(E45:E48) -> 19.4481 | F49: =+F45 -> M2 | G49: =ROUND(E49,0) -> 19 | H49: M2
B50: TOTAL ESTUCO | D50: 0.5 | E50: =E49*D50 -> 9.72405 | F50: =+F49 -> M2 | G50: =ROUND(E50,0) -> 10 | H50: M2
B53: TOTAL GUARDAESCOBA | E53: =+C12+C13 -> 5.67 | F53: ML | G53: =ROUND(E53,0) -> 6 | H53: =+F53 -> ML
B55: TOTAL PINTURA Y ESTUCO PLACA | E55: =+E25 -> 5.588 | F55: M2 | G55: =ROUND(E55,0) -> 6 | H55: =+F55 -> M2
B57: TOTAL SUPER BOARD | E57: =+E36 -> 16.9081 | F57: M2 | G57: =ROUND(E57,0) -> 17 | H57: =+F57 -> M2

Sheet Can.Lamp
C16: Lamparas 60 x 60
C20: Und | D20: Cant. | E20: descripcion
B21: Despacho Planeacion | C21: Und | D21: 36 | E21: Lamparas 60 x 60 | I21: Despacho Planeacion
B22: DAMA
P26: Planeacion

Sheet CANTIDADES ELECTRICAS
A1: DESMONTE DE LUMINARIAS EXISTENTES
A2: SECRETARIA DE VIVIENDA
A3: A | B3: B | C3: C | D3: SUB TOTAL
A4: 1 | B4: 4 | C4: 1 | D4: =+A4*B4*C4 -> 4 | E4: LEGALIZACION
A5: 1 | B5: 4 | C5: 1 | D5: =+A5*B5*C5 -> 4 | E5: ARQUITECTURA
A6: 1 | B6: 1 | C6: 1 | D6: =+A6*B6*C6 -> 1 | E6: DESPACHO
A7: DEPARTAMENTO ADMINISTRATIVO PLANEACION
A8: 1 | B8: 6 | C8: 1 | D8: =+A8*B8*C8 -> 6 | E8: DESPACHO
A9: 1 | B9: 2 | C9: 1 | D9: =+A9*B9*C9 -> 2 | E9: AUXILIAR
A10: 1 | B10: =4+1 -> 5 | C10: 1 | D10: =+A10*B10*C10 -> 5 | E10: CONTRALORIA
A11: 1 | B11: 4 | C11: 1 | D11: =+A11*B11*C11 -> 4 | E11: POT
A12: 1 | B12: 2 | C12: 1 | D12: =+A12*B12*C12 -> 2 | E12: TOPOGRAFIA
A13: 1 | B13: 1 | C13: 1 | D13: =+A13*B13*C13 -> 1 | E13: TOPOGRAFIA
A14: 1 | B14: 6 | C14: 1 | D14: =+A14*B14*C14 -> 6 | E14: PROSPECTIVA
A15: SECRETARIA DE LAS TIC
A16: 1 | B16: 2 | C16: 1 | D16: =+A16*B16*C16 -> 2 | E16: DESPACHO
A17: 1 | B17: 2 | C17: 1 | D17: =+A17*B17*C17 -> 2 | E17: ATENCION
D18: =SUM(D4:D17) -> 39
A20: LUMINARIA LED 60X60
A21: SECRETARIA DE VIVIENDA
A22: A | B22: B | C22: C | D22: SUB TOTAL
A23: 1 | B23: 4 | C23: 1 | D23: =+A23*B23*C23 -> 4 | E23: LEGALIZACION
A24: 1 | B24: 4 | C24: 1 | D24: =+A24*B24*C24 -> 4 | E24: ARQUITECTURA
A25: 1 | B25: 2 | C25: 1 | D25: =+A25*B25*C25 -> 2 | E25: DESPACHO
A26: DEPARTAMENTO ADMINISTRATIVO PLANEACION
A27: 1 | B27: 6 | C27: 1 | D27: =+A27*B27*C27 -> 6 | E27: DESPACHO
A28: 1 | B28: 2 | C28: 1 | D28: =+A28*B28*C28 -> 2 | E28: AUXILIAR
A29: 1 | B29: 4 | C29: 1 | D29: =+A29*B29*C29 -> 4 | E29: CONTRALORIA
A30: 1 | B30: 4 | C30: 1 | D30: =+A30*B30*C30 -> 4 | E30: POT
A31: 1 | B31: 2 | C31: 1 | D31: =+A31*B31*C31 -> 2 | E31: TOPOGRAFIA
A32: 1 | B32: 2 | C32: 1 | D32: =+A32*B32*C32 -> 2 | E32: OFICINA
A33: 1 | B33: 6 | C33: 1 | D33: =+A33*B33*C33 -> 6 | E33: OFICINAS
A34: 1 | B34: 2 | C34: 1 | D34: =+A34*B34*C34 -> 2 | E34: DIRECCION POT
A35: 1 | B35: 8 | C35: 1 | D35: =+A35*B35*C35 -> 8 | E35: PROSPECTIVA
A36: SECRETARIA DE LAS TIC
A37: 1 | B37: 2 | C37: 1 | D37: =+A37*B37*C37 -> 2 | E37: DESPACHO
A38: 1 | B38: 2 | C38: 1 | D38: =+A38*B38*C38 -> 2 | E38: ATENCION
D39: =SUM(D23:D38) -> 50
A41: CAJA ELECTRICA DE SOBRE PONER
A42: SECRETARIA DE VIVIENDA
A43: A | B43: B | C43: C | D43: SUB TOTAL
A44: 1 | B44: 4 | C44: 1 | D44: =+A44*B44*C44 -> 4 | E44: LEGALIZACION
A45: 1 | B45: 4 | C45: 1 | D45: =+A45*B45*C45 -> 4 | E45: ARQUITECTURA
A46: 1 | B46: 2 | C46: 1 | D46: 2 | E46: DESPACHO
A47: DEPARTAMENTO ADMINISTRATIVO PLANEACION
A48: 1 | B48: 6 | C48: 1 | D48: =+A48*B48*C48 -> 6 | E48: DESPACHO
A49: 1 | B49: 2 | C49: 1 | D49: =+A49*B49*C49 -> 2 | E49: AUXILIAR
A50: 1 | B50: 4 | C50: 1 | D50: =+A50*B50*C50 -> 4 | E50: CONTRALORIA
A51: 1 | B51: 4 | C51: 1 | D51: =+A51*B51*C51 -> 4 | E51: POT
A52: 1 | B52: 2 | C52: 1 | D52: =+A52*B52*C52 -> 2 | E52: TOPOGRAFIA
A53: 1 | B53: 2 | C53: 1 | D53: =+A53*B53*C53 -> 2 | E53: OFICINA
A54: 1 | B54: 6 | C54: 1 | D54: =+A54*B54*C54 -> 6 | E54: OFICINAS
A55: 1 | B55: 2 | C55: 1 | D55: =+A55*B55*C55 -> 2 | E55: DIRECCION POT
A56: 1 | B56: 8 | C56: 1 | D56: =+A56*B56*C56 -> 8 | E56: PROSPECTIVA
A57: SECRETARIA DE LAS TIC
A58: 1 | B58: 2 | C58: 1 | D58: =+A58*B58*C58 -> 2 | E58: DESPACHO
A59: 1 | B59: 2 | C59: 1 | D59: =+A59*B59*C59 -> 2 | E59: ATENCION
D60: =SUM(D44:D59) -> 50
A62: CABLE UTP 6A
A63: SEC TIC | C63: =915/3 -> 305 | D63: =+C63 -> 305
A64: DAP | C64: =915/3 -> 305 | D64: =+C64 -> 305
A65: SEC VIVIENDA | C65: =915/3 -> 305 | D65: =+C65 -> 305
D66: =SUM(D63:D65) -> 915

Sheet CANTIDADES VIDRIO
B2: PISO 2 - ALCALDIA
B3: VENTANA EN VIDRIO
B4: AMBIENTE | C4: DESPACHO PLANEACION
B5: Antepecho 1 | C5: 5.06 | D5: 1.1 | E5: =+C5*D5 -> 5.566
B6: SUBTOTAL | E6: =SUM(E5:E5) -> 5.566
B7: AMBIENTE | C7: CONTRALORIA
B8: Antepecho 1 | C8: 5.37 | D8: =+D5 -> 1.1 | E8: =+C8*D8 -> 5.907
B9: SUBTOTAL | E9: =SUM(E8:E8) -> 5.907
B10: AMBIENTE | C10: PLANEACION
B11: Antepecho 1 | C11: 12.3 | D11: =+D8 -> 1.1 | E11: =+C11*D11 -> 13.53
B12: SUBTOTAL | E12: =SUM(E11:E11) -> 13.53
E13: =+E6+E9+E12 -> 25.003
B15: PISO 2 - ALCALDIA
B16: POLARIZADO
B17: AMBIENTE | C17: DESPACHO PLANEACION
B18: Antepecho 1 | C18: 5.06 | D18: =+'CANTIDADES OBRA'!D12-1 -> 2.5 | E18: =+C18*D18 -> 12.65
B19: SUBTOTAL | E19: =SUM(E18:E18) -> 12.65
B20: AMBIENTE | C20: CONTRALORIA
B21: Antepecho 1 | C21: 5.37 | D21: =+D18 -> 2.5 | E21: =+C21*D21 -> 13.425
B22: SUBTOTAL | E22: =SUM(E21:E21) -> 13.425
B23: AMBIENTE | C23: PLANEACION
B24: Antepecho 1 | C24: 12.3 | D24: =+D21 -> 2.5 | E24: =+C24*D24 -> 30.75
B25: SUBTOTAL | E25: =SUM(E24:E24) -> 30.75
E26: =+E19+E22+E25 -> 56.825
B28: PISO 2 - ALCALDIA
B29: RACK
B30: AMBIENTE | C30: DESPACHO PLANEACION
B31: Puerta Rack | C31: 0.55 | D31: 2.22 | E31: =+C31*D31 -> 1.221
B32: Muro costado | C32: 1 | D32: 2.22 | E32: =+C32*D32 -> 2.22
B33: SUBTOTAL | E33: =ROUND(SUM(E31:E32),2) -> 3.44

Sheet Cant.Canal
B10: Orden | C10: Longitud (m) | M10: 30 ML | N10: (2)
B11: (1) | C11: 56
B12: (2) | C12: 30 | I12: CANAL AGUAS LLUVIAS
J14: 56 ML
B15: Total | C15: =SUM(C11:C14) -> 86 | J15: (1)
B16: Redondear | C16: =ROUND(C15,0) -> 86

Sheet 1.1
A2: ='1.2'!A2 -> ANALISIS UNITARIOS | E2: ANÁLISIS DE PRECIOS UNITARIOS
J3: DETALLADO
D5: ALCALDIA DE NEIVA
A6: Items: | E6: UNIDAD : | G6: ITEM :
A7: CANAL AGUA LLUVIA METALICA DE 0,35 X 0,20,025M METALICA C.18 (Incluye Suministro e instalacion con sus accesorios) | F7: ML | J7: =+PPTO!D9 -> 86
A8: I. EQUIPO | J8: Valor ejecutado | K8: Cantidad | L8: % Parit | O8: =+H45 -> 127575
A9: Descripción | D9: Unidad | E9: Tarifa | F9: Rendimiento | G9: Valor-Unit. | O9: =+O45 -> 126867
A10: =MATER108 -> EQUIPO SOLDADURA. | D10: =VLOOKUP(A10,EQUIPOS!B11:D157,2,FALSE) -> DIA | E10: =VLOOKUP(A10,EQUIPOS!B11:D157,3,FALSE) -> 45000 | F10: 20 | G10: =E10/F10 -> 2250 | J10: =G10*$J$7 -> 193500 | K10: =F10*$J$7 -> 1720 | L10: =G10/$H$45 -> 0.017636684 | O10: =+O57 -> -708
A11: =MATER109 -> EQUIPO CORTE. | D11: =VLOOKUP(A10,EQUIPOS!B11:D157,2,FALSE) -> DIA | E11: =VLOOKUP(A10,EQUIPOS!B11:D157,3,FALSE) -> 45000 | F11: =+F10 -> 20 | G11: =E11/F11 -> 2250 | J11: =G11*$J$7 -> 193500 | K11: =F11*$J$7 -> 1720 | L11: =G11/$H$45 -> 0.017636684
A12: =+MATER1 -> ANDAMIO SECCION | D12: =VLOOKUP(A12,EQUIPOS!B13:D51,2,FALSE) -> DIA | E12: =VLOOKUP(A12,EQUIPOS!B13:D140,3,FALSE) -> 40000 | F12: 2 | G12: =E12/F12 -> 20000 | J12: =G12*$J$7 -> 1720000 | K12: =F12*$J$7 -> 172 | L12: =G12/$H$45 -> 0.15677053
J13: =G13*$J$7 -> 0 | K13: =F13*$J$7 -> 0 | L13: =G13/$H$45 -> 0
J14: =G14*$J$7 -> 0 | K14: =F14*$J$7 -> 0 | L14: =G14/$H$45 -> 0
J15: =G15*$J$7 -> 0 | K15: =F15*$J$7 -> 0 | L15: =G15/$H$45 -> 0
G16: Sub-Total | H16: =ROUND((SUM(G10:G15)),0) -> 24500 | J16: =SUM(J10:J15) -> 2107000 | K16: =SUM(K10:K15) -> 3612 | L16: =SUM(L10:L15) -> 0.1920439
A17: II. MATERIALES EN OBRA
A18: Descripción | D18: Unidad | E18: Precio-Unit. | F18: Cantidad | G18: Valor-Unit.
A19: =MATER76 -> CANAL METALICA C.18 DE 0.30X0.20X0.25M | D19: =VLOOKUP(A19,EQUIPOS!$B$11:$D$9117,2,FALSE) -> ML | E19: =+'ESTUDIO DE MERCADO-V2'!E234 -> 85000 | F19: 1 | G19: =F19*E19 -> 85000 | J19: =G19*$J$7 -> 7310000 | K19: =F19*$J$7 -> 86 | L19: =G19/$H$45 -> 0.66627474
A20: =MATER3 -> HERRAMIENTA MENOR | D20: =VLOOKUP(A20,EQUIPOS!$B$11:$D$9117,2,FALSE) -> GLOBAL | E20: =VLOOKUP(A20,EQUIPOS!$B$11:$D$162,3,FALSE) -> 1000 | F20: 1 | G20: =F20*E20 -> 1000 | J20: =G20*$J$7 -> 86000 | K20: =F20*$J$7 -> 86 | L20: =G20/$H$45 -> 0.0078385264
G21: =F21*E21 -> 0 | J21: =G21*$J$7 -> 0 | K21: =F21*$J$7 -> 0 | L21: =G21/$H$45 -> 0
J22: =G22*$J$7 -> 0 | K22: =F22*$J$7 -> 0 | L22: =G22/$H$45 -> 0
J23: =G23*$J$7 -> 0 | K23: =F23*$J$7 -> 0 | L23: =G23/$H$45 -> 0
J24: =G24*$J$7 -> 0 | K24: =F24*$J$7 -> 0 | L24: =G24/$H$45 -> 0
J25: =G25*$J$7 -> 0 | K25: =F25*$J$7 -> 0 | L25: =G25/$H$45 -> 0
G26: Sub-Total | H26: =ROUND((SUM(G19:G25)),0) -> 86000 | J26: =SUM(J19:J25) -> 7396000 | K26: =SUM(K19:K25) -> 172 | L26: =SUM(L19:L25) -> 0.67411327
A27: III. TRANSPORTES
A28: Material | C28: Unidad | D28: Distancia | E28: M3-Km | F28: Tarifa | G28: Valor-Unit.
A29: =EQPO9 -> CAMION | C29: =VLOOKUP(A29,EQUIPOS!$B$11:$D$995,2,FALSE) -> GLOBAL | D29: 0.5 | E29: 0.01 | F29: =VLOOKUP(A29,EQUIPOS!B11:D28,3,FALSE) -> 1000000 | G29: =ROUND(F29*E29*D29,0) -> 5000 | J29: =G29*$J$7 -> 430000 | L29: =G29/$H$45 -> 0.039192632
J30: =G30*$J$7 -> 0 | L30: =G30/$H$45 -> 0
J31: =G31*$J$7 -> 0 | L31: =G31/$H$45 -> 0
J32: =G32*$J$7 -> 0 | L32: =G32/$H$45 -> 0
G33: Sub-Total | H33: =ROUND((SUM(G29:G32)),0) -> 5000 | J33: =SUM(J29:J32) -> 430000 | K33: =SUM(K29:K32) -> 0 | L33: =SUM(L29:L32) -> 0.039192632
A34: IV. MANO DE OBRA
A35: Trabajador | B35: CANTIDAD | C35: Jornal | D35: Prestaciones % | E35: Jornal Total | F35: Rendimiento | G35: Valor-Unit.
A36: =OBRE1 -> OBRERO AYUDANTE | B36: 2 | C36: =VLOOKUP(A36,EQUIPOS!B11:D58,3,FALSE) -> 68000 | D36: 1.5 | E36: =B36*ROUND(D36*C36,0) -> 204000 | F36: =+F10 -> 20 | G36: =ROUND(E36/F36,0) -> 10200 | J36: =G36*$J$7 -> 877200 | K36: =B36*$J$7 -> 172 | L36: =G36/$H$45 -> 0.079952969
A37: =OBRE4 -> SOLDADOR | B37: 1 | C37: =VLOOKUP(A37,EQUIPOS!B12:D59,3,FALSE) -> 25000 | D37: =+D36 -> 1.5 | E37: =B37*ROUND(D37*C37,0) -> 37500 | F37: =F36 -> 20 | G37: =ROUND(E37/F37,0) -> 1875 | J37: =G37*$J$7 -> 161250 | K37: =B37*$J$7 -> 86 | L37: =G37/$H$45 -> 0.014697237
J38: =G38*$J$7 -> 0 | K38: =B38*$J$7 -> 0 | L38: =G38/$H$45 -> 0
J39: =G39*$J$7 -> 0 | K39: =B39*$J$7 -> 0 | L39: =G39/$H$45 -> 0
J40: =G40*$J$7 -> 0 | K40: =B40*$J$7 -> 0 | L40: =G40/$H$45 -> 0
J41: =G41*$J$7 -> 0 | K41: =B41*$J$7 -> 0 | L41: =G41/$H$45 -> 0
J42: =G42*$J$7 -> 0 | K42: =B42*$J$7 -> 0 | L42: =G42/$H$45 -> 0
G43: Sub-Total | H43: =ROUND((SUM(G36:G42)),0) -> 12075 | J43: =SUM(J36:J42) -> 1038450 | K43: =SUM(K36:K42) -> 258 | L43: =SUM(L36:L42) -> 0.094650206
E45: Total Costo Directo | H45: =ROUND((H43+H33+H26+H16),0) -> 127575 | J45: =+J43+J33+J26+J16 -> 10971450 | O45: 126867
A46: V. COSTOS INDIRECTOS
A47: Descripción | C47: . | F47: Porcentaje | G47: Valor Total
A48: ADMINISTRACION | F48: =A -> 0.22 | G48: =ROUND(F48*$H$45,0) -> 28067
A49: IMPREVISTOS | F49: =I -> 0.03 | G49: =ROUND(F49*$H$45,0) -> 3827
A50: UTILIDAD | F50: =U -> 0.05 | G50: =ROUND(F50*$H$45,0) -> 6379
G51: Sub-Total | H51: =SUM(G48:G50) -> 38273
D53: Precio unitario total aproximado al peso | H53: =ROUND((H51+H45),0) -> 165848 | J53: =J45*(1+AIU) -> 14262885
O57: =+O45-H45 -> -708

Sheet 1,1
C3: Formulario 1 - Propuesta económica - Licitación de obra pública de infraestructura social
C4: Código | D4: CCE-EICP-FM-116 | E4: Versión | F4: 1
C6: [La Entidad podrá utilizar este Formato para la presentación de los análisis de Precios Unitarios del Contratista en la oportunidad prevista en el numeral 8.1. del Documento Base]
D9: ALCALDIA DE NEIVA
L10: VERSIÓN
L12: PÁGINA | M12: 1 | N12: DE | O12: 1
D14: ANÁLISIS DE PRECIOS UNITARIOS
L16: FECHA | M16: DD | N16: MM | O16: AA
M17: 16 | N17: 7 | O17: 2025
C18: ÍTEMS DE LA PROPUESTA ECONÓMICA
C22: DATOS ESPECÍFICOS
C24: ÍTEM | D24: DESCRIPCIÓN | M24: UNIDAD | O24: CANTIDAD
C25: 1.1 | D25: =+PPTO!B9 -> CANAL AGUA LLUVIA METALICA DE 0,35 X 0,20,025M METALICA C.18 (Incluye Suministro e instalacion con sus accesorios) | N25: =+PPTO!C9 -> ML | O25: =+PPTO!D9 -> 86
C26: I. EQUIPO
C29: DESCRIPCIÓN | H29: MARCA | J29: UND | L29: TARIFA/HORA | M29: RENDIMIENTO | O29: Vr. UNITARIO
C30: =+'1.1'!A10 -> EQUIPO SOLDADURA. | J30: =+'1.1'!D10 -> DIA | L30: =+'1.1'!E10 -> 45000 | M30: =+'1.1'!F10 -> 20 | O30: =L30/M30 -> 2250
C31: =+'1.1'!A11 -> EQUIPO CORTE. | J31: =+'1.1'!D11 -> DIA | L31: =+'1.1'!E11 -> 45000 | M31: =+'1.1'!F11 -> 20 | O31: =L31/M31 -> 2250
C32: =+'1.1'!A12 -> ANDAMIO SECCION | J32: =+'1.1'!D12 -> DIA | L32: =+'1.1'!E12 -> 40000 | M32: =+'1.1'!F12 -> 2 | O32: =L32/M32 -> 20000
C33: SUBTOTAL $ | O33: =ROUND((SUM(O30:O32)),0) -> 24500
C34: II. MATERIALES
C37: DESCRIPCIÓN | K37: UNIDAD | L37: CANTIDAD | M37: PRECIO UNIT. | O37: Vr. UNITARIO
C38: =+'1.1'!A19 -> CANAL METALICA C.18 DE 0.30X0.20X0.25M | K38: =+'1.1'!D19 -> ML | L38: 1 | M38: =+'1.1'!E19 -> 85000 | O38: =M38*L38 -> 85000
C39: =+'1.1'!A20 -> HERRAMIENTA MENOR | K39: =+'1.1'!D20 -> GLOBAL | L39: 1 | M39: =+'1.1'!E20 -> 1000 | O39: =M39*L39 -> 1000
M40: =+'1.1'!E21 -> 0 | O40: =M40*L40 -> 0
C41: SUBTOTAL $ | O41: =ROUND((SUM(O38:O40)),0) -> 86000
C42: III. TRANSPORTES
C45: MATERIAL | J45: Und | K45: DISTANCIA | L45: M3 o Ton/Km | M45: TARIFA | O45: Vr. UNITARIO
C46: =+'1.1'!A29 -> CAMION | J46: =+'1.1'!C29 -> GLOBAL | K46: =+'1.1'!D29 -> 0.5 | L46: 0.01 | M46: =+'1.1'!F29 -> 1000000 | O46: =+M46*L46*K46 -> 5000
C48: SUBTOTAL $ | O48: =ROUND((SUM(O46:O47)),0) -> 5000
C49: IV. MANO DE OBRA
C52: TRABAJADOR | I52: Cant. | J52: JORNAL | K52: PRESTACIONES | L52: JORNAL TOTAL | M52: RENDIMIENTO | O52: Vr. UNITARIO
C53: =+'1.1'!A36 -> OBRERO AYUDANTE | I53: =+'1.1'!B36 -> 2 | J53: =+'1.1'!C36 -> 68000 | K53: =+'1.1'!D36 -> 1.5 | L53: =I53*ROUND(J53*K53,0) -> 204000 | M53: =+'1.1'!F36 -> 20 | O53: =ROUND(L53/M53,0) -> 10200
C54: =+'1.1'!A37 -> SOLDADOR | I54: 1 | J54: =+'1.1'!C37 -> 25000 | K54: =+K53 -> 1.5 | L54: =I54*ROUND(J54*K54,0) -> 37500 | M54: =+'1.1'!F37 -> 20 | O54: =ROUND(L54/M54,0) -> 1875
J55: =+'1.1'!C38 -> 0
J56: =+'1.1'!C39 -> 0
C57: SUBTOTAL $ | O57: =ROUND((SUM(O53:O56)),0) -> 12075
C59: TOTAL COSTO DIRECTO $ | O59: =ROUND((O57+O48+O41+O33),0) -> 127575
C60: V. COSTOS INDIRECTOS
C63: Descripción | L63: Porcentaje | M63: Valor Total
C64: ADMINISTRACION | L64: =+'1.1'!F48 -> 0.22 | M64: =ROUND(L64*$O$59,0) -> 28067
C65: IMPREVISTOS | L65: =+'1.1'!F49 -> 0.03 | M65: =ROUND(L65*$O$59,0) -> 3827
C66: UTILIDAD | L66: =+'1.1'!F50 -> 0.05 | M66: =ROUND(L66*$O$59,0) -> 6379
C67: SUBTOTAL $ | O67: =ROUND(SUM(M64:N66),0) -> 38273
C69: Precio Unitario Total Aproximado al peso $ | O69: =ROUND(O67+O59,0) -> 165848 | S69: =+O69-'1.1'!H53 -> 0
H71: Firma
H72: Nombre:
H73: Representante legal del Contratista o su apoderado
H74: Matricula:
C76: OBSERVACIONES INTERVENTORÍA
C80: APROBACIÓN POR INTERVENTORÍA
C81: Nota 1: Cuando se trate de análisis de Precios Unitarios correspondientes a ítems de la propuesta económica aprobada, el Interventor aprueba el desglose de los componentes manteniendo el mismo Precio Unitario de cada ítem, cumpliendo con las especificaciones de construcción vigentes para el proyecto.
C83: Nota 2: Cuando se trate de análisis de Precios Unitarios de ítems no previstos, el Interventor aprueba el desglose y Precio Unitario de cada ítem no previsto, exigiendo la aplicación de los costos correspondientes a insumos y tarifas de la propuesta económica inicial cuando estén contemplados, cumpliendo con las especificaciones de construcción vigente para el proyecto.
H86: Firma
H87: Nombre:
H88: Representante legal del Interventor o su apoderado
H89: Matricula :

Sheet 1.2
A2: ANALISIS UNITARIOS | E2: ANÁLISIS DE PRECIOS UNITARIOS
J3: DETALLADO
D5: ALCALDIA DE NEIVA
A6: Items: | E6: UNIDAD : | G6: ITEM :
A7: ANGULO METALICO 1 1/2 x 1/8 (Incluye suministro e instalacion y todos los accesorios necesarios para su instalacion) | F7: UND | J7: =+PPTO!D10 -> 29
A8: I. EQUIPO | J8: Valor ejecutado | K8: Cantidad | L8: % Parit
A9: Descripción | D9: Unidad | E9: Tarifa/Hora | F9: Rendimiento | G9: Valor-Unit.
A10: =MATER3 -> HERRAMIENTA MENOR | D10: =VLOOKUP(A10,EQUIPOS!B11:D49,2,FALSE) -> GLOBAL | E10: =VLOOKUP(A10,EQUIPOS!B11:D138,3,FALSE) -> 1000 | F10: 1 | G10: =E10/F10 -> 1000 | J10: =G10*$J$7 -> 29000 | K10: =F10*$J$7 -> 29 | L10: =G10/$H$45 -> 0.023752969
J11: =G11*$J$7 -> 0 | K11: =F11*$J$7 -> 0 | L11: =G11/$H$45 -> 0
J12: =G12*$J$7 -> 0 | K12: =F12*$J$7 -> 0 | L12: =G12/$H$45 -> 0
J13: =G13*$J$7 -> 0 | K13: =F13*$J$7 -> 0 | L13: =G13/$H$45 -> 0
J14: =G14*$J$7 -> 0 | K14: =F14*$J$7 -> 0 | L14: =G14/$H$45 -> 0
J15: =G15*$J$7 -> 0 | K15: =F15*$J$7 -> 0 | L15: =G15/$H$45 -> 0
G16: Sub-Total | H16: =ROUND((SUM(G10:G15)),0) -> 1000 | J16: =SUM(J10:J15) -> 29000 | K16: =SUM(K10:K15) -> 29 | L16: =SUM(L10:L15) -> 0.023752969
A17: II. MATERIALES EN OBRA
A18: Descripción | D18: Unidad | E18: Precio-Unit. | F18: Cantidad | G18: Valor-Unit.
A19: =MATER104 -> ANGULO metalico 1 1/2 x 1/8 x (25x40)cm | D19: =VLOOKUP(A19,EQUIPOS!$B$11:$D$9117,2,FALSE) -> UND | E19: =+'ESTUDIO DE MERCADO-V2'!E19 -> 16700 | F19: 1 | G19: =F19*E19 -> 16700 | J19: =G19*$J$7 -> 484300 | K19: =F19*$J$7 -> 29 | L19: =G19/$H$45 -> 0.39667458
A20: =MATER84 -> CHAZOS METALICOS 2 1/2" | D20: =VLOOKUP(A20,EQUIPOS!$B$11:$D$9117,2,FALSE) -> UND | E20: =VLOOKUP(A20,EQUIPOS!$B$11:$D$162,3,FALSE) -> 2000 | F20: 2 | G20: =F20*E20 -> 4000 | J20: =G20*$J$7 -> 116000 | K20: =F20*$J$7 -> 58 | L20: =G20/$H$45 -> 0.095011876
G21: =F21*E21 -> 0 | J21: =G21*$J$7 -> 0 | K21: =F21*$J$7 -> 0 | L21: =G21/$H$45 -> 0
J22: =G22*$J$7 -> 0 | K22: =F22*$J$7 -> 0 | L22: =G22/$H$45 -> 0
J23: =G23*$J$7 -> 0 | K23: =F23*$J$7 -> 0 | L23: =G23/$H$45 -> 0
J24: =G24*$J$7 -> 0 | K24: =F24*$J$7 -> 0 | L24: =G24/$H$45 -> 0
J25: =G25*$J$7 -> 0 | K25: =F25*$J$7 -> 0 | L25: =G25/$H$45 -> 0
G26: Sub-Total | H26: =ROUND((SUM(G19:G25)),0) -> 20700 | J26: =SUM(J19:J25) -> 600300 | K26: =SUM(K19:K25) -> 87 | L26: =SUM(L19:L25) -> 0.49168646
A27: III. TRANSPORTES
A28: Material | C28: Unidad | D28: Distancia | E28: M3-Km | F28: Tarifa | G28: Valor-Unit.
G29: =ROUND(F29*E29*D29*C29,0) -> 0 | J29: =G29*$J$7 -> 0 | L29: =G29/$H$45 -> 0
J30: =G30*$J$7 -> 0 | L30: =G30/$H$45 -> 0
J31: =G31*$J$7 -> 0 | L31: =G31/$H$45 -> 0
J32: =G32*$J$7 -> 0 | L32: =G32/$H$45 -> 0
G33: Sub-Total | H33: =ROUND((SUM(G29:G32)),0) -> 0 | J33: =SUM(J29:J32) -> 0 | K33: =SUM(K29:K32) -> 0 | L33: =SUM(L29:L32) -> 0
A34: IV. MANO DE OBRA
A35: Trabajador | B35: CANTIDAD | C35: Jornal | D35: Prestaciones % | E35: Jornal Total | F35: Rendimiento | G35: Valor-Unit.
A36: =OBRE1 -> OBRERO AYUDANTE | B36: 1 | C36: =VLOOKUP(A36,EQUIPOS!B11:D58,3,FALSE) -> 68000 | D36: 1.5 | E36: =B36*ROUND(D36*C36,0) -> 102000 | F36: 5 | G36: =ROUND(E36/F36,0) -> 20400 | J36: =G36*$J$7 -> 591600 | K36: =B36*$J$7 -> 29 | L36: =G36/$H$45 -> 0.48456057
J37: =G37*$J$7 -> 0 | K37: =B37*$J$7 -> 0 | L37: =G37/$H$45 -> 0
J38: =G38*$J$7 -> 0 | K38: =B38*$J$7 -> 0 | L38: =G38/$H$45 -> 0
J39: =G39*$J$7 -> 0 | K39: =B39*$J$7 -> 0 | L39: =G39/$H$45 -> 0
J40: =G40*$J$7 -> 0 | K40: =B40*$J$7 -> 0 | L40: =G40/$H$45 -> 0
J41: =G41*$J$7 -> 0 | K41: =B41*$J$7 -> 0 | L41: =G41/$H$45 -> 0
J42: =G42*$J$7 -> 0 | K42: =B42*$J$7 -> 0 | L42: =G42/$H$45 -> 0
G43: Sub-Total | H43: =ROUND((SUM(G36:G42)),0) -> 20400 | J43: =SUM(J36:J42) -> 591600 | K43: =SUM(K36:K42) -> 29 | L43: =SUM(L36:L42) -> 0.48456057
E45: Total Costo Directo | H45: =ROUND((H43+H33+H26+H16),0) -> 42100 | J45: =+J43+J33+J26+J16 -> 1220900
A46: V. COSTOS INDIRECTOS
A47: Descripción | C47: . | F47: Porcentaje | G47: Valor Total
A48: ADMINISTRACION | F48: =+'1.1'!F48 -> 0.22 | G48: =ROUND(F48*$H$45,0) -> 9262
A49: IMPREVISTOS | F49: =+'1.1'!F49 -> 0.03 | G49: =ROUND(F49*$H$45,0) -> 1263
A50: UTILIDAD | F50: =+'1.1'!F50 -> 0.05 | G50: =ROUND(F50*$H$45,0) -> 2105
G51: Sub-Total | H51: =SUM(G48:G50) -> 12630 | J51: =J45*(1+AIU) -> 1587170
D53: Precio unitario total aproximado al peso | H53: =ROUND((H51+H45),0) -> 54730

Sheet 1,2
C3: Formulario 1 - Propuesta económica - Licitación de obra pública de infraestructura social
C4: Código | D4: CCE-EICP-FM-116 | E4: Versión | F4: 1
C6: [La Entidad podrá utilizar este Formato para la presentación de los análisis de Precios Unitarios del Contratista en la oportunidad prevista en el numeral 8.1. del Documento Base]
D9: ALCALDIA DE NEIVA
L10: VERSIÓN
L12: PÁGINA | M12: 1 | N12: DE | O12: 1
D14: ANÁLISIS DE PRECIOS UNITARIOS
L16: FECHA | M16: DD | N16: MM | O16: AA
M17: 16 | N17: 7 | O17: 2025
C18: ÍTEMS DE LA PROPUESTA ECONÓMICA
C22: DATOS ESPECÍFICOS
C24: ÍTEM | D24: DESCRIPCIÓN | M24: UNIDAD | O24: CANTIDAD
C25: 1.2 | D25: =+PPTO!B10 -> ANGULO METALICO 1 1/2 x 1/8 (Incluye suministro e instalacion y todos los accesorios necesarios para su instalacion) | N25: =+PPTO!C10 -> UND | O25: =+PPTO!D10 -> 29
C26: I. EQUIPO
C29: DESCRIPCIÓN | H29: MARCA | J29: UND | L29: TARIFA/HORA | M29: RENDIMIENTO | O29: Vr. UNITARIO
C30: =+'1.2'!A10 -> HERRAMIENTA MENOR | J30: =+'1.2'!D10 -> GLOBAL | L30: =+'1.2'!E10 -> 1000 | M30: =+'1.2'!F10 -> 1 | O30: =L30/M30 -> 1000
C33: SUBTOTAL $ | O33: =ROUND((SUM(O30:O32)),0) -> 1000
C34: II. MATERIALES
C37: DESCRIPCIÓN | K37: UNIDAD | L37: CANTIDAD | M37: PRECIO UNIT. | O37: Vr. UNITARIO
C38: =+'1.2'!A19 -> ANGULO metalico 1 1/2 x 1/8 x (25x40)cm | K38: =+'1.2'!D19 -> UND | L38: =+'1.2'!F19 -> 1 | M38: =+'1.2'!E19 -> 16700 | O38: =M38*L38 -> 16700
C39: =+'1.2'!A20 -> CHAZOS METALICOS 2 1/2" | K39: =+'1.2'!D20 -> UND | L39: =+'1.2'!F20 -> 2 | M39: =+'1.2'!E20 -> 2000 | O39: =M39*L39 -> 4000
M40: =+'1.1'!E21 -> 0 | O40: =M40*L40 -> 0
C41: SUBTOTAL $ | O41: =ROUND((SUM(O38:O40)),0) -> 20700
C42: III. TRANSPORTES
C45: MATERIAL | J45: Und | K45: DISTANCIA | L45: M3 o Ton/Km | M45: TARIFA | O45: Vr. UNITARIO
O46: =+M46*L46*K46 -> 0
C48: SUBTOTAL $ | O48: =ROUND((SUM(O46:O47)),0) -> 0
C49: IV. MANO DE OBRA
C52: TRABAJADOR | I52: Cant. | J52: JORNAL | K52: PRESTACIONES | L52: JORNAL TOTAL | M52: RENDIMIENTO | O52: Vr. UNITARIO
C53: =+'1.2'!A36 -> OBRERO AYUDANTE | I53: 1 | J53: =+'1.2'!C36 -> 68000 | K53: =+'1.1'!D36 -> 1.5 | L53: =I53*ROUND(J53*K53,0) -> 102000 | M53: =+'1.2'!F36 -> 5 | O53: =ROUND(L53/M53,0) -> 20400
J55: =+'1.1'!C38 -> 0
J56: =+'1.1'!C39 -> 0
C57: SUBTOTAL $ | O57: =ROUND((SUM(O53:O56)),0) -> 20400
C59: TOTAL COSTO DIRECTO $ | O59: =ROUND((O57+O48+O41+O33),0) -> 42100
C60: V. COSTOS INDIRECTOS
C63: Descripción | L63: Porcentaje | M63: Valor Total
C64: ADMINISTRACION | L64: =+'1.1'!F48 -> 0.22 | M64: =ROUND(L64*$O$59,0) -> 9262
C65: IMPREVISTOS | L65: =+'1.1'!F49 -> 0.03 | M65: =ROUND(L65*$O$59,0) -> 1263
C66: UTILIDAD | L66: =+'1.1'!F50 -> 0.05 | M66: =ROUND(L66*$O$59,0) -> 2105
C67: SUBTOTAL $ | O67: =ROUND(SUM(M64:N66),0) -> 12630
C69: Precio Unitario Total Aproximado al peso $ | O69: =ROUND(O67+O59,0) -> 54730 | S69: =+O69-'1.2'!H53 -> 0
H71: Firma
H72: Nombre:
H73: Representante legal del Contratista o su apoderado
H74: Matricula:
C76: OBSERVACIONES INTERVENTORÍA
C80: APROBACIÓN POR INTERVENTORÍA
C81: Nota 1: Cuando se trate de análisis de Precios Unitarios correspondientes a ítems de la propuesta económica aprobada, el Interventor aprueba el desglose de los componentes manteniendo el mismo Precio Unitario de cada ítem, cumpliendo con las especificaciones de construcción vigentes para el proyecto.
C83: Nota 2: Cuando se trate de análisis de Precios Unitarios de ítems no previstos, el Interventor aprueba el desglose y Precio Unitario de cada ítem no previsto, exigiendo la aplicación de los costos correspondientes a insumos y tarifas de la propuesta económica inicial cuando estén contemplados, cumpliendo con las especificaciones de construcción vigente para el proyecto.
H86: Firma
H87: Nombre:
H88: Representante legal del Interventor o su apoderado
H89: Matricula :

Sheet 1.3
A2: ='1.2'!A2 -> ANALISIS UNITARIOS | E2: ANÁLISIS DE PRECIOS UNITARIOS
J3: DETALLADO
D5: ALCALDIA DE NEIVA
A6: Items: | E6: UNIDAD : | G6: ITEM :
A7: TUBERIA 4" SANITARIA PVC PARA BAJANTE EN FACHADA PRINCIPAL (incluye suministro e instalacion) | F7: ML | J7: =+PPTO!D11 -> 89
A8: I. EQUIPO | J8: Valor ejecutado | K8: Cantidad | L8: % Parit
A9: Descripción | D9: Unidad | E9: Tarifa | F9: Rendimiento | G9: Valor-Unit.
A10: =MATER3 -> HERRAMIENTA MENOR | D10: =VLOOKUP(A10,EQUIPOS!B11:D49,2,FALSE) -> GLOBAL | E10: =VLOOKUP(A10,EQUIPOS!B11:D138,3,FALSE) -> 1000 | F10: 5 | G10: =E10/F10 -> 200 | J10: =G10*$J$7 -> 17800 | K10: =F10*$J$7 -> 445 | L10: =G10/$H$45 -> 0.0030729991
A11: =+MATER1 -> ANDAMIO SECCION | D11: =VLOOKUP(A11,EQUIPOS!B12:D50,2,FALSE) -> DIA | E11: =VLOOKUP(A11,EQUIPOS!B12:D139,3,FALSE) -> 40000 | F11: 2 | G11: =E11/F11 -> 20000 | J11: =G11*$J$7 -> 1780000 | K11: =F11*$J$7 -> 178 | L11: =G11/$H$45 -> 0.30729991
J12: =G12*$J$7 -> 0 | K12: =F12*$J$7 -> 0 | L12: =G12/$H$45 -> 0
J13: =G13*$J$7 -> 0 | K13: =F13*$J$7 -> 0 | L13: =G13/$H$45 -> 0
J14: =G14*$J$7 -> 0 | K14: =F14*$J$7 -> 0 | L14: =G14/$H$45 -> 0
J15: =G15*$J$7 -> 0 | K15: =F15*$J$7 -> 0 | L15: =G15/$H$45 -> 0
G16: Sub-Total | H16: =ROUND((SUM(G10:G15)),0) -> 20200 | J16: =SUM(J10:J15) -> 1797800 | K16: =SUM(K10:K15) -> 623 | L16: =SUM(L10:L15) -> 0.31037291
A17: II. MATERIALES EN OBRA
A18: Descripción | D18: Unidad | E18: Precio-Unit. | F18: Cantidad | G18: Valor-Unit.
A19: TUBO PVC AGUA LLUVIAS 4" | D19: ML | E19: 37700 | F19: 1 | G19: =F19*E19 -> 37700 | J19: =G19*$J$7 -> 3355300 | K19: =F19*$J$7 -> 89 | L19: =G19/$H$45 -> 0.57926033
A20: =MATER89 -> PEGANTE PVC | D20: =VLOOKUP(A20,EQUIPOS!$B$11:$D$9117,2,FALSE) -> GALON | E20: 510000 | F20: 0.001 | G20: =F20*E20 -> 510 | J20: =G20*$J$7 -> 45390 | K20: =F20*$J$7 -> 0.089 | L20: =G20/$H$45 -> 0.0078361477
A21: =MATER92 -> ACCESORIO PVC 4" | D21: =VLOOKUP(A21,EQUIPOS!$B$11:$D$9117,2,FALSE) -> UND | E21: =VLOOKUP(A21,EQUIPOS!$B$11:$D$162,3,FALSE) -> 15000 | F21: 0.1 | G21: =F21*E21 -> 1500 | J21: =G21*$J$7 -> 133500 | K21: =F21*$J$7 -> 8.9 | L21: =G21/$H$45 -> 0.023047493
J22: =G22*$J$7 -> 0 | K22: =F22*$J$7 -> 0 | L22: =G22/$H$45 -> 0
J23: =G23*$J$7 -> 0 | K23: =F23*$J$7 -> 0 | L23: =G23/$H$45 -> 0
J24: =G24*$J$7 -> 0 | K24: =F24*$J$7 -> 0 | L24: =G24/$H$45 -> 0
J25: =G25*$J$7 -> 0 | K25: =F25*$J$7 -> 0 | L25: =G25/$H$45 -> 0
G26: Sub-Total | H26: =ROUND((SUM(G19:G25)),0) -> 39710 | J26: =SUM(J19:J25) -> 3534190 | K26: =SUM(K19:K25) -> 97.989 | L26: =SUM(L19:L25) -> 0.61014397
A27: III. TRANSPORTES
A28: Material | C28: Unidad | D28: Distancia | E28: M3-Km | F28: Tarifa | G28: Valor-Unit.
A29: =EQPO9 -> CAMION | C29: =VLOOKUP(A29,EQUIPOS!$B$11:$D$995,2,FALSE) -> GLOBAL | D29: 0.1 | E29: 0.01 | F29: =VLOOKUP(A29,EQUIPOS!B11:D28,3,FALSE) -> 1000000 | G29: =ROUND(F29*E29*D29,0) -> 1000 | J29: =G29*$J$7 -> 89000 | L29: =G29/$H$45 -> 0.015364995
J30: =G30*$J$7 -> 0 | L30: =G30/$H$45 -> 0
J31: =G31*$J$7 -> 0 | L31: =G31/$H$45 -> 0
J32: =G32*$J$7 -> 0 | L32: =G32/$H$45 -> 0
G33: Sub-Total | H33: =ROUND((SUM(G29:G32)),0) -> 1000 | J33: =SUM(J29:J32) -> 89000 | K33: =SUM(K29:K32) -> 0 | L33: =SUM(L29:L32) -> 0.015364995
A34: IV. MANO DE OBRA
A35: Trabajador | B35: CANTIDAD | C35: Jornal | D35: Prestaciones % | E35: Jornal Total | F35: Rendimiento | G35: Valor-Unit.
A36: =OBRE1 -> OBRERO AYUDANTE | B36: 1 | C36: =VLOOKUP(A36,EQUIPOS!B11:D58,3,FALSE) -> 68000 | D36: 1.5 | E36: =B36*ROUND(D36*C36,0) -> 102000 | F36: 55 | G36: =ROUND(E36/F36,0) -> 1855 | J36: =G36*$J$7 -> 165095 | K36: =B36*$J$7 -> 89 | L36: =G36/$H$45 -> 0.028502067
A37: =OBRE2 -> OFICIAL | B37: 1 | C37: =VLOOKUP(A37,EQUIPOS!B12:D59,3,FALSE) -> 85000 | D37: 1.5 | E37: =B37*ROUND(D37*C37,0) -> 127500 | F37: =+F36 -> 55 | G37: =ROUND(E37/F37,0) -> 2318 | J37: =G37*$J$7 -> 206302 | K37: =B37*$J$7 -> 89 | L37: =G37/$H$45 -> 0.035616059
J38: =G38*$J$7 -> 0 | K38: =B38*$J$7 -> 0 | L38: =G38/$H$45 -> 0
J39: =G39*$J$7 -> 0 | K39: =B39*$J$7 -> 0 | L39: =G39/$H$45 -> 0
J40: =G40*$J$7 -> 0 | K40: =B40*$J$7 -> 0 | L40: =G40/$H$45 -> 0
J41: =G41*$J$7 -> 0 | K41: =B41*$J$7 -> 0 | L41: =G41/$H$45 -> 0
J42: =G42*$J$7 -> 0 | K42: =B42*$J$7 -> 0 | L42: =G42/$H$45 -> 0
G43: Sub-Total | H43: =ROUND((SUM(G36:G42)),0) -> 4173 | J43: =SUM(J36:J42) -> 371397 | K43: =SUM(K36:K42) -> 178 | L43: =SUM(L36:L42) -> 0.064118126
E45: Total Costo Directo | H45: =ROUND((H43+H33+H26+H16),0) -> 65083 | J45: =+J43+J33+J26+J16 -> 5792387
A46: V. COSTOS INDIRECTOS
A47: Descripción | C47: . | F47: Porcentaje | G47: Valor Total
A48: ADMINISTRACION | F48: =+'1.1'!F48 -> 0.22 | G48: =ROUND(F48*$H$45,0) -> 14318
A49: IMPREVISTOS | F49: =+'1.1'!F49 -> 0.03 | G49: =ROUND(F49*$H$45,0) -> 1952
A50: UTILIDAD | F50: =+'1.1'!F50 -> 0.05 | G50: =ROUND(F50*$H$45,0) -> 3254
G51: Sub-Total | H51: =SUM(G48:G50) -> 19524 | J51: =J45*(1+AIU) -> 7530103.1
D53: Precio unitario total aproximado al peso | H53: =ROUND((H51+H45),0) -> 84607

Sheet 1,3
C3: Formulario 1 - Propuesta económica - Licitación de obra pública de infraestructura social
C4: Código | D4: CCE-EICP-FM-116 | E4: Versión | F4: 1
C6: [La Entidad podrá utilizar este Formato para la presentación de los análisis de Precios Unitarios del Contratista en la oportunidad prevista en el numeral 8.1. del Documento Base]
D9: ALCALDIA DE NEIVA
L10: VERSIÓN
L12: PÁGINA | M12: 1 | N12: DE | O12: 1
D14: ANÁLISIS DE PRECIOS UNITARIOS
L16: FECHA | M16: DD | N16: MM | O16: AA
M17: 16 | N17: 7 | O17: 2025
C18: ÍTEMS DE LA PROPUESTA ECONÓMICA
C22: DATOS ESPECÍFICOS
C24: ÍTEM | D24: DESCRIPCIÓN | M24: UNIDAD | O24: CANTIDAD
C25: 1.3 | D25: =+PPTO!B11 -> TUBERIA 4" SANITARIA PVC PARA BAJANTE EN FACHADA PRINCIPAL (incluye suministro e instalacion) | N25: =+PPTO!C11 -> ML | O25: =+PPTO!D11 -> 89
C26: I. EQUIPO
C29: DESCRIPCIÓN | H29: MARCA | J29: UND | L29: TARIFA/HORA | M29: RENDIMIENTO | O29: Vr. UNITARIO
C30: =+'1.3'!A10 -> HERRAMIENTA MENOR | J30: =+'1.3'!D10 -> GLOBAL | L30: =+'1.3'!E10 -> 1000 | M30: =+'1.3'!F10 -> 5 | O30: =L30/M30 -> 200
C31: =+'1.3'!A11 -> ANDAMIO SECCION | J31: =+'1.3'!D11 -> DIA | L31: =+'1.3'!E11 -> 40000 | M31: =+'1.3'!F11 -> 2 | O31: =L31/M31 -> 20000
C33: SUBTOTAL $ | O33: =ROUND((SUM(O30:O32)),0) -> 20200
C34: II. MATERIALES
C37: DESCRIPCIÓN | K37: UNIDAD | L37: CANTIDAD | M37: PRECIO UNIT. | O37: Vr. UNITARIO
C38: =+'1.3'!A19 -> TUBO PVC AGUA LLUVIAS 4" | K38: =+'1.3'!D19 -> ML | L38: =+'1.3'!F19 -> 1 | M38: =+'1.3'!E19 -> 37700 | O38: =M38*L38 -> 37700
C39: =+'1.3'!A20 -> PEGANTE PVC | K39: =+'1.3'!D20 -> GALON | L39: =+'1.3'!F20 -> 0.001 | M39: =+'1.3'!E20 -> 510000 | O39: =M39*L39 -> 510
C40: =+'1.3'!A21 -> ACCESORIO PVC 4" | K40: =+'1.3'!D21 -> UND | L40: =+'1.3'!F21 -> 0.1 | M40: =+'1.3'!E21 -> 15000 | O40: =M40*L40 -> 1500
C41: SUBTOTAL $ | O41: =ROUND((SUM(O38:O40)),0) -> 39710
C42: III. TRANSPORTES
C45: MATERIAL | J45: Und | K45: DISTANCIA | L45: M3 o Ton/Km | M45: TARIFA | O45: Vr. UNITARIO
C46: =+'1.3'!A29 -> CAMION | J46: =+'1.3'!C29 -> GLOBAL | K46: =+'1.3'!D29 -> 0.1 | L46: =+'1.3'!E29 -> 0.01 | M46: =+'1.3'!F29 -> 1000000 | O46: =+M46*L46*K46 -> 1000
C48: SUBTOTAL $ | O48: =ROUND((SUM(O46:O47)),0) -> 1000
C49: IV. MANO DE OBRA
C52: TRABAJADOR | I52: Cant. | J52: JORNAL | K52: PRESTACIONES | L52: JORNAL TOTAL | M52: RENDIMIENTO | O52: Vr. UNITARIO
C53: =+'1.3'!A36 -> OBRERO AYUDANTE | I53: =+'1.3'!B36 -> 1 | J53: =+'1.3'!C36 -> 68000 | K53: =+'1.1'!D36 -> 1.5 | L53: =I53*ROUND(J53*K53,0) -> 102000 | M53: =+'1.3'!F36 -> 55 | O53: =ROUND(L53/M53,0) -> 1855
C54: =+'1.3'!A37 -> OFICIAL | I54: =+'1.3'!B37 -> 1 | J54: =+'1.3'!C37 -> 85000 | K54: =+K53 -> 1.5 | L54: =I54*ROUND(J54*K54,0) -> 127500 | M54: =+'1.3'!F37 -> 55 | O54: =ROUND(L54/M54,0) -> 2318
J55: =+'1.1'!C38 -> 0
J56: =+'1.1'!C39 -> 0
C57: SUBTOTAL $ | O57: =ROUND((SUM(O53:O56)),0) -> 4173
C59: TOTAL COSTO DIRECTO $ | O59: =ROUND((O57+O48+O41+O33),0) -> 65083
C60: V. COSTOS INDIRECTOS
C63: Descripción | L63: Porcentaje | M63: Valor Total
C64: ADMINISTRACION | L64: =+'1.1'!F48 -> 0.22 | M64: =ROUND(L64*$O$59,0) -> 14318
C65: IMPREVISTOS | L65: =+'1.1'!F49 -> 0.03 | M65: =ROUND(L65*$O$59,0) -> 1952
C66: UTILIDAD | L66: =+'1.1'!F50 -> 0.05 | M66: =ROUND(L66*$O$59,0) -> 3254
C67: SUBTOTAL $ | O67: =ROUND(SUM(M64:N66),0) -> 19524
C69: Precio Unitario Total Aproximado al peso $ | O69: =ROUND(O67+O59,0) -> 84607 | S69: =+O69-'1.3'!H53 -> 0
H71: Firma
H72: Nombre:
H73: Representante legal del Contratista o su apoderado
H74: Matricula:
C76: OBSERVACIONES INTERVENTORÍA
C80: APROBACIÓN POR INTERVENTORÍA
C81: Nota 1: Cuando se trate de análisis de Precios Unitarios correspondientes a ítems de la propuesta económica aprobada, el Interventor aprueba el desglose de los componentes manteniendo el mismo Precio Unitario de cada ítem, cumpliendo con las especificaciones de construcción vigentes para el proyecto.
C83: Nota 2: Cuando se trate de análisis de Precios Unitarios de ítems no previstos, el Interventor aprueba el desglose y Precio Unitario de cada ítem no previsto, exigiendo la aplicación de los costos correspondientes a insumos y tarifas de la propuesta económica inicial cuando estén contemplados, cumpliendo con las especificaciones de construcción vigente para el proyecto.
H86: Firma
H87: Nombre:
H88: Representante legal del Interventor o su apoderado
H89: Matricula :

Sheet 2.1-7,2-10.1
A2: ='1.2'!A2 -> ANALISIS UNITARIOS | E2: ANÁLISIS DE PRECIOS UNITARIOS
J3: DETALLADO
D5: ALCALDIA DE NEIVA
A6: Items: | E6: UNIDAD : | G6: ITEM :
A7: SUMINISTRO Y APLICACION PINTURA VINILICA TIPO I SOBRE MURO , (Incluye sumistro Pintura, lijado y pintura (3manos) sobre muro ) | F7: M2 | J7: =+PPTO!D15 -> 648
A8: I. EQUIPO | J8: Valor ejecutado | K8: Cantidad | L8: % Parit
A9: Descripción | D9: Unidad | E9: Tarifa | F9: Rendimiento | G9: Valor-Unit.
A10: =MATER3 -> HERRAMIENTA MENOR | D10: =VLOOKUP(A10,EQUIPOS!B11:D49,2,FALSE) -> GLOBAL | E10: =VLOOKUP(A10,EQUIPOS!B11:D138,3,FALSE) -> 1000 | F10: 5 | G10: =E10/F10 -> 200 | J10: =G10*$J$7 -> 129600 | K10: =F10*$J$7 -> 3240 | L10: =G10/$H$45 -> 0.011515431
A11: =MATER1 -> ANDAMIO SECCION | D11: =VLOOKUP(A10,EQUIPOS!B11:D49,2,TRUE) -> DIA | E11: =VLOOKUP(A11,EQUIPOS!B11:D138,3,FALSE) -> 40000 | F11: 30 | G11: =E11/F11 -> 1333.3333 | J11: =G11*$J$7 -> 864000 | K11: =F11*$J$7 -> 19440 | L11: =G11/$H$45 -> 0.076769538
J12: =G12*$J$7 -> 0 | K12: =F12*$J$7 -> 0 | L12: =G12/$H$45 -> 0
J13: =G13*$J$7 -> 0 | K13: =F13*$J$7 -> 0 | L13: =G13/$H$45 -> 0
J14: =G14*$J$7 -> 0 | K14: =F14*$J$7 -> 0 | L14: =G14/$H$45 -> 0
J15: =G15*$J$7 -> 0 | K15: =F15*$J$7 -> 0 | L15: =G15/$H$45 -> 0
G16: Sub-Total | H16: =ROUND((SUM(G10:G15)),0) -> 1533 | J16: =SUM(J10:J15) -> 993600 | K16: =SUM(K10:K15) -> 22680 | L16: =SUM(L10:L15) -> 0.088284969
A17: II. MATERIALES EN OBRA
A18: Descripción | D18: Unidad | E18: Precio-Unit. | F18: Cantidad | G18: Valor-Unit.
A19: =MATER16 -> PINTURA EN VINILO TIPO 1 INTERIORES | D19: =VLOOKUP(A19,EQUIPOS!$B$11:$D$9117,2,FALSE) -> Galon | E19: 56000 | F19: 0.05 | G19: =F19*E19 -> 2800 | J19: =G19*$J$7 -> 1814400 | K19: =F19*$J$7 -> 32.4 | L19: =G19/$H$45 -> 0.16121603
A20: =MATER49 -> LIJA | D20: =VLOOKUP(A20,EQUIPOS!$B$11:$D$9117,2,FALSE) -> PLIEGO | E20: =+'ESTUDIO DE MERCADO-V2'!E115 -> 1900 | F20: 0.4 | G20: =F20*E20 -> 760 | J20: =G20*$J$7 -> 492480 | K20: =F20*$J$7 -> 259.2 | L20: =G20/$H$45 -> 0.043758637
A21: =mater97 -> RODILLO FELPA 4" | D21: =VLOOKUP(A21,EQUIPOS!$B$11:$D$9117,2,FALSE) -> UND | E21: 7000 | F21: 0.1 | G21: =F21*E21 -> 700 | J21: =G21*$J$7 -> 453600 | K21: =F21*$J$7 -> 64.8 | L21: =G21/$H$45 -> 0.040304007
J22: =G22*$J$7 -> 0 | K22: =F22*$J$7 -> 0 | L22: =G22/$H$45 -> 0
J23: =G23*$J$7 -> 0 | K23: =F23*$J$7 -> 0 | L23: =G23/$H$45 -> 0
J24: =G24*$J$7 -> 0 | K24: =F24*$J$7 -> 0 | L24: =G24/$H$45 -> 0
J25: =G25*$J$7 -> 0 | K25: =F25*$J$7 -> 0 | L25: =G25/$H$45 -> 0
G26: Sub-Total | H26: =ROUND((SUM(G19:G25)),0) -> 4260 | J26: =SUM(J19:J25) -> 2760480 | K26: =SUM(K19:K25) -> 356.4 | L26: =SUM(L19:L25) -> 0.24527867
A27: III. TRANSPORTES
A28: Material | C28: Unidad | D28: Distancia | E28: M3-Km | F28: Tarifa | G28: Valor-Unit.
A29: =EQPO9 -> CAMION | C29: =VLOOKUP(A29,EQUIPOS!$B$11:$D$995,2,FALSE) -> GLOBAL | D29: 0.001 | E29: 0.1 | F29: =VLOOKUP(A29,EQUIPOS!B11:D28,3,FALSE) -> 1000000 | G29: =ROUND(F29*E29*D29,0) -> 100 | J29: =G29*$J$7 -> 64800 | L29: =G29/$H$45 -> 0.0057577153
J30: =G30*$J$7 -> 0 | L30: =G30/$H$45 -> 0
J31: =G31*$J$7 -> 0 | L31: =G31/$H$45 -> 0
J32: =G32*$J$7 -> 0 | L32: =G32/$H$45 -> 0
G33: Sub-Total | H33: =ROUND((SUM(G29:G32)),0) -> 100 | J33: =SUM(J29:J32) -> 64800 | K33: =SUM(K29:K32) -> 0 | L33: =SUM(L29:L32) -> 0.0057577153
A34: IV. MANO DE OBRA
A35: Trabajador | B35: CANTIDAD | C35: Jornal | D35: Prestaciones % | E35: Jornal Total | F35: Rendimiento | G35: Valor-Unit.
A36: =OBRE1 -> OBRERO AYUDANTE | B36: 1 | C36: =VLOOKUP(A36,EQUIPOS!B11:D58,3,FALSE) -> 68000 | D36: 1.5 | E36: =B36*ROUND(D36*C36,0) -> 102000 | F36: 20 | G36: =ROUND(E36/F36,0) -> 5100 | J36: =G36*$J$7 -> 3304800 | K36: =B36*$J$7 -> 648 | L36: =G36/$H$45 -> 0.29364348
A37: =OBRE2 -> OFICIAL | B37: 1 | C37: =VLOOKUP(A37,EQUIPOS!B12:D59,3,FALSE) -> 85000 | D37: 1.5 | E37: =B37*ROUND(D37*C37,0) -> 127500 | F37: =F36 -> 20 | G37: =ROUND(E37/F37,0) -> 6375 | J37: =G37*$J$7 -> 4131000 | K37: =B37*$J$7 -> 648 | L37: =G37/$H$45 -> 0.36705435
J38: =G38*$J$7 -> 0 | K38: =B38*$J$7 -> 0 | L38: =G38/$H$45 -> 0
J39: =G39*$J$7 -> 0 | K39: =B39*$J$7 -> 0 | L39: =G39/$H$45 -> 0
J40: =G40*$J$7 -> 0 | K40: =B40*$J$7 -> 0 | L40: =G40/$H$45 -> 0
J41: =G41*$J$7 -> 0 | K41: =B41*$J$7 -> 0 | L41: =G41/$H$45 -> 0
J42: =G42*$J$7 -> 0 | K42: =B42*$J$7 -> 0 | L42: =G42/$H$45 -> 0
G43: Sub-Total | H43: =ROUND((SUM(G36:G42)),0) -> 11475 | J43: =SUM(J36:J42) -> 7435800 | K43: =SUM(K36:K42) -> 1296 | L43: =SUM(L36:L42) -> 0.66069784
E45: Total Costo Directo | H45: =ROUND((H43+H33+H26+H16),0) -> 17368 | J45: =+J43+J33+J26+J16 -> 11254680
A46: V. COSTOS INDIRECTOS
A47: Descripción | C47: . | F47: Porcentaje | G47: Valor Total
A48: ADMINISTRACION | F48: =+'1.1'!F48 -> 0.22 | G48: =ROUND(F48*$H$45,0) -> 3821
A49: IMPREVISTOS | F49: =+'1.1'!F49 -> 0.03 | G49: =ROUND(F49*$H$45,0) -> 521
A50: UTILIDAD | F50: =+'1.1'!F50 -> 0.05 | G50: =ROUND(F50*$H$45,0) -> 868
G51: Sub-Total | H51: =SUM(G48:G50) -> 5210 | J51: =J45*(1+AIU) -> 14631084
D53: Precio unitario total aproximado al peso | H53: =ROUND((H51+H45),0) -> 22578

Sheet 2,1-7,2-10,1
C3: Formulario 1 - Propuesta económica - Licitación de obra pública de infraestructura social
C4: Código | D4: CCE-EICP-FM-116 | E4: Versión | F4: 1
C6: [La Entidad podrá utilizar este Formato para la presentación de los análisis de Precios Unitarios del Contratista en la oportunidad prevista en el numeral 8.1. del Documento Base]
D9: ALCALDIA DE NEIVA
L10: VERSIÓN
L12: PÁGINA | M12: 1 | N12: DE | O12: 1
D14: ANÁLISIS DE PRECIOS UNITARIOS
L16: FECHA | M16: DD | N16: MM | O16: AA
M17: 16 | N17: 7 | O17: 2025
C18: ÍTEMS DE LA PROPUESTA ECONÓMICA
C22: DATOS ESPECÍFICOS
C24: ÍTEM | D24: DESCRIPCIÓN | M24: UNIDAD | O24: CANTIDAD
C25: 2.1 - 7.2 - 10.1 | D25: =+PPTO!B15 -> SUMINISTRO Y APLICACION PINTURA VINILICA TIPO I SOBRE MURO , (Incluye sumistro Pintura, lijado y pintura (3manos) sobre muro ) | N25: =+PPTO!C15 -> M2 | O25: =+PPTO!D15+PPTO!D61+PPTO!D79 -> 867
C26: I. EQUIPO
C29: DESCRIPCIÓN | H29: MARCA | J29: UND | L29: TARIFA/HORA | M29: RENDIMIENTO | O29: Vr. UNITARIO
C30: =+'2.1-7,2-10.1'!A10 -> HERRAMIENTA MENOR | J30: =+'2.1-7,2-10.1'!D10 -> GLOBAL | L30: =+'2.1-7,2-10.1'!E10 -> 1000 | M30: =+'2.1-7,2-10.1'!F10 -> 5 | O30: =L30/M30 -> 200
C31: =+'2.1-7,2-10.1'!A11 -> ANDAMIO SECCION | J31: =+'2.1-7,2-10.1'!D11 -> DIA | L31: =+'2.1-7,2-10.1'!E11 -> 40000 | M31: =+'2.1-7,2-10.1'!F11 -> 30 | O31: =L31/M31 -> 1333.3333
C33: SUBTOTAL $ | O33: =ROUND((SUM(O30:O32)),0) -> 1533
C34: II. MATERIALES
C37: DESCRIPCIÓN | K37: UNIDAD | L37: CANTIDAD | M37: PRECIO UNIT. | O37: Vr. UNITARIO
C38: =+'2.1-7,2-10.1'!A19 -> PINTURA EN VINILO TIPO 1 INTERIORES | K38: =+'2.1-7,2-10.1'!D19 -> Galon | L38: =+'2.1-7,2-10.1'!F19 -> 0.05 | M38: =+'2.1-7,2-10.1'!E19 -> 56000 | O38: =M38*L38 -> 2800
C39: =+'2.1-7,2-10.1'!A20 -> LIJA | K39: =+'2.1-7,2-10.1'!D20 -> PLIEGO | L39: =+'2.1-7,2-10.1'!F20 -> 0.4 | M39: =+'2.1-7,2-10.1'!E20 -> 1900 | O39: =M39*L39 -> 760
C40: =+'2.1-7,2-10.1'!A21 -> RODILLO FELPA 4" | K40: =+'2.1-7,2-10.1'!D21 -> UND | L40: =+'2.1-7,2-10.1'!F21 -> 0.1 | M40: =+'2.1-7,2-10.1'!E21 -> 7000 | O40: =M40*L40 -> 700
C41: SUBTOTAL $ | O41: =ROUND((SUM(O38:O40)),0) -> 4260
C42: III. TRANSPORTES
C45: MATERIAL | J45: Und | K45: DISTANCIA | L45: M3 o Ton/Km | M45: TARIFA | O45: Vr. UNITARIO
C46: =+'2.1-7,2-10.1'!A29 -> CAMION | J46: =+'2.1-7,2-10.1'!C29 -> GLOBAL | K46: =+'2.1-7,2-10.1'!D29 -> 0.001 | L46: =+'2.1-7,2-10.1'!E29 -> 0.1 | M46: =+'1.3'!F29 -> 1000000 | O46: =+M46*L46*K46 -> 100
C48: SUBTOTAL $ | O48: =ROUND((SUM(O46:O47)),0) -> 100
C49: IV. MANO DE OBRA
C52: TRABAJADOR | I52: Cant. | J52: JORNAL | K52: PRESTACIONES | L52: JORNAL TOTAL | M52: RENDIMIENTO | O52: Vr. UNITARIO
C53: =+'2.1-7,2-10.1'!A36 -> OBRERO AYUDANTE | I53: =+'2.1-7,2-10.1'!B36 -> 1 | J53: =+'2.1-7,2-10.1'!C36 -> 68000 | K53: =+'1.1'!D36 -> 1.5 | L53: =I53*ROUND(J53*K53,0) -> 102000 | M53: =+'2.1-7,2-10.1'!F36 -> 20 | O53: =ROUND(L53/M53,0) -> 5100
C54: =+'2.1-7,2-10.1'!A37 -> OFICIAL | I54: =+'2.1-7,2-10.1'!B37 -> 1 | J54: =+'2.1-7,2-10.1'!C37 -> 85000 | K54: =+K53 -> 1.5 | L54: =I54*ROUND(J54*K54,0) -> 127500 | M54: =+M53 -> 20 | O54: =ROUND(L54/M54,0) -> 6375
J55: =+'1.1'!C38 -> 0
J56: =+'1.1'!C39 -> 0
C57: SUBTOTAL $ | O57: =ROUND((SUM(O53:O56)),0) -> 11475
C59: TOTAL COSTO DIRECTO $ | O59: =ROUND((O57+O48+O41+O33),0) -> 17368
C60: V. COSTOS INDIRECTOS
C63: Descripción | L63: Porcentaje | M63: Valor Total
C64: ADMINISTRACION | L64: =+'1.1'!F48 -> 0.22 | M64: =ROUND(L64*$O$59,0) -> 3821
C65: IMPREVISTOS | L65: =+'1.1'!F49 -> 0.03 | M65: =ROUND(L65*$O$59,0) -> 521
C66: UTILIDAD | L66: =+'1.1'!F50 -> 0.05 | M66: =ROUND(L66*$O$59,0) -> 868
C67: SUBTOTAL $ | O67: =ROUND(SUM(M64:N66),0) -> 5210
C69: Precio Unitario Total Aproximado al peso $ | O69: =ROUND(O67+O59,0) -> 22578 | S69: =+O69-'2.1-7,2-10.1'!H53 -> 0
H71: Firma
H72: Nombre:
H73: Representante legal del Contratista o su apoderado
H74: Matricula:
C76: OBSERVACIONES INTERVENTORÍA
C80: APROBACIÓN POR INTERVENTORÍA
C81: Nota 1: Cuando se trate de análisis de Precios Unitarios correspondientes a ítems de la propuesta económica aprobada, el Interventor aprueba el desglose de los componentes manteniendo el mismo Precio Unitario de cada ítem, cumpliendo con las especificaciones de construcción vigentes para el proyecto.
C83: Nota 2: Cuando se trate de análisis de Precios Unitarios de ítems no previstos, el Interventor aprueba el desglose y Precio Unitario de cada ítem no previsto, exigiendo la aplicación de los costos correspondientes a insumos y tarifas de la propuesta económica inicial cuando estén contemplados, cumpliendo con las especificaciones de construcción vigente para el proyecto.
H86: Firma
H87: Nombre:
H88: Representante legal del Interventor o su apoderado
H89: Matricula :

Sheet 2.2-7,3-10.2
A2: ='1.2'!A2 -> ANALISIS UNITARIOS | E2: ANÁLISIS DE PRECIOS UNITARIOS
J3: DETALLADO
D5: ALCALDIA DE NEIVA
A6: Items: | E6: UNIDAD : | G6: ITEM :
A7: ESTUCO Y RESANE SOBRE MUROS O PLACA (Incluye el suministro, y aplicación estuco mas lijado ) | F7: M2 | J7: =+VLOOKUP(A7,PRESUPUESTO4!B9:F35,3,FALSE) -> 200
A8: I. EQUIPO | J8: Valor ejecutado | K8: Cantidad | L8: % Parit
A9: Descripción | D9: Unidad | E9: Tarifa | F9: Rendimiento | G9: Valor-Unit.
A10: =MATER3 -> HERRAMIENTA MENOR | D10: =VLOOKUP(A10,EQUIPOS!B11:D49,2,FALSE) -> GLOBAL | E10: =VLOOKUP(A10,EQUIPOS!B11:D138,3,FALSE) -> 1000 | F10: 1 | G10: =E10/F10 -> 1000 | J10: =G10*$J$7 -> 200000 | K10: =F10*$J$7 -> 200 | L10: =G10/$H$45 -> 0.078064012
A11: =MATER1 -> ANDAMIO SECCION | D11: =VLOOKUP(A10,EQUIPOS!B11:D49,2,TRUE) -> DIA | E11: =VLOOKUP(A11,EQUIPOS!B11:D138,3,FALSE) -> 40000 | F11: 20 | G11: =E11/F11 -> 2000 | J11: =G11*$J$7 -> 400000 | K11: =F11*$J$7 -> 4000 | L11: =G11/$H$45 -> 0.15612802
J12: =G12*$J$7 -> 0 | K12: =F12*$J$7 -> 0 | L12: =G12/$H$45 -> 0
J13: =G13*$J$7 -> 0 | K13: =F13*$J$7 -> 0 | L13: =G13/$H$45 -> 0
J14: =G14*$J$7 -> 0 | K14: =F14*$J$7 -> 0 | L14: =G14/$H$45 -> 0
J15: =G15*$J$7 -> 0 | K15: =F15*$J$7 -> 0 | L15: =G15/$H$45 -> 0
G16: Sub-Total | H16: =ROUND((SUM(G10:G15)),0) -> 3000 | J16: =SUM(J10:J15) -> 600000 | K16: =SUM(K10:K15) -> 4200 | L16: =SUM(L10:L15) -> 0.23419204
A17: II. MATERIALES EN OBRA
A18: Descripción | D18: Unidad | E18: Precio-Unit. | F18: Cantidad | G18: Valor-Unit.
A19: =MATER17 -> ESTUCO PLASTICO | D19: =VLOOKUP(A19,EQUIPOS!$B$11:$D$995,2,FALSE) -> GALON | E19: 10100 | F19: 0.1 | G19: =F19*E19 -> 1010 | J19: =G19*$J$7 -> 202000 | K19: =F19*$J$7 -> 20 | L19: =G19/$H$45 -> 0.078844653
A20: =MATER49 -> LIJA | D20: =VLOOKUP(A20,EQUIPOS!$B$11:$D$99,2,FALSE) -> PLIEGO | E20: =+'ESTUDIO DE MERCADO-V2'!E115 -> 1900 | F20: 0.5 | G20: =F20*E20 -> 950 | J20: =G20*$J$7 -> 190000 | K20: =F20*$J$7 -> 100 | L20: =G20/$H$45 -> 0.074160812
J21: =G21*$J$7 -> 0 | K21: =F21*$J$7 -> 0 | L21: =G21/$H$45 -> 0
J22: =G22*$J$7 -> 0 | K22: =F22*$J$7 -> 0 | L22: =G22/$H$45 -> 0
J23: =G23*$J$7 -> 0 | K23: =F23*$J$7 -> 0 | L23: =G23/$H$45 -> 0
J24: =G24*$J$7 -> 0 | K24: =F24*$J$7 -> 0 | L24: =G24/$H$45 -> 0
J25: =G25*$J$7 -> 0 | K25: =F25*$J$7 -> 0 | L25: =G25/$H$45 -> 0
G26: Sub-Total | H26: =ROUND((SUM(G19:G25)),0) -> 1960 | J26: =SUM(J19:J25) -> 392000 | K26: =SUM(K19:K25) -> 120 | L26: =SUM(L19:L25) -> 0.15300546
A27: III. TRANSPORTES
A28: Material | C28: Unidad | D28: Distancia | E28: M3-Km | F28: Tarifa | G28: Valor-Unit.
A29: =EQPO9 -> CAMION | C29: =VLOOKUP(A29,EQUIPOS!$B$11:$D$995,2,FALSE) -> GLOBAL | D29: 0.001 | E29: 0.2 | F29: =VLOOKUP(A29,EQUIPOS!B11:D28,3,FALSE) -> 1000000 | G29: =ROUND(F29*E29*D29,0) -> 200 | J29: =G29*$J$7 -> 40000 | L29: =G29/$H$45 -> 0.015612802
J30: =G30*$J$7 -> 0 | L30: =G30/$H$45 -> 0
J31: =G31*$J$7 -> 0 | L31: =G31/$H$45 -> 0
J32: =G32*$J$7 -> 0 | L32: =G32/$H$45 -> 0
G33: Sub-Total | H33: =ROUND((SUM(G29:G32)),0) -> 200 | J33: =SUM(J29:J32) -> 40000 | K33: =SUM(K29:K32) -> 0 | L33: =SUM(L29:L32) -> 0.015612802
A34: IV. MANO DE OBRA
A35: Trabajador | B35: CANTIDAD | C35: Jornal | D35: Prestaciones % | E35: Jornal Total | F35: Rendimiento | G35: Valor-Unit.
A36: =OBRE1 -> OBRERO AYUDANTE | B36: 1 | C36: =VLOOKUP(A36,EQUIPOS!B11:D58,3,FALSE) -> 68000 | D36: 1.5 | E36: =B36*ROUND(D36*C36,0) -> 102000 | F36: 30 | G36: =ROUND(E36/F36,0) -> 3400 | J36: =G36*$J$7 -> 680000 | K36: =B36*$J$7 -> 200 | L36: =G36/$H$45 -> 0.26541764
A37: =OBRE2 -> OFICIAL | B37: 1 | C37: =VLOOKUP(A37,EQUIPOS!B12:D59,3,FALSE) -> 85000 | D37: 1.5 | E37: =B37*ROUND(D37*C37,0) -> 127500 | F37: =F36 -> 30 | G37: =ROUND(E37/F37,0) -> 4250 | J37: =G37*$J$7 -> 850000 | K37: =B37*$J$7 -> 200 | L37: =G37/$H$45 -> 0.33177205
J38: =G38*$J$7 -> 0 | K38: =B38*$J$7 -> 0 | L38: =G38/$H$45 -> 0
J39: =G39*$J$7 -> 0 | K39: =B39*$J$7 -> 0 | L39: =G39/$H$45 -> 0
J40: =G40*$J$7 -> 0 | K40: =B40*$J$7 -> 0 | L40: =G40/$H$45 -> 0
J41: =G41*$J$7 -> 0 | K41: =B41*$J$7 -> 0 | L41: =G41/$H$45 -> 0
J42: =G42*$J$7 -> 0 | K42: =B42*$J$7 -> 0 | L42: =G42/$H$45 -> 0
G43: Sub-Total | H43: =ROUND((SUM(G36:G42)),0) -> 7650 | J43: =SUM(J36:J42) -> 1530000 | K43: =SUM(K36:K42) -> 400 | L43: =SUM(L36:L42) -> 0.5971897
E45: Total Costo Directo | H45: =ROUND((H43+H33+H26+H16),0) -> 12810 | J45: =+J43+J33+J26+J16 -> 2562000
A46: V. COSTOS INDIRECTOS
A47: Descripción | C47: . | F47: Porcentaje | G47: Valor Total
A48: ADMINISTRACION | F48: =+'1.1'!F48 -> 0.22 | G48: =ROUND(F48*$H$45,0) -> 2818
A49: IMPREVISTOS | F49: =+'1.1'!F49 -> 0.03 | G49: =ROUND(F49*$H$45,0) -> 384
A50: UTILIDAD | F50: =+'1.1'!F50 -> 0.05 | G50: =ROUND(F50*$H$45,0) -> 641
G51: Sub-Total | H51: =SUM(G48:G50) -> 3843 | J51: =J45*(1+AIU) -> 3330600
D53: Precio unitario total aproximado al peso | H53: =ROUND((H51+H45),0) -> 16653

Sheet 2,2-7,3-10,2
C3: Formulario 1 - Propuesta económica - Licitación de obra pública de infraestructura social
C4: Código | D4: CCE-EICP-FM-116 | E4: Versión | F4: 1
C6: [La Entidad podrá utilizar este Formato para la presentación de los análisis de Precios Unitarios del Contratista en la oportunidad prevista en el numeral 8.1. del Documento Base]
D9: ALCALDIA DE NEIVA
L10: VERSIÓN
L12: PÁGINA | M12: 1 | N12: DE | O12: 1
D14: ANÁLISIS DE PRECIOS UNITARIOS
L16: FECHA | M16: DD | N16: MM | O16: AA
M17: 16 | N17: 7 | O17: 2025
C18: ÍTEMS DE LA PROPUESTA ECONÓMICA
C22: DATOS ESPECÍFICOS
C24: ÍTEM | D24: DESCRIPCIÓN | M24: UNIDAD | O24: CANTIDAD
C25: 2.2-7.3-10.2 | D25: =+PPTO!B16 -> ESTUCO Y RESANE SOBRE MUROS O PLACA (Incluye el suministro, y aplicación estuco mas lijado ) | N25: =+PPTO!C16 -> M2 | O25: =+PPTO!D16+PPTO!D62+PPTO!D80 -> 453
C26: I. EQUIPO
C29: DESCRIPCIÓN | H29: MARCA | J29: UND | L29: TARIFA | M29: RENDIMIENTO | O29: Vr. UNITARIO
C30: =+'2.2-7,3-10.2'!A10 -> HERRAMIENTA MENOR | J30: =+'2.2-7,3-10.2'!D10 -> GLOBAL | L30: =+'2.2-7,3-10.2'!E10 -> 1000 | M30: =+'2.2-7,3-10.2'!F10 -> 1 | O30: =L30/M30 -> 1000
C31: =+'2.2-7,3-10.2'!A11 -> ANDAMIO SECCION | J31: =+'2.2-7,3-10.2'!D11 -> DIA | L31: =+'2.2-7,3-10.2'!E11 -> 40000 | M31: =+'2.2-7,3-10.2'!F11 -> 20 | O31: =L31/M31 -> 2000
C33: SUBTOTAL $ | O33: =ROUND((SUM(O30:O32)),0) -> 3000
C34: II. MATERIALES
C37: DESCRIPCIÓN | K37: UNIDAD | L37: CANTIDAD | M37: PRECIO UNIT. | O37: Vr. UNITARIO
C38: =+'2.2-7,3-10.2'!A19 -> ESTUCO PLASTICO | K38: =+'2.2-7,3-10.2'!D19 -> GALON | L38: =+'2.2-7,3-10.2'!F19 -> 0.1 | M38: =+'2.2-7,3-10.2'!E19 -> 10100 | O38: =M38*L38 -> 1010
C39: =+'2.2-7,3-10.2'!A20 -> LIJA | K39: =+'2.2-7,3-10.2'!D20 -> PLIEGO | L39: =+'2.2-7,3-10.2'!F20 -> 0.5 | M39: =+'2.2-7,3-10.2'!E20 -> 1900 | O39: =M39*L39 -> 950
C41: SUBTOTAL $ | O41: =ROUND((SUM(O38:O40)),0) -> 1960
C42: III. TRANSPORTES
C45: MATERIAL | J45: Und | K45: DISTANCIA | L45: M3 o Ton/Km | M45: TARIFA | O45: Vr. UNITARIO
C46: =+'2.2-7,3-10.2'!A29 -> CAMION | J46: =+'2.2-7,3-10.2'!C29 -> GLOBAL | K46: =+'2.2-7,3-10.2'!D29 -> 0.001 | L46: =+'2.2-7,3-10.2'!E29 -> 0.2 | M46: =+'1.3'!F29 -> 1000000 | O46: =+M46*L46*K46 -> 200
C48: SUBTOTAL $ | O48: =ROUND((SUM(O46:O47)),0) -> 200
C49: IV. MANO DE OBRA
C52: TRABAJADOR | I52: Cant. | J52: JORNAL | K52: PRESTACIONES | L52: JORNAL TOTAL | M52: RENDIMIENTO | O52: Vr. UNITARIO
C53: =+'2.2-7,3-10.2'!A36 -> OBRERO AYUDANTE | I53: =+'2.2-7,3-10.2'!B36 -> 1 | J53: =+'2.1-7,2-10.1'!C36 -> 68000 | K53: =+'1.1'!D36 -> 1.5 | L53: =I53*ROUND(J53*K53,0) -> 102000 | M53: =+'2.2-7,3-10.2'!F36 -> 30 | O53: =ROUND(L53/M53,0) -> 3400
C54: =+'2.2-7,3-10.2'!A37 -> OFICIAL | I54: =+'2.2-7,3-10.2'!B37 -> 1 | J54: =+'2.1-7,2-10.1'!C37 -> 85000 | K54: =+K53 -> 1.5 | L54: =I54*ROUND(J54*K54,0) -> 127500 | M54: =+M53 -> 30 | O54: =ROUND(L54/M54,0) -> 4250
J55: =+'1.1'!C38 -> 0
J56: =+'1.1'!C39 -> 0
C57: SUBTOTAL $ | O57: =ROUND((SUM(O53:O56)),0) -> 7650
C59: TOTAL COSTO DIRECTO $ | O59: =ROUND((O57+O48+O41+O33),0) -> 12810
C60: V. COSTOS INDIRECTOS
C63: Descripción | L63: Porcentaje | M63: Valor Total
C64: ADMINISTRACION | L64: =+'1.1'!F48 -> 0.22 | M64: =ROUND(L64*$O$59,0) -> 2818
C65: IMPREVISTOS | L65: =+'1.1'!F49 -> 0.03 | M65: =ROUND(L65*$O$59,0) -> 384
C66: UTILIDAD | L66: =+'1.1'!F50 -> 0.05 | M66: =ROUND(L66*$O$59,0) -> 641
C67: SUBTOTAL $ | O67: =ROUND(SUM(M64:N66),0) -> 3843
C69: Precio Unitario Total Aproximado al peso $ | O69: =ROUND(O67+O59,0) -> 16653 | S69: =+O69-'2.2-7,3-10.2'!H53 -> 0
H71: Firma
H72: Nombre:
H73: Representante legal del Contratista o su apoderado
H74: Matricula:
C76: OBSERVACIONES INTERVENTORÍA
C80: APROBACIÓN POR INTERVENTORÍA
C81: Nota 1: Cuando se trate de análisis de Precios Unitarios correspondientes a ítems de la propuesta económica aprobada, el Interventor aprueba el desglose de los componentes manteniendo el mismo Precio Unitario de cada ítem, cumpliendo con las especificaciones de construcción vigentes para el proyecto.
C83: Nota 2: Cuando se trate de análisis de Precios Unitarios de ítems no previstos, el Interventor aprueba el desglose y Precio Unitario de cada ítem no previsto, exigiendo la aplicación de los costos correspondientes a insumos y tarifas de la propuesta económica inicial cuando estén contemplados, cumpliendo con las especificaciones de construcción vigente para el proyecto.
H86: Firma
H87: Nombre:
H88: Representante legal del Interventor o su apoderado
H89: Matricula :

Sheet 2.3-10.3
A2: ='1.2'!A2 -> ANALISIS UNITARIOS | E2: ANÁLISIS DE PRECIOS UNITARIOS
J3: DETALLADO
D5: ALCALDIA DE NEIVA
A6: Items: | E6: UNIDAD : | G6: ITEM :
A7: SUMINISTRO Y APLICACION PINTURA GUARDAESCOBA (Incluye sumistro Pintura, lijado y pintura sobre muro) | F7: ML | J7: =+PPTO!D20 -> 44.2
A8: I. EQUIPO | J8: Valor ejecutado | K8: Cantidad | L8: % Parit
A9: Descripción | D9: Unidad | E9: Tarifa | F9: Rendimiento | G9: Valor-Unit.
A10: =MATER3 -> HERRAMIENTA MENOR | D10: =VLOOKUP(A10,EQUIPOS!B11:D49,2,FALSE) -> GLOBAL | E10: =VLOOKUP(A10,EQUIPOS!B11:D138,3,FALSE) -> 1000 | F10: 15 | G10: =E10/F10 -> 66.666667 | J10: =G10*$J$7 -> 2946.6667 | K10: =F10*$J$7 -> 663 | L10: =G10/$H$45 -> 0.0089956371
J11: =G11*$J$7 -> 0 | K11: =F11*$J$7 -> 0 | L11: =G11/$H$45 -> 0
J12: =G12*$J$7 -> 0 | K12: =F12*$J$7 -> 0 | L12: =G12/$H$45 -> 0
J13: =G13*$J$7 -> 0 | K13: =F13*$J$7 -> 0 | L13: =G13/$H$45 -> 0
J14: =G14*$J$7 -> 0 | K14: =F14*$J$7 -> 0 | L14: =G14/$H$45 -> 0
J15: =G15*$J$7 -> 0 | K15: =F15*$J$7 -> 0 | L15: =G15/$H$45 -> 0
G16: Sub-Total | H16: =ROUND((SUM(G10:G15)),0) -> 67 | J16: =SUM(J10:J15) -> 2946.6667 | K16: =SUM(K10:K15) -> 663 | L16: =SUM(L10:L15) -> 0.0089956371
A17: II. MATERIALES EN OBRA
A18: Descripción | D18: Unidad | E18: Precio-Unit. | F18: Cantidad | G18: Valor-Unit.
A19: =MATER15 -> PINTURA ESMLTE (ACEITE) | D19: =VLOOKUP(A19,EQUIPOS!$B$11:$D$99,2,FALSE) -> GALON | E19: 65000 | F19: 0.025 | G19: =F19*E19 -> 1625 | J19: =G19*$J$7 -> 71825 | K19: =F19*$J$7 -> 1.105 | L19: =G19/$H$45 -> 0.21926865
A20: =MATER49 -> LIJA | D20: =VLOOKUP(A20,EQUIPOS!$B$11:$D$99,2,FALSE) -> PLIEGO | E20: =+'2.1-7,2-10.1'!E20 -> 1900 | F20: 0.4 | G20: =F20*E20 -> 760 | J20: =G20*$J$7 -> 33592 | K20: =F20*$J$7 -> 17.68 | L20: =G20/$H$45 -> 0.10255026
A21: =MATER48 -> DISOLVENTE | D21: =VLOOKUP(A21,EQUIPOS!$B$11:$D$99,2,FALSE) -> GALON | E21: 36900 | F21: 0.01 | G21: =F21*E21 -> 369 | J21: =G21*$J$7 -> 16309.8 | K21: =F21*$J$7 -> 0.442 | L21: =G21/$H$45 -> 0.049790851
J22: =G22*$J$7 -> 0 | K22: =F22*$J$7 -> 0 | L22: =G22/$H$45 -> 0
J23: =G23*$J$7 -> 0 | K23: =F23*$J$7 -> 0 | L23: =G23/$H$45 -> 0
J24: =G24*$J$7 -> 0 | K24: =F24*$J$7 -> 0 | L24: =G24/$H$45 -> 0
J25: =G25*$J$7 -> 0 | K25: =F25*$J$7 -> 0 | L25: =G25/$H$45 -> 0
G26: Sub-Total | H26: =ROUND((SUM(G19:G25)),0) -> 2754 | J26: =SUM(J19:J25) -> 121726.8 | K26: =SUM(K19:K25) -> 19.227 | L26: =SUM(L19:L25) -> 0.37160977
A27: III. TRANSPORTES
A28: Material | C28: Unidad | D28: Distancia | E28: M3-Km | F28: Tarifa | G28: Valor-Unit.
G29: =ROUND(F29*E29*D29*C29,0) -> 0 | J29: =G29*$J$7 -> 0 | L29: =G29/$H$45 -> 0
J30: =G30*$J$7 -> 0 | L30: =G30/$H$45 -> 0
J31: =G31*$J$7 -> 0 | L31: =G31/$H$45 -> 0
J32: =G32*$J$7 -> 0 | L32: =G32/$H$45 -> 0
G33: Sub-Total | H33: =ROUND((SUM(G29:G32)),0) -> 0 | J33: =SUM(J29:J32) -> 0 | K33: =SUM(K29:K32) -> 0 | L33: =SUM(L29:L32) -> 0
A34: IV. MANO DE OBRA
A35: Trabajador | B35: CANTIDAD | C35: Jornal | D35: Prestaciones % | E35: Jornal Total | F35: Rendimiento | G35: Valor-Unit.
A36: =OBRE1 -> OBRERO AYUDANTE | B36: 1 | C36: =VLOOKUP(A36,EQUIPOS!B11:D58,3,FALSE) -> 68000 | D36: 1.5 | E36: =B36*ROUND(D36*C36,0) -> 102000 | F36: 50 | G36: =ROUND(E36/F36,0) -> 2040 | J36: =G36*$J$7 -> 90168 | K36: =B36*$J$7 -> 44.2 | L36: =G36/$H$45 -> 0.2752665
A37: =OBRE2 -> OFICIAL | B37: 1 | C37: =VLOOKUP(A37,EQUIPOS!B12:D59,3,FALSE) -> 85000 | D37: 1.5 | E37: =B37*ROUND(D37*C37,0) -> 127500 | F37: =F36 -> 50 | G37: =ROUND(E37/F37,0) -> 2550 | J37: =G37*$J$7 -> 112710 | K37: =B37*$J$7 -> 44.2 | L37: =G37/$H$45 -> 0.34408312
J38: =G38*$J$7 -> 0 | K38: =B38*$J$7 -> 0 | L38: =G38/$H$45 -> 0
J39: =G39*$J$7 -> 0 | K39: =B39*$J$7 -> 0 | L39: =G39/$H$45 -> 0
J40: =G40*$J$7 -> 0 | K40: =B40*$J$7 -> 0 | L40: =G40/$H$45 -> 0
J41: =G41*$J$7 -> 0 | K41: =B41*$J$7 -> 0 | L41: =G41/$H$45 -> 0
J42: =G42*$J$7 -> 0 | K42: =B42*$J$7 -> 0 | L42: =G42/$H$45 -> 0
G43: Sub-Total | H43: =ROUND((SUM(G36:G42)),0) -> 4590 | J43: =SUM(J36:J42) -> 202878 | K43: =SUM(K36:K42) -> 88.4 | L43: =SUM(L36:L42) -> 0.61934962
E45: Total Costo Directo | H45: =ROUND((H43+H33+H26+H16),0) -> 7411 | J45: =+J43+J33+J26+J16 -> 327551.47
A46: =+'2.1-7,2-10.1'!D5 -> ALCALDIA DE NEIVA
A47: Descripción | C47: . | F47: Porcentaje | G47: Valor Total
A48: ADMINISTRACION | F48: =+'1.1'!F48 -> 0.22 | G48: =ROUND(F48*$H$45,0) -> 1630
A49: IMPREVISTOS | F49: =+'1.1'!F49 -> 0.03 | G49: =ROUND(F49*$H$45,0) -> 222
A50: UTILIDAD | F50: =+'1.1'!F50 -> 0.05 | G50: =ROUND(F50*$H$45,0) -> 371
G51: Sub-Total | H51: =SUM(G48:G50) -> 2223 | J51: =J45*(1+AIU) -> 425816.91
D53: Precio unitario total aproximado al peso | H53: =ROUND((H51+H45),0) -> 9634

Sheet 2,3-10,3
C3: Formulario 1 - Propuesta económica - Licitación de obra pública de infraestructura social
C4: Código | D4: CCE-EICP-FM-116 | E4: Versión | F4: 1
C6: [La Entidad podrá utilizar este Formato para la presentación de los análisis de Precios Unitarios del Contratista en la oportunidad prevista en el numeral 8.1. del Documento Base]
D9: ALCALDIA DE NEIVA
L10: VERSIÓN
L12: PÁGINA | M12: 1 | N12: DE | O12: 1
D14: ANÁLISIS DE PRECIOS UNITARIOS
L16: FECHA | M16: DD | N16: MM | O16: AA
M17: 16 | N17: 7 | O17: 2025
C18: ÍTEMS DE LA PROPUESTA ECONÓMICA
C22: DATOS ESPECÍFICOS
C24: ÍTEM | D24: DESCRIPCIÓN | M24: UNIDAD | O24: CANTIDAD
C25: 2.3-10.3 | D25: =+PPTO!B17 -> SUMINISTRO Y APLICACION PINTURA GUARDAESCOBA (Incluye sumistro Pintura, lijado y pintura sobre muro) | N25: =+PPTO!C17 -> ML | O25: =+PPTO!D17+PPTO!D81 -> 356
C26: I. EQUIPO
C29: DESCRIPCIÓN | H29: MARCA | J29: UND | L29: TARIFA | M29: RENDIMIENTO | O29: Vr. UNITARIO
C30: =+'2.3-10.3'!A10 -> HERRAMIENTA MENOR | J30: =+'2.3-10.3'!D10 -> GLOBAL | L30: =+'2.3-10.3'!E10 -> 1000 | M30: =+'2.3-10.3'!F10 -> 15 | O30: =L30/M30 -> 66.666667
C33: SUBTOTAL $ | O33: =ROUND((SUM(O30:O32)),0) -> 67
C34: II. MATERIALES
C37: DESCRIPCIÓN | K37: UNIDAD | L37: CANTIDAD | M37: PRECIO UNIT. | O37: Vr. UNITARIO
C38: =+'2.3-10.3'!A19 -> PINTURA ESMLTE (ACEITE) | K38: =+'2.3-10.3'!D19 -> GALON | L38: =+'2.3-10.3'!F19 -> 0.025 | M38: =+'2.3-10.3'!E19 -> 65000 | O38: =M38*L38 -> 1625
C39: =+'2.3-10.3'!A20 -> LIJA | K39: =+'2.3-10.3'!D20 -> PLIEGO | L39: =+'2.3-10.3'!F20 -> 0.4 | M39: =+'2.3-10.3'!E20 -> 1900 | O39: =M39*L39 -> 760
C40: =+'2.3-10.3'!A21 -> DISOLVENTE | K40: =+'2.3-10.3'!D21 -> GALON | L40: =+'2.3-10.3'!F21 -> 0.01 | M40: =+'2.3-10.3'!E21 -> 36900 | O40: =M40*L40 -> 369
C41: SUBTOTAL $ | O41: =ROUND((SUM(O38:O40)),0) -> 2754
C42: III. TRANSPORTES
C45: MATERIAL | J45: Und | K45: DISTANCIA | L45: M3 o Ton/Km | M45: TARIFA | O45: Vr. UNITARIO
C48: SUBTOTAL $ | O48: =ROUND((SUM(O46:O47)),0) -> 0
C49: IV. MANO DE OBRA
C52: TRABAJADOR | I52: Cant. | J52: JORNAL | K52: PRESTACIONES | L52: JORNAL TOTAL | M52: RENDIMIENTO | O52: Vr. UNITARIO
C53: =+'2.3-10.3'!A36 -> OBRERO AYUDANTE | I53: =+'2.3-10.3'!B36 -> 1 | J53: =+'2.1-7,2-10.1'!C36 -> 68000 | K53: =+'1.1'!D36 -> 1.5 | L53: =I53*ROUND(J53*K53,0) -> 102000 | M53: =+'2.3-10.3'!F36 -> 50 | O53: =ROUND(L53/M53,0) -> 2040
C54: =+'2.3-10.3'!A37 -> OFICIAL | I54: =+'2.3-10.3'!B37 -> 1 | J54: =+'2.1-7,2-10.1'!C37 -> 85000 | K54: =+K53 -> 1.5 | L54: =I54*ROUND(J54*K54,0) -> 127500 | M54: =+M53 -> 50 | O54: =ROUND(L54/M54,0) -> 2550
J55: =+'1.1'!C38 -> 0
J56: =+'1.1'!C39 -> 0
C57: SUBTOTAL $ | O57: =ROUND((SUM(O53:O56)),0) -> 4590
C59: TOTAL COSTO DIRECTO $ | O59: =ROUND((O57+O48+O41+O33),0) -> 7411
C60: V. COSTOS INDIRECTOS
C63: Descripción | L63: Porcentaje | M63: Valor Total
C64: ADMINISTRACION | L64: =+'1.1'!F48 -> 0.22 | M64: =ROUND(L64*$O$59,0) -> 1630
C65: IMPREVISTOS | L65: =+'1.1'!F49 -> 0.03 | M65: =ROUND(L65*$O$59,0) -> 222
C66: UTILIDAD | L66: =+'1.1'!F50 -> 0.05 | M66: =ROUND(L66*$O$59,0) -> 371
C67: SUBTOTAL $ | O67: =ROUND(SUM(M64:N66),0) -> 2223
C69: Precio Unitario Total Aproximado al peso $ | O69: =ROUND(O67+O59,0) -> 9634 | S69: =+O69-'2.3-10.3'!H53 -> 0
H71: Firma
H72: Nombre:
H73: Representante legal del Contratista o su apoderado
H74: Matricula:
C76: OBSERVACIONES INTERVENTORÍA
C80: APROBACIÓN POR INTERVENTORÍA
C81: Nota 1: Cuando se trate de análisis de Precios Unitarios correspondientes a ítems de la propuesta económica aprobada, el Interventor aprueba el desglose de los componentes manteniendo el mismo Precio Unitario de cada ítem, cumpliendo con las especificaciones de construcción vigentes para el proyecto.
C83: Nota 2: Cuando se trate de análisis de Precios Unitarios de ítems no previstos, el Interventor aprueba el desglose y Precio Unitario de cada ítem no previsto, exigiendo la aplicación de los costos correspondientes a insumos y tarifas de la propuesta económica inicial cuando estén contemplados, cumpliendo con las especificaciones de construcción vigente para el proyecto.
H86: Firma
H87: Nombre:
H88: Representante legal del Interventor o su apoderado
H89: Matricula :

Sheet 2.4-10.4
A2: ='1.2'!A2 -> ANALISIS UNITARIOS | E2: ANÁLISIS DE PRECIOS UNITARIOS
J3: DETALLADO
D5: ALCALDIA DE NEIVA
A6: Items: | E6: UNIDAD : | G6: ITEM :
A7: PINTURA TIPO I SOBRE PLACA (Incluye sumistro, lijado y pintura sobre Placa o ciel raso) | F7: M2 | J7: =+PPTO!D18 -> 415
A8: I. EQUIPO | J8: Valor ejecutado | K8: Cantidad | L8: % Parit
A9: Descripción | D9: Unidad | E9: Tarifa | F9: Rendimiento | G9: Valor-Unit.
A10: =MATER3 -> HERRAMIENTA MENOR | D10: =VLOOKUP(A10,EQUIPOS!B11:D49,2,FALSE) -> GLOBAL | E10: =VLOOKUP(A10,EQUIPOS!B11:D138,3,FALSE) -> 1000 | F10: 5 | G10: =E10/F10 -> 200 | J10: =G10*$J$7 -> 83000 | K10: =F10*$J$7 -> 2075 | L10: =G10/$H$45 -> 0.010751532
A11: =MATER1 -> ANDAMIO SECCION | D11: =VLOOKUP(A11,EQUIPOS!B12:D50,2,FALSE) -> DIA | E11: =VLOOKUP(A11,EQUIPOS!B12:D139,3,FALSE) -> 40000 | F11: 24 | G11: =E11/F11 -> 1666.6667 | J11: =G11*$J$7 -> 691666.67 | K11: =F11*$J$7 -> 9960 | L11: =G11/$H$45 -> 0.089596101
J12: =G12*$J$7 -> 0 | K12: =F12*$J$7 -> 0 | L12: =G12/$H$45 -> 0
J13: =G13*$J$7 -> 0 | K13: =F13*$J$7 -> 0 | L13: =G13/$H$45 -> 0
J14: =G14*$J$7 -> 0 | K14: =F14*$J$7 -> 0 | L14: =G14/$H$45 -> 0
J15: =G15*$J$7 -> 0 | K15: =F15*$J$7 -> 0 | L15: =G15/$H$45 -> 0
G16: Sub-Total | H16: =ROUND((SUM(G10:G15)),0) -> 1867 | J16: =SUM(J10:J15) -> 774666.67 | K16: =SUM(K10:K15) -> 12035 | L16: =SUM(L10:L15) -> 0.10034763
A17: II. MATERIALES EN OBRA
A18: Descripción | D18: Unidad | E18: Precio-Unit. | F18: Cantidad | G18: Valor-Unit.
A19: =MATER16 -> PINTURA EN VINILO TIPO 1 INTERIORES | D19: =VLOOKUP(A19,EQUIPOS!$B$11:$D$9117,2,FALSE) -> Galon | E19: =+'2.1-7,2-10.1'!E19 -> 56000 | F19: 0.05 | G19: =F19*E19 -> 2800 | J19: =G19*$J$7 -> 1162000 | K19: =F19*$J$7 -> 20.75 | L19: =G19/$H$45 -> 0.15052145
A20: =MATER49 -> LIJA | D20: =VLOOKUP(A20,EQUIPOS!$B$11:$D$9117,2,FALSE) -> PLIEGO | E20: =+'2.1-7,2-10.1'!E20 -> 1900 | F20: 0.4 | G20: =F20*E20 -> 760 | J20: =G20*$J$7 -> 315400 | K20: =F20*$J$7 -> 166 | L20: =G20/$H$45 -> 0.040855822
A21: =mater97 -> RODILLO FELPA 4" | D21: =VLOOKUP(A21,EQUIPOS!$B$11:$D$9117,2,FALSE) -> UND | E21: =+'2.1-7,2-10.1'!E21 -> 7000 | F21: 0.1 | G21: =F21*E21 -> 700 | J21: =G21*$J$7 -> 290500 | K21: =F21*$J$7 -> 41.5 | L21: =G21/$H$45 -> 0.037630362
J22: =G22*$J$7 -> 0 | K22: =F22*$J$7 -> 0 | L22: =G22/$H$45 -> 0
J23: =G23*$J$7 -> 0 | K23: =F23*$J$7 -> 0 | L23: =G23/$H$45 -> 0
J24: =G24*$J$7 -> 0 | K24: =F24*$J$7 -> 0 | L24: =G24/$H$45 -> 0
J25: =G25*$J$7 -> 0 | K25: =F25*$J$7 -> 0 | L25: =G25/$H$45 -> 0
G26: Sub-Total | H26: =ROUND((SUM(G19:G25)),0) -> 4260 | J26: =SUM(J19:J25) -> 1767900 | K26: =SUM(K19:K25) -> 228.25 | L26: =SUM(L19:L25) -> 0.22900763
A27: III. TRANSPORTES
A28: Material | C28: Unidad | D28: Distancia | E28: M3-Km | F28: Tarifa | G28: Valor-Unit.
A29: =EQPO9 -> CAMION | C29: =VLOOKUP(A29,EQUIPOS!$B$11:$D$995,2,FALSE) -> GLOBAL | D29: 0.01 | E29: 0.1 | F29: =VLOOKUP(A29,EQUIPOS!B11:D28,3,FALSE) -> 1000000 | G29: =ROUND(F29*E29*D29,0) -> 1000 | J29: =G29*$J$7 -> 415000 | L29: =G29/$H$45 -> 0.05375766
J30: =G30*$J$7 -> 0 | L30: =G30/$H$45 -> 0
J31: =G31*$J$7 -> 0 | L31: =G31/$H$45 -> 0
J32: =G32*$J$7 -> 0 | L32: =G32/$H$45 -> 0
G33: Sub-Total | H33: =ROUND((SUM(G29:G32)),0) -> 1000 | J33: =SUM(J29:J32) -> 415000 | K33: =SUM(K29:K32) -> 0 | L33: =SUM(L29:L32) -> 0.05375766
A34: IV. MANO DE OBRA
A35: Trabajador | B35: CANTIDAD | C35: Jornal | D35: Prestaciones % | E35: Jornal Total | F35: Rendimiento | G35: Valor-Unit.
A36: =OBRE1 -> OBRERO AYUDANTE | B36: 1 | C36: =VLOOKUP(A36,EQUIPOS!B11:D58,3,FALSE) -> 68000 | D36: 1.5 | E36: =B36*ROUND(D36*C36,0) -> 102000 | F36: 20 | G36: =ROUND(E36/F36,0) -> 5100 | J36: =G36*$J$7 -> 2116500 | K36: =B36*$J$7 -> 415 | L36: =G36/$H$45 -> 0.27416407
A37: =OBRE2 -> OFICIAL | B37: 1 | C37: =VLOOKUP(A37,EQUIPOS!B12:D59,3,FALSE) -> 85000 | D37: 1.5 | E37: =B37*ROUND(D37*C37,0) -> 127500 | F37: =+F36 -> 20 | G37: =ROUND(E37/F37,0) -> 6375 | J37: =G37*$J$7 -> 2645625 | K37: =B37*$J$7 -> 415 | L37: =G37/$H$45 -> 0.34270509
J38: =G38*$J$7 -> 0 | K38: =B38*$J$7 -> 0 | L38: =G38/$H$45 -> 0
J39: =G39*$J$7 -> 0 | K39: =B39*$J$7 -> 0 | L39: =G39/$H$45 -> 0
J40: =G40*$J$7 -> 0 | K40: =B40*$J$7 -> 0 | L40: =G40/$H$45 -> 0
J41: =G41*$J$7 -> 0 | K41: =B41*$J$7 -> 0 | L41: =G41/$H$45 -> 0
J42: =G42*$J$7 -> 0 | K42: =B42*$J$7 -> 0 | L42: =G42/$H$45 -> 0
G43: Sub-Total | H43: =ROUND((SUM(G36:G42)),0) -> 11475 | J43: =SUM(J36:J42) -> 4762125 | K43: =SUM(K36:K42) -> 830 | L43: =SUM(L36:L42) -> 0.61686915
E45: Total Costo Directo | H45: =ROUND((H43+H33+H26+H16),0) -> 18602 | J45: =+J43+J33+J26+J16 -> 7719691.7
A46: V. COSTOS INDIRECTOS
A47: Descripción | C47: . | F47: Porcentaje | G47: Valor Total
A48: ADMINISTRACION | F48: =+'1.1'!F48 -> 0.22 | G48: =ROUND(F48*$H$45,0) -> 4092
A49: IMPREVISTOS | F49: =+'1.1'!F49 -> 0.03 | G49: =ROUND(F49*$H$45,0) -> 558
A50: UTILIDAD | F50: =+'1.1'!F50 -> 0.05 | G50: =ROUND(F50*$H$45,0) -> 930
G51: Sub-Total | H51: =SUM(G48:G50) -> 5580 | J51: =J45*(1+AIU) -> 10035599
D53: Precio unitario total aproximado al peso | H53: =ROUND((H51+H45),0) -> 24182

Sheet 2,4-10,4
C3: Formulario 1 - Propuesta económica - Licitación de obra pública de infraestructura social
C4: Código | D4: CCE-EICP-FM-116 | E4: Versión | F4: 1
C6: [La Entidad podrá utilizar este Formato para la presentación de los análisis de Precios Unitarios del Contratista en la oportunidad prevista en el numeral 8.1. del Documento Base]
D9: ALCALDIA DE NEIVA
L10: VERSIÓN
L12: PÁGINA | M12: 1 | N12: DE | O12: 1
D14: ANÁLISIS DE PRECIOS UNITARIOS
L16: FECHA | M16: DD | N16: MM | O16: AA
M17: 16 | N17: 7 | O17: 2025
C18: ÍTEMS DE LA PROPUESTA ECONÓMICA
C22: DATOS ESPECÍFICOS
C24: ÍTEM | D24: DESCRIPCIÓN | M24: UNIDAD | O24: CANTIDAD
C25: 2.4-10.4 | D25: =+PPTO!B18 -> PINTURA TIPO I SOBRE PLACA (Incluye sumistro, lijado y pintura sobre Placa o ciel raso) | N25: =+PPTO!C18 -> M2 | O25: =+PPTO!D18+PPTO!D82 -> 512
C26: I. EQUIPO
C29: DESCRIPCIÓN | H29: MARCA | J29: UND | L29: TARIFA | M29: RENDIMIENTO | O29: Vr. UNITARIO
C30: =+'2.4-10.4'!A10 -> HERRAMIENTA MENOR | J30: =+'2.4-10.4'!D10 -> GLOBAL | L30: =+'2.4-10.4'!E10 -> 1000 | M30: =+'2.4-10.4'!F10 -> 5 | O30: =L30/M30 -> 200
C31: =+'2.4-10.4'!A11 -> ANDAMIO SECCION | J31: =+'2.4-10.4'!D11 -> DIA | L31: =+'2.4-10.4'!E11 -> 40000 | M31: =+'2.4-10.4'!F11 -> 24 | O31: =L31/M31 -> 1666.6667
C33: SUBTOTAL $ | O33: =ROUND((SUM(O30:O32)),0) -> 1867
C34: II. MATERIALES
C37: DESCRIPCIÓN | K37: UNIDAD | L37: CANTIDAD | M37: PRECIO UNIT. | O37: Vr. UNITARIO
C38: =+'2.4-10.4'!A19 -> PINTURA EN VINILO TIPO 1 INTERIORES | K38: =+'2.4-10.4'!D19 -> Galon | L38: =+'2.4-10.4'!F19 -> 0.05 | M38: =+'2.4-10.4'!E19 -> 56000 | O38: =M38*L38 -> 2800
C39: =+'2.4-10.4'!A20 -> LIJA | K39: =+'2.4-10.4'!D20 -> PLIEGO | L39: =+'2.4-10.4'!F20 -> 0.4 | M39: =+'2.4-10.4'!E20 -> 1900 | O39: =M39*L39 -> 760
C40: =+'2.4-10.4'!A21 -> RODILLO FELPA 4" | K40: =+'2.4-10.4'!D21 -> UND | L40: =+'2.4-10.4'!F21 -> 0.1 | M40: =+'2.4-10.4'!E21 -> 7000 | O40: =M40*L40 -> 700
C41: SUBTOTAL $ | O41: =ROUND((SUM(O38:O40)),0) -> 4260
C42: III. TRANSPORTES
C45: MATERIAL | J45: Und | K45: DISTANCIA | L45: M3 o Ton/Km | M45: TARIFA | O45: Vr. UNITARIO
C46: =+'2.4-10.4'!A29 -> CAMION | J46: =+'2.4-10.4'!C29 -> GLOBAL | K46: =+'2.4-10.4'!D29 -> 0.01 | L46: =+'2.4-10.4'!E29 -> 0.1 | M46: =+'2.4-10.4'!F29 -> 1000000 | O46: =+M46*L46*K46 -> 1000
C48: SUBTOTAL $ | O48: =ROUND((SUM(O46:O47)),0) -> 1000
C49: IV. MANO DE OBRA
C52: TRABAJADOR | I52: Cant. | J52: JORNAL | K52: PRESTACIONES | L52: JORNAL TOTAL | M52: RENDIMIENTO | O52: Vr. UNITARIO
C53: =+'2.4-10.4'!A36 -> OBRERO AYUDANTE | I53: =+'2.4-10.4'!B36 -> 1 | J53: =+'2.1-7,2-10.1'!C36 -> 68000 | K53: =+'1.1'!D36 -> 1.5 | L53: =I53*ROUND(J53*K53,0) -> 102000 | M53: =+'2.4-10.4'!F36 -> 20 | O53: =ROUND(L53/M53,0) -> 5100
C54: =+'2.4-10.4'!A37 -> OFICIAL | I54: =+'2.4-10.4'!B37 -> 1 | J54: =+'2.1-7,2-10.1'!C37 -> 85000 | K54: =+K53 -> 1.5 | L54: =I54*ROUND(J54*K54,0) -> 127500 | M54: =+M53 -> 20 | O54: =ROUND(L54/M54,0) -> 6375
J55: =+'1.1'!C38 -> 0
J56: =+'1.1'!C39 -> 0
C57: SUBTOTAL $ | O57: =ROUND((SUM(O53:O56)),0) -> 11475
C59: TOTAL COSTO DIRECTO $ | O59: =ROUND((O57+O48+O41+O33),0) -> 18602
C60: V. COSTOS INDIRECTOS
C63: Descripción | L63: Porcentaje | M63: Valor Total
C64: ADMINISTRACION | L64: =+'1.1'!F48 -> 0.22 | M64: =ROUND(L64*$O$59,0) -> 4092
C65: IMPREVISTOS | L65: =+'1.1'!F49 -> 0.03 | M65: =ROUND(L65*$O$59,0) -> 558
C66: UTILIDAD | L66: =+'1.1'!F50 -> 0.05 | M66: =ROUND(L66*$O$59,0) -> 930
C67: SUBTOTAL $ | O67: =ROUND(SUM(M64:N66),0) -> 5580
C69: Precio Unitario Total Aproximado al peso $ | O69: =ROUND(O67+O59,0) -> 24182 | S69: =+O69-'2.4-10.4'!H53 -> 0
H71: Firma
H72: Nombre:
H73: Representante legal del Contratista o su apoderado
H74: Matricula:
C76: OBSERVACIONES INTERVENTORÍA
C80: APROBACIÓN POR INTERVENTORÍA
C81: Nota 1: Cuando se trate de análisis de Precios Unitarios correspondientes a ítems de la propuesta económica aprobada, el Interventor aprueba el desglose de los componentes manteniendo el mismo Precio Unitario de cada ítem, cumpliendo con las especificaciones de construcción vigentes para el proyecto.
C83: Nota 2: Cuando se trate de análisis de Precios Unitarios de ítems no previstos, el Interventor aprueba el desglose y Precio Unitario de cada ítem no previsto, exigiendo la aplicación de los costos correspondientes a insumos y tarifas de la propuesta económica inicial cuando estén contemplados, cumpliendo con las especificaciones de construcción vigente para el proyecto.
H86: Firma
H87: Nombre:
H88: Representante legal del Interventor o su apoderado
H89: Matricula :

Sheet 3.1
A2: ='1.2'!A2 -> ANALISIS UNITARIOS | E2: ANÁLISIS DE PRECIOS UNITARIOS
J3: DETALLADO
D5: ALCALDIA DE NEIVA
A6: Items: | E6: UNIDAD : | G6: ITEM :
A7: SUMINISTRO E INSTALACION VENTANA EN VIDRIO REFLECTIVO 4MM (Incluye todos los elementos y accesorios para su instalacion) | F7: M2 | H7: 67 | J7: =+PPTO!D20 -> 44.2
A8: I. EQUIPO | J8: Valor ejecutado | K8: Cantidad | L8: % Parit | O8: =+H45 -> 158243
A9: Descripción | D9: Unidad | E9: Tarifa | F9: Rendimiento | G9: Valor-Unit. | O9: =+O45 -> 158244
A10: =MATER3 -> HERRAMIENTA MENOR | D10: =VLOOKUP(A10,EQUIPOS!B11:D49,2,FALSE) -> GLOBAL | E10: =VLOOKUP(A10,EQUIPOS!B11:D138,3,FALSE) -> 1000 | F10: 1.03 | G10: =E10/F10 -> 970.87379 | J10: =G10*$J$7 -> 42912.621 | K10: =F10*$J$7 -> 45.526 | L10: =G10/$H$45 -> 0.0061353348 | O10: =+O57 -> 1
A11: =MATER1 -> ANDAMIO SECCION | D11: =VLOOKUP(A10,EQUIPOS!B11:D49,2,TRUE) -> DIA | E11: =+'1.3'!E11 -> 40000 | F11: 13.14 | G11: =E11/F11 -> 3044.14 | J11: =G11*$J$7 -> 134550.99 | K11: =F11*$J$7 -> 580.788 | L11: =G11/$H$45 -> 0.019237123
J12: =G12*$J$7 -> 0 | K12: =F12*$J$7 -> 0 | L12: =G12/$H$45 -> 0
J13: =G13*$J$7 -> 0 | K13: =F13*$J$7 -> 0 | L13: =G13/$H$45 -> 0
J14: =G14*$J$7 -> 0 | K14: =F14*$J$7 -> 0 | L14: =G14/$H$45 -> 0
J15: =G15*$J$7 -> 0 | K15: =F15*$J$7 -> 0 | L15: =G15/$H$45 -> 0
G16: Sub-Total | H16: =ROUND((SUM(G10:G15)),0) -> 4015 | J16: =SUM(J10:J15) -> 177463.61 | K16: =SUM(K10:K15) -> 626.314 | L16: =SUM(L10:L15) -> 0.025372458
A17: II. MATERIALES EN OBRA
A18: Descripción | D18: Unidad | E18: Precio-Unit. | F18: Cantidad | G18: Valor-Unit.
A19: =MATER31 -> VIDRIO REFLECTIVO TIPO ESPEJO 4MM | D19: =VLOOKUP(A19,EQUIPOS!$B$11:$D$995,2,FALSE) -> M2 | E19: =VLOOKUP(A19,EQUIPOS!$B$11:$D$965,3,FALSE) -> 100000 | F19: 1 | G19: =F19*E19 -> 100000 | J19: =G19*$J$7 -> 4420000 | K19: =F19*$J$7 -> 44.2 | L19: =G19/$H$45 -> 0.63193949
A20: =MATER30 -> PERFILERIA ALUMINIO | D20: =VLOOKUP(A20,EQUIPOS!$B$11:$D$99,2,FALSE) -> ML | E20: =VLOOKUP(A20,EQUIPOS!$B$11:$D$662,3,FALSE) -> 28000 | F20: 1 | G20: =F20*E20 -> 28000 | J20: =G20*$J$7 -> 1237600 | K20: =F20*$J$7 -> 44.2 | L20: =G20/$H$45 -> 0.17694306
J21: =G21*$J$7 -> 0 | K21: =F21*$J$7 -> 0 | L21: =G21/$H$45 -> 0
J22: =G22*$J$7 -> 0 | K22: =F22*$J$7 -> 0 | L22: =G22/$H$45 -> 0
J23: =G23*$J$7 -> 0 | K23: =F23*$J$7 -> 0 | L23: =G23/$H$45 -> 0
J24: =G24*$J$7 -> 0 | K24: =F24*$J$7 -> 0 | L24: =G24/$H$45 -> 0
J25: =G25*$J$7 -> 0 | K25: =F25*$J$7 -> 0 | L25: =G25/$H$45 -> 0
G26: Sub-Total | H26: =ROUND((SUM(G19:G25)),0) -> 128000 | J26: =SUM(J19:J25) -> 5657600 | K26: =SUM(K19:K25) -> 88.4 | L26: =SUM(L19:L25) -> 0.80888254
A27: III. TRANSPORTES
A28: Material | C28: Unidad | D28: Distancia | E28: M3-Km | F28: Tarifa | G28: Valor-Unit.
A29: =EQPO9 -> CAMION | C29: =VLOOKUP(A29,EQUIPOS!$B$11:$D$995,2,FALSE) -> GLOBAL | D29: 0.01 | E29: 0.1 | F29: =VLOOKUP(A29,EQUIPOS!B11:D28,3,FALSE) -> 1000000 | G29: =ROUND(F29*E29*D29,0) -> 1000 | J29: =G29*$J$7 -> 44200 | L29: =G29/$H$45 -> 0.0063193949
J30: =G30*$J$7 -> 0 | L30: =G30/$H$45 -> 0
J31: =G31*$J$7 -> 0 | L31: =G31/$H$45 -> 0
J32: =G32*$J$7 -> 0 | L32: =G32/$H$45 -> 0
G33: Sub-Total | H33: =ROUND((SUM(G29:G32)),0) -> 1000 | J33: =SUM(J29:J32) -> 44200 | K33: =SUM(K29:K32) -> 0 | L33: =SUM(L29:L32) -> 0.0063193949
A34: IV. MANO DE OBRA
A35: Trabajador | B35: CANTIDAD | C35: Jornal | D35: Prestaciones % | E35: Jornal Total | F35: Rendimiento | G35: Valor-Unit.
A36: =OBRE1 -> OBRERO AYUDANTE | B36: 2 | C36: =VLOOKUP(A36,EQUIPOS!B11:D58,3,FALSE) -> 68000 | D36: 1.5 | E36: =B36*ROUND(D36*C36,0) -> 204000 | F36: 13.14 | G36: =ROUND(E36/F36,0) -> 15525 | J36: =G36*$J$7 -> 686205 | K36: =B36*$J$7 -> 88.4 | L36: =G36/$H$45 -> 0.098108605
A37: =OBRE2 -> OFICIAL | B37: 1 | C37: =VLOOKUP(A37,EQUIPOS!B12:D59,3,FALSE) -> 85000 | D37: =+D36 -> 1.5 | E37: =B37*ROUND(D37*C37,0) -> 127500 | F37: =F36 -> 13.14 | G37: =ROUND(E37/F37,0) -> 9703 | J37: =G37*$J$7 -> 428872.6 | K37: =B37*$J$7 -> 44.2 | L37: =G37/$H$45 -> 0.061317088
J38: =G38*$J$7 -> 0 | K38: =B38*$J$7 -> 0 | L38: =G38/$H$45 -> 0
J39: =G39*$J$7 -> 0 | K39: =B39*$J$7 -> 0 | L39: =G39/$H$45 -> 0
J40: =G40*$J$7 -> 0 | K40: =B40*$J$7 -> 0 | L40: =G40/$H$45 -> 0
J41: =G41*$J$7 -> 0 | K41: =B41*$J$7 -> 0 | L41: =G41/$H$45 -> 0
J42: =G42*$J$7 -> 0 | K42: =B42*$J$7 -> 0 | L42: =G42/$H$45 -> 0
G43: Sub-Total | H43: =ROUND((SUM(G36:G42)),0) -> 25228 | J43: =SUM(J36:J42) -> 1115077.6 | K43: =SUM(K36:K42) -> 132.6 | L43: =SUM(L36:L42) -> 0.15942569
E45: Total Costo Directo | H45: =ROUND((H43+H33+H26+H16),0) -> 158243 | J45: =+J43+J33+J26+J16 -> 6994341.2 | O45: 158244
A46: V. COSTOS INDIRECTOS
A47: Descripción | C47: . | F47: Porcentaje | G47: Valor Total
A48: ADMINISTRACION | F48: =+'1.1'!F48 -> 0.22 | G48: =ROUND(F48*$H$45,0) -> 34813
A49: IMPREVISTOS | F49: =+'1.1'!F49 -> 0.03 | G49: =ROUND(F49*$H$45,0) -> 4747
A50: UTILIDAD | F50: =+'1.1'!F50 -> 0.05 | G50: =ROUND(F50*$H$45,0) -> 7912
G51: Sub-Total | H51: =SUM(G48:G50) -> 47472 | J51: =J45*(1+AIU) -> 9092643.6
D53: Precio unitario total aproximado al peso | H53: =ROUND((H51+H45),0) -> 205715
O57: =+O45-H45 -> 1

Sheet 3,1
C3: Formulario 1 - Propuesta económica - Licitación de obra pública de infraestructura social
C4: Código | D4: CCE-EICP-FM-116 | E4: Versión | F4: 1
C6: [La Entidad podrá utilizar este Formato para la presentación de los análisis de Precios Unitarios del Contratista en la oportunidad prevista en el numeral 8.1. del Documento Base]
D9: ALCALDIA DE NEIVA
L10: VERSIÓN
L12: PÁGINA | M12: 1 | N12: DE | O12: 1
D14: ANÁLISIS DE PRECIOS UNITARIOS
L16: FECHA | M16: DD | N16: MM | O16: AA
M17: 16 | N17: 7 | O17: 2025
C18: ÍTEMS DE LA PROPUESTA ECONÓMICA
C22: DATOS ESPECÍFICOS
C24: ÍTEM | D24: DESCRIPCIÓN | M24: UNIDAD | O24: CANTIDAD
C25: 3.1 | D25: =+PPTO!B20 -> SUMINISTRO E INSTALACION VENTANA EN VIDRIO REFLECTIVO 4MM (Incluye todos los elementos y accesorios para su instalacion) | N25: =+PPTO!C20 -> M2 | O25: =+PPTO!D20 -> 44.2
C26: I. EQUIPO
C29: DESCRIPCIÓN | H29: MARCA | J29: UND | L29: TARIFA | M29: RENDIMIENTO | O29: Vr. UNITARIO
C30: =+'3.1'!A10 -> HERRAMIENTA MENOR | J30: =+'3.1'!D10 -> GLOBAL | L30: =+'3.1'!E10 -> 1000 | M30: =+'3.1'!F10 -> 1.03 | O30: =L30/M30 -> 970.87379
C31: =+'3.1'!A11 -> ANDAMIO SECCION | J31: =+'3.1'!D11 -> DIA | L31: =+'3.1'!E11 -> 40000 | M31: =+'3.1'!F11 -> 13.14 | O31: =L31/M31 -> 3044.14
C33: SUBTOTAL $ | O33: =ROUND((SUM(O30:O32)),0) -> 4015
C34: II. MATERIALES
C37: DESCRIPCIÓN | K37: UNIDAD | L37: CANTIDAD | M37: PRECIO UNIT. | O37: Vr. UNITARIO
C38: =+'3.1'!A19 -> VIDRIO REFLECTIVO TIPO ESPEJO 4MM | K38: =+'3.1'!D19 -> M2 | L38: =+'3.1'!F19 -> 1 | M38: =+'3.1'!E19 -> 100000 | O38: =M38*L38 -> 100000
C39: =+'3.1'!A20 -> PERFILERIA ALUMINIO | K39: =+'3.1'!D20 -> ML | L39: =+'3.1'!F20 -> 1 | M39: =+'3.1'!E20 -> 28000 | O39: =M39*L39 -> 28000
C41: SUBTOTAL $ | O41: =ROUND((SUM(O38:O40)),0) -> 128000
C42: III. TRANSPORTES
C45: MATERIAL | J45: Und | K45: DISTANCIA | L45: M3 o Ton/Km | M45: TARIFA | O45: Vr. UNITARIO
C46: =+'3.1'!A29 -> CAMION | J46: =+'3.1'!C29 -> GLOBAL | K46: =+'3.1'!D29 -> 0.01 | L46: =+'3.1'!E29 -> 0.1 | M46: =+'2.4-10.4'!F29 -> 1000000 | O46: =+M46*L46*K46 -> 1000
C48: SUBTOTAL $ | O48: =ROUND((SUM(O46:O47)),0) -> 1000
C49: IV. MANO DE OBRA
C52: TRABAJADOR | I52: Cant. | J52: JORNAL | K52: PRESTACIONES | L52: JORNAL TOTAL | M52: RENDIMIENTO | O52: Vr. UNITARIO
C53: =+'3.1'!A36 -> OBRERO AYUDANTE | I53: =+'3.1'!B36 -> 2 | J53: =+'3.1'!C36 -> 68000 | K53: =+'1.1'!D36 -> 1.5 | L53: =I53*ROUND(J53*K53,0) -> 204000 | M53: =+'3.1'!F36 -> 13.14 | O53: =ROUND(L53/M53,0) -> 15525
C54: =+'3.1'!A37 -> OFICIAL | I54: =+'3.1'!B37 -> 1 | J54: =+'3.1'!C37 -> 85000 | K54: =+K53 -> 1.5 | L54: =I54*ROUND(J54*K54,0) -> 127500 | M54: =+M53 -> 13.14 | O54: =ROUND(L54/M54,0) -> 9703
J55: =+'1.1'!C38 -> 0
J56: =+'1.1'!C39 -> 0
C57: SUBTOTAL $ | O57: =ROUND((SUM(O53:O56)),0) -> 25228
C59: TOTAL COSTO DIRECTO $ | O59: =ROUND((O57+O48+O41+O33),0) -> 158243
C60: V. COSTOS INDIRECTOS
C63: Descripción | L63: Porcentaje | M63: Valor Total
C64: ADMINISTRACION | L64: =+'1.1'!F48 -> 0.22 | M64: =ROUND(L64*$O$59,0) -> 34813
C65: IMPREVISTOS | L65: =+'1.1'!F49 -> 0.03 | M65: =ROUND(L65*$O$59,0) -> 4747
C66: UTILIDAD | L66: =+'1.1'!F50 -> 0.05 | M66: =ROUND(L66*$O$59,0) -> 7912
C67: SUBTOTAL $ | O67: =ROUND(SUM(M64:N66),0) -> 47472
C69: Precio Unitario Total Aproximado al peso $ | O69: =ROUND(O67+O59,0) -> 205715 | S69: =+O69-'3.1'!H53 -> 0
H71: Firma
H72: Nombre:
H73: Representante legal del Contratista o su apoderado
H74: Matricula:
C76: OBSERVACIONES INTERVENTORÍA
C80: APROBACIÓN POR INTERVENTORÍA
C81: Nota 1: Cuando se trate de análisis de Precios Unitarios correspondientes a ítems de la propuesta económica aprobada, el Interventor aprueba el desglose de los componentes manteniendo el mismo Precio Unitario de cada ítem, cumpliendo con las especificaciones de construcción vigentes para el proyecto.
C83: Nota 2: Cuando se trate de análisis de Precios Unitarios de ítems no previstos, el Interventor aprueba el desglose y Precio Unitario de cada ítem no previsto, exigiendo la aplicación de los costos correspondientes a insumos y tarifas de la propuesta económica inicial cuando estén contemplados, cumpliendo con las especificaciones de construcción vigente para el proyecto.
H86: Firma
H87: Nombre:
H88: Representante legal del Interventor o su apoderado
H89: Matricula :

Sheet 3.2
A2: ='1.2'!A2 -> ANALISIS UNITARIOS | E2: ANÁLISIS DE PRECIOS UNITARIOS
J3: DETALLADO
D5: ALCALDIA DE NEIVA
A6: Items: | E6: UNIDAD : | G6: ITEM :
A7: SUMINISTRO E INSTALACION POLARIZADO EN FOTO IMPRESIÓN LAMINADO | F7: M2 | J7: =+PPTO!D20 -> 44.2
A8: I. EQUIPO | J8: Valor ejecutado | K8: Cantidad | L8: % Parit
A9: Descripción | D9: Unidad | E9: Tarifa | F9: Rendimiento | G9: Valor-Unit. | O9: =+H45 -> 102904
A10: =MATER3 -> HERRAMIENTA MENOR | D10: =VLOOKUP(A10,EQUIPOS!B11:D49,2,FALSE) -> GLOBAL | E10: =VLOOKUP(A10,EQUIPOS!B11:D138,3,FALSE) -> 1000 | F10: 0.7 | G10: =E10/F10 -> 1428.5714 | J10: =G10*$J$7 -> 63142.857 | K10: =F10*$J$7 -> 30.94 | L10: =G10/$H$45 -> 0.013882565 | O10: =+O45 -> 102900
J11: =G11*$J$7 -> 0 | K11: =F11*$J$7 -> 0 | L11: =G11/$H$45 -> 0 | O11: =+O57 -> -4
J12: =G12*$J$7 -> 0 | K12: =F12*$J$7 -> 0 | L12: =G12/$H$45 -> 0
J13: =G13*$J$7 -> 0 | K13: =F13*$J$7 -> 0 | L13: =G13/$H$45 -> 0
J14: =G14*$J$7 -> 0 | K14: =F14*$J$7 -> 0 | L14: =G14/$H$45 -> 0
J15: =G15*$J$7 -> 0 | K15: =F15*$J$7 -> 0 | L15: =G15/$H$45 -> 0
G16: Sub-Total | H16: =ROUND((SUM(G10:G15)),0) -> 1429 | J16: =SUM(J10:J15) -> 63142.857 | K16: =SUM(K10:K15) -> 30.94 | L16: =SUM(L10:L15) -> 0.013882565
A17: II. MATERIALES EN OBRA
A18: Descripción | D18: Unidad | E18: Precio-Unit. | F18: Cantidad | G18: Valor-Unit.
A19: =MATER37 -> POLARIZADO IMPRESIÓN DIGITAL | D19: =VLOOKUP(A19,EQUIPOS!$B$11:$D$995,2,FALSE) -> M2 | E19: =VLOOKUP(A19,EQUIPOS!$B$11:$D$965,3,FALSE) -> 90000 | F19: 1 | G19: =F19*E19 -> 90000 | J19: =G19*$J$7 -> 3978000 | K19: =F19*$J$7 -> 44.2 | L19: =G19/$H$45 -> 0.87460157
J20: =G20*$J$7 -> 0 | K20: =F20*$J$7 -> 0 | L20: =G20/$H$45 -> 0
J21: =G21*$J$7 -> 0 | K21: =F21*$J$7 -> 0 | L21: =G21/$H$45 -> 0
J22: =G22*$J$7 -> 0 | K22: =F22*$J$7 -> 0 | L22: =G22/$H$45 -> 0
J23: =G23*$J$7 -> 0 | K23: =F23*$J$7 -> 0 | L23: =G23/$H$45 -> 0
J24: =G24*$J$7 -> 0 | K24: =F24*$J$7 -> 0 | L24: =G24/$H$45 -> 0
J25: =G25*$J$7 -> 0 | K25: =F25*$J$7 -> 0 | L25: =G25/$H$45 -> 0
G26: Sub-Total | H26: =ROUND((SUM(G19:G25)),0) -> 90000 | J26: =SUM(J19:J25) -> 3978000 | K26: =SUM(K19:K25) -> 44.2 | L26: =SUM(L19:L25) -> 0.87460157
A27: III. TRANSPORTES
A28: Material | C28: Unidad | D28: Distancia | E28: M3-Km | F28: Tarifa | G28: Valor-Unit.
J29: =G29*$J$7 -> 0 | L29: =G29/$H$45 -> 0
J30: =G30*$J$7 -> 0 | L30: =G30/$H$45 -> 0
J31: =G31*$J$7 -> 0 | L31: =G31/$H$45 -> 0
J32: =G32*$J$7 -> 0 | L32: =G32/$H$45 -> 0
G33: Sub-Total | H33: =ROUND((SUM(G29:G32)),0) -> 0 | J33: =SUM(J29:J32) -> 0 | K33: =SUM(K29:K32) -> 0 | L33: =SUM(L29:L32) -> 0
A34: IV. MANO DE OBRA
A35: Trabajador | B35: CANTIDAD | C35: Jornal | D35: Prestaciones % | E35: Jornal Total | F35: Rendimiento | G35: Valor-Unit.
A36: =OBRE1 -> OBRERO AYUDANTE | B36: 1 | C36: =VLOOKUP(A36,EQUIPOS!B11:D58,3,FALSE) -> 68000 | D36: 1.5 | E36: =B36*ROUND(D36*C36,0) -> 102000 | F36: 20 | G36: =ROUND(E36/F36,0) -> 5100 | J36: =G36*$J$7 -> 225420 | K36: =B36*$J$7 -> 44.2 | L36: =G36/$H$45 -> 0.049560756
A37: =OBRE2 -> OFICIAL | B37: 1 | C37: =VLOOKUP(A37,EQUIPOS!B12:D59,3,FALSE) -> 85000 | D37: =+D36 -> 1.5 | E37: =B37*ROUND(D37*C37,0) -> 127500 | F37: =F36 -> 20 | G37: =ROUND(E37/F37,0) -> 6375 | J37: =G37*$J$7 -> 281775 | K37: =B37*$J$7 -> 44.2 | L37: =G37/$H$45 -> 0.061950945
J38: =G38*$J$7 -> 0 | K38: =B38*$J$7 -> 0 | L38: =G38/$H$45 -> 0
J39: =G39*$J$7 -> 0 | K39: =B39*$J$7 -> 0 | L39: =G39/$H$45 -> 0
J40: =G40*$J$7 -> 0 | K40: =B40*$J$7 -> 0 | L40: =G40/$H$45 -> 0
J41: =G41*$J$7 -> 0 | K41: =B41*$J$7 -> 0 | L41: =G41/$H$45 -> 0
J42: =G42*$J$7 -> 0 | K42: =B42*$J$7 -> 0 | L42: =G42/$H$45 -> 0
G43: Sub-Total | H43: =ROUND((SUM(G36:G42)),0) -> 11475 | J43: =SUM(J36:J42) -> 507195 | K43: =SUM(K36:K42) -> 88.4 | L43: =SUM(L36:L42) -> 0.1115117
E45: Total Costo Directo | H45: =ROUND((H43+H33+H26+H16),0) -> 102904 | J45: =+J43+J33+J26+J16 -> 4548337.9 | O45: 102900
A46: V. COSTOS INDIRECTOS
A47: Descripción | C47: . | F47: Porcentaje | G47: Valor Total
A48: ADMINISTRACION | F48: =+'1.1'!F48 -> 0.22 | G48: =ROUND(F48*$H$45,0) -> 22639
A49: IMPREVISTOS | F49: =+'1.1'!F49 -> 0.03 | G49: =ROUND(F49*$H$45,0) -> 3087
A50: UTILIDAD | F50: =+'1.1'!F50 -> 0.05 | G50: =ROUND(F50*$H$45,0) -> 5145
G51: Sub-Total | H51: =SUM(G48:G50) -> 30871 | J51: =J45*(1+AIU) -> 5912839.2
D53: Precio unitario total aproximado al peso | H53: =ROUND((H51+H45),0) -> 133775
O57: =+O45-H45 -> -4

Sheet 3,2
C3: Formulario 1 - Propuesta económica - Licitación de obra pública de infraestructura social
C4: Código | D4: CCE-EICP-FM-116 | E4: Versión | F4: 1
C6: [La Entidad podrá utilizar este Formato para la presentación de los análisis de Precios Unitarios del Contratista en la oportunidad prevista en el numeral 8.1. del Documento Base]
D9: ALCALDIA DE NEIVA
L10: VERSIÓN
L12: PÁGINA | M12: 1 | N12: DE | O12: 1
D14: ANÁLISIS DE PRECIOS UNITARIOS
L16: FECHA | M16: DD | N16: MM | O16: AA
M17: 16 | N17: 7 | O17: 2025
C18: ÍTEMS DE LA PROPUESTA ECONÓMICA
C22: DATOS ESPECÍFICOS
C24: ÍTEM | D24: DESCRIPCIÓN | M24: UNIDAD | O24: CANTIDAD
C25: 3.2 | D25: =+PPTO!B21 -> SUMINISTRO E INSTALACION POLARIZADO EN FOTO IMPRESIÓN LAMINADO | N25: =+PPTO!C21 -> M2 | O25: =+PPTO!D21 -> 15.6
C26: I. EQUIPO
C29: DESCRIPCIÓN | H29: MARCA | J29: UND | L29: TARIFA | M29: RENDIMIENTO | O29: Vr. UNITARIO
C30: =+'3.2'!A10 -> HERRAMIENTA MENOR | J30: =+'3.2'!D10 -> GLOBAL | L30: =+'3.2'!E10 -> 1000 | M30: =+'3.2'!F10 -> 0.7 | O30: =L30/M30 -> 1428.5714
C33: SUBTOTAL $ | O33: =ROUND((SUM(O30:O32)),0) -> 1429
C34: II. MATERIALES
C37: DESCRIPCIÓN | K37: UNIDAD | L37: CANTIDAD | M37: PRECIO UNIT. | O37: Vr. UNITARIO
C38: =+'3.2'!A19 -> POLARIZADO IMPRESIÓN DIGITAL | K38: =+'3.2'!D19 -> M2 | L38: =+'3.2'!F19 -> 1 | M38: =+'3.2'!G19 -> 90000 | O38: =M38*L38 -> 90000
C41: SUBTOTAL $ | O41: =ROUND((SUM(O38:O40)),0) -> 90000
C42: III. TRANSPORTES
C45: MATERIAL | J45: Und | K45: DISTANCIA | L45: M3 o Ton/Km | M45: TARIFA | O45: Vr. UNITARIO
C48: SUBTOTAL $ | O48: =ROUND((SUM(O46:O47)),0) -> 0
C49: IV. MANO DE OBRA
C52: TRABAJADOR | I52: Cant. | J52: JORNAL | K52: PRESTACIONES | L52: JORNAL TOTAL | M52: RENDIMIENTO | O52: Vr. UNITARIO
C53: =+'3.2'!A36 -> OBRERO AYUDANTE | I53: =+'3.2'!B36 -> 1 | J53: =+'3.2'!C36 -> 68000 | K53: =+'1.1'!D36 -> 1.5 | L53: =I53*ROUND(J53*K53,0) -> 102000 | M53: =+'3.2'!F36 -> 20 | O53: =ROUND(L53/M53,0) -> 5100
C54: =+'3.2'!A37 -> OFICIAL | I54: =+'3.2'!B37 -> 1 | J54: =+'3.2'!C37 -> 85000 | K54: =+K53 -> 1.5 | L54: =I54*ROUND(J54*K54,0) -> 127500 | M54: =+M53 -> 20 | O54: =ROUND(L54/M54,0) -> 6375
J55: =+'1.1'!C38 -> 0
J56: =+'1.1'!C39 -> 0
C57: SUBTOTAL $ | O57: =ROUND((SUM(O53:O56)),0) -> 11475
C59: TOTAL COSTO DIRECTO $ | O59: =ROUND((O57+O48+O41+O33),0) -> 102904
C60: V. COSTOS INDIRECTOS
C63: Descripción | L63: Porcentaje | M63: Valor Total
C64: ADMINISTRACION | L64: =+'1.1'!F48 -> 0.22 | M64: =ROUND(L64*$O$59,0) -> 22639
C65: IMPREVISTOS | L65: =+'1.1'!F49 -> 0.03 | M65: =ROUND(L65*$O$59,0) -> 3087
C66: UTILIDAD | L66: =+'1.1'!F50 -> 0.05 | M66: =ROUND(L66*$O$59,0) -> 5145
C67: SUBTOTAL $ | O67: =ROUND(SUM(M64:N66),0) -> 30871
C69: Precio Unitario Total Aproximado al peso $ | O69: =ROUND(O67+O59,0) -> 133775 | S69: =+O69-'3.2'!H53 -> 0
H71: Firma
H72: Nombre:
H73: Representante legal del Contratista o su apoderado
H74: Matricula:
C76: OBSERVACIONES INTERVENTORÍA
C80: APROBACIÓN POR INTERVENTORÍA
C81: Nota 1: Cuando se trate de análisis de Precios Unitarios correspondientes a ítems de la propuesta económica aprobada, el Interventor aprueba el desglose de los componentes manteniendo el mismo Precio Unitario de cada ítem, cumpliendo con las especificaciones de construcción vigentes para el proyecto.
C83: Nota 2: Cuando se trate de análisis de Precios Unitarios de ítems no previstos, el Interventor aprueba el desglose y Precio Unitario de cada ítem no previsto, exigiendo la aplicación de los costos correspondientes a insumos y tarifas de la propuesta económica inicial cuando estén contemplados, cumpliendo con las especificaciones de construcción vigente para el proyecto.
H86: Firma
H87: Nombre:
H88: Representante legal del Interventor o su apoderado
H89: Matricula :

Sheet 3.3
A2: ='1.2'!A2 -> ANALISIS UNITARIOS | E2: ANÁLISIS DE PRECIOS UNITARIOS
J3: DETALLADO
D5: ALCALDIA DE NEIVA
A6: Items: | E6: UNIDAD : | G6: ITEM :
A7: DIVISION EN DRY WALL (Incluye suministro e instalacion y accesorios) | F7: M2 | J7: =+PPTO!#REF! -> #REF!
A8: I. EQUIPO | J8: Valor ejecutado | K8: Cantidad | L8: % Parit
A9: Descripción | D9: Unidad | E9: Tarifa | F9: Rendimiento | G9: Valor-Unit.
A10: =MATER3 -> HERRAMIENTA MENOR | D10: =VLOOKUP(A10,EQUIPOS!B11:D49,2,FALSE) -> GLOBAL | E10: =VLOOKUP(A10,EQUIPOS!B11:D138,3,FALSE) -> 1000 | F10: 1 | G10: =E10/F10 -> 1000 | J10: =G10*$J$7 -> #REF! | K10: =F10*$J$7 -> #REF! | L10: =G10/$H$47 -> 0.017940438
A11: =MATER1 -> ANDAMIO SECCION | D11: =VLOOKUP(A10,EQUIPOS!B11:D49,2,TRUE) -> DIA | E11: =VLOOKUP(A11,EQUIPOS!B11:D138,3,FALSE) -> 40000 | F11: 10 | G11: =E11/F11 -> 4000 | J11: =G11*$J$7 -> #REF! | K11: =F11*$J$7 -> #REF! | L11: =G11/$H$47 -> 0.071761751
J12: =G12*$J$7 -> #REF! | K12: =F12*$J$7 -> #REF! | L12: =G12/$H$47 -> 0
J13: =G13*$J$7 -> #REF! | K13: =F13*$J$7 -> #REF! | L13: =G13/$H$47 -> 0
J14: =G14*$J$7 -> #REF! | K14: =F14*$J$7 -> #REF! | L14: =G14/$H$47 -> 0
J15: =G15*$J$7 -> #REF! | K15: =F15*$J$7 -> #REF! | L15: =G15/$H$47 -> 0
G16: Sub-Total | H16: =ROUND((SUM(G10:G15)),0) -> 5000 | J16: =SUM(J10:J15) -> #REF! | K16: =SUM(K10:K15) -> #REF! | L16: =SUM(L10:L15) -> 0.089702189
A17: II. MATERIALES EN OBRA
A18: Descripción | D18: Unidad | E18: Precio-Unit. | F18: Cantidad | G18: Valor-Unit.
A19: LAMINA DRYWALL 6mm | D19: M2 | E19: 16000 | F19: 1 | G19: =F19*E19 -> 16000 | J19: =G19*$J$7 -> #REF! | K19: =F19*$J$7 -> #REF! | L19: =G19/$H$47 -> 0.287047
A20: OMEGAS | D20: ML | E20: 1800 | F20: 0.3 | G20: =F20*E20 -> 540 | J20: =G20*$J$7 -> #REF! | K20: =F20*$J$7 -> #REF! | L20: =G20/$H$47 -> 0.0096878364
A21: VIGETA | D21: ML | E21: 1800 | F21: 0.25 | G21: =F21*E21 -> 450 | J21: =G21*$J$7 -> #REF! | K21: =F21*$J$7 -> #REF! | L21: =G21/$H$47 -> 0.008073197
A22: TORNILLERIA LAMINA 6*1" pa | D22: UND | E22: 100 | F22: 4 | G22: =F22*E22 -> 400 | J22: =G22*$J$7 -> #REF! | K22: =F22*$J$7 -> #REF! | L22: =G22/$H$47 -> 0.0071761751
A23: TORNILLERIA ESTRUCTURA P.A 7*7/16 | D23: UND | E23: 100 | F23: 4 | G23: =F23*E23 -> 400 | J23: =G23*$J$7 -> #REF! | K23: =F23*$J$7 -> #REF! | L23: =G23/$H$47 -> 0.0071761751
A24: CINTA PAPEL DE 40M | D24: ROLLO | E24: 8000 | F24: 0.08 | G24: =F24*E24 -> 640 | J24: =G24*$J$7 -> #REF! | K24: =F24*$J$7 -> #REF! | L24: =G24/$H$47 -> 0.01148188
A25: =+'2.1-7,2-10.1'!A19 -> PINTURA EN VINILO TIPO 1 INTERIORES | D25: =+'2.1-7,2-10.1'!D19 -> Galon | E25: =+'2.1-7,2-10.1'!E19 -> 56000 | F25: 0.1 | G25: =F25*E25 -> 5600 | J25: =G25*$J$7 -> #REF! | K25: =F25*$J$7 -> #REF! | L25: =G25/$H$47 -> 0.10046645
A26: =+'2.2-7,3-10.2'!A19 -> ESTUCO PLASTICO | D26: =+'2.2-7,3-10.2'!D19 -> GALON | E26: =+'2.2-7,3-10.2'!E19 -> 10100 | F26: 0.1 | G26: =F26*E26 -> 1010 | J26: =G26*$J$7 -> #REF! | K26: =F26*$J$7 -> #REF! | L26: =G26/$H$47 -> 0.018119842
